Workbook

Sheet Instructions
B1: In each workbook:
B2: Please fill in only the cells highlighted with yellow.
B3: Please DO NOT touch the cells highlighted in purple as they contain formulas.
B4: Please don't touch the green cells as they are for information/checking accuracy of our calculation
B5: Pleae fill in the blue colored cells via simulation (using the solver tool in Excel - instructins are provided on how to do the optimization)
B6: Cells with this color contain data that needs to be verified by the user
B8: Data sources and contact persons
B9: Data (please add more rows to include other data collected) | C9: Name of responsible person for collecting | D9: Email address of the person who provided the data | E9: Links to source of data
B10: Prices-and-exchange-rates
B11: Area&production data
B12: Yield-data
B13: Area-by-degradation-level
B14: Yield-by-degradation-level
B15: Soil-errosion-by-degradn-level
B16: Ground water
B17: Surface water
B18: Diesel for farm operations
B19: Electricity for greenhouses

Sheet Crop-area&production
DU1: Average forest biomass in Tunisia (ton/ha) = | DV1: 58.74 | DW1: Source: | DX1: https://ourworldindata.org/grapher/above-ground-biomass-in-forest-per-hectare
B2: Area and production figures are for 2021 | DU2: Annual allowable cuts | DV2: 0.1
B3: No. | C3: Province | D3: Population | G3: Total area (ha) Note that these figures should be only for one season (no double counting for lands which are cultivated multiple times in a year) | BT3: Total production (tons) Note that these figures should be only for one season (no double counting for lands which are cultivated multiple times in a year) | EA3: Percentage of irrigated areas (%)
G4: Agricultural lands for food and forage production | BD4: Rangelands | BI4: Forest Areas | BJ4: Desert | BK4: Settlment (cities) | BL4: Abandoned agricultural land | BM4: Water bodies | BN4: Other lands (settlement, etc.) | BO4: Total crop land | BP4: Total rangeland | BQ4: Forest Areas | BS4: Total land | BT4: Agricultural lands for food and forage production | DQ4: Rangelands | DV4: Forest Areas | DW4: Total agricultural land | DX4: Total rangeland | DY4: Forest Areas | DZ4: Total land | EA4: Agricultural lands for food and forage production | FF4: Rangelands | FK4: Forest Areas | FL4: Total agricultural land | FM4: Total rangeland | FN4: Forest Areas | FO4: Total land
G5: Food Crops | AX5: Cultivated forage crops | BD5: Pastoralist areas (Arid and hyper arid rangeland) | BE5: Prairies (landscapes dominated by herbaceous plants, especially grasses; trees are either absent or only widely scattered on the landscapes) | BG5: Sylvo-pastoralist areas | BT5: Food Crops | DK5: Cultivated forage crops | DQ5: Pastoralist areas (Arid and hyper arid rangeland) | DR5: Prairies (landscapes dominated by herbaceous plants, especially grasses; trees are either absent or only widely scattered on the landscapes) | DT5: Sylvo-pastoralist areas | EA5: Food Crops | EZ5: Cultivated forage crops | FF5: Pastoralist areas (Arid and hyper arid rangeland) | FG5: Prairies (landscapes dominated by herbaceous plants, especially grasses; trees are either absent or only widely scattered on the landscapes) | FI5: Sylvo-pastoralist areas
G6: Annaul Food Crops | K6: Legumes | P6: Vegetables | AI6: Perennial food crops | AX6: Cultivated annual forage crops | BC6: Cultivated perennial forage crops | BD6: Pastures | BE6: Pastures | BT6: Cereals | BX6: Legumes | CC6: Vegetables | CV6: Perennial food crops | DK6: Cultivated annual forage crops | DP6: Cultivated perennial forage crops | EA6: Cereals | EE6: Legumes | EJ6: Vegetables | EO6: Perennial Food Crops | EZ6: Cultivated annual forage crops | FE6: Cultivated perennial forage crops | FF6: Pastures | FG6: Pastures | FI6: Pastures
D7: Urban (%) | E7: Rural (%) | F7: Total | G7: Durum Wheat | H7: Soft Wheat | I7: Barley | J7: Triticale | K7: faba bean (large seed) | L7: faba bean (small seed) | M7: pea | N7: chickpea | O7: Other legumes | P7: seasonal tomato | Q7: early season tomato | R7: late season tomato | S7: seasonal potato | T7: late season potato | U7: early season potato | V7: seasonal pepper | W7: late season pepper | X7: onion | Y7: squash | Z7: cuccumber | AA7: carrots | AB7: Cabbage and other leafy vegetables | AC7: artichoke | AD7: garlic | AE7: brocoli | AF7: turnip | AG7: fennel | AH7: other on field | AI7: water melon | AJ7: melon | AK7: Dates | AL7: Olive | AM7: Grenade (pomegranate) | AN7: Grape | AO7: Fig | AP7: Pear | AQ7: Apple | AR7: Oranges | AS7: Almonds | AT7: Peach | AU7: Plum | AV7: strawberry | AW7: Apricot | AX7: Barley | AY7: Triticale | AZ7: oats | BA7: forage corn | BB7: fodder sorghum | BC7: Alfalfa | BD7: Permanent pastures and hay meadows | BE7: Permanent pastures and hay meadows | BF7: Shrubs | BG7: Shrubs | BH7: Permanent pastures and hay meadows | BR7: All other types of lands | BT7: Durum Wheat | BU7: Soft Wheat | BV7: Barley | BW7: Triticale | BX7: faba bean (large seed) | BY7: faba bean (small seed) | BZ7: pea | CA7: chickpea | CB7: Other legumes | CC7: seasonal tomato | CD7: early season tomato | CE7: late season tomato | CF7: seasonal potato | CG7: late season potato | CH7: early season potato | CI7: seasonal pepper | CJ7: late season pepper | CK7: onion | CL7: squash | CM7: cuccumber | CN7: carrots | CO7: leaves vegetables | CP7: artichoke | CQ7: garlic | CR7: brocoli | CS7: turnip | CT7: fennel | CU7: other on field | CV7: water melon | CW7: melon | CX7: Dates | CY7: Olives | CZ7: Grenade | DA7: Grape | DB7: Fig | DC7: Pear | DD7: Apple | DE7: Oranges | DF7: Almonds | DG7: Peach | DH7: Plum | DI7: strawberry | DJ7: Apricot | DK7: Barley | DL7: Triticale | DM7: oats | DN7: forage corn | DO7: fodder sorghum | DP7: Alfalfa | DQ7: Permanent pastures and hay meadows (ton) | DR7: Permanent pastures and hay meadows (ton) | DS7: Shrubs (ton) | DT7: Shrubs | DU7: Permanent pastures and hay meadows (ton) | DV7: Forest (ton) | EA7: Durum Wheat | EB7: Soft Wheat | EC7: Barley | ED7: Triticale | EO7: Dates | EP7: Grenade | EQ7: Grape | ER7: Fig | ES7: Pear | ET7: Apple | EU7: Oranges | EV7: Almonds | EW7: Peach | EX7: Plum | EY7: Apricot | EZ7: Barley | FA7: Triticale | FB7: oats | FC7: forage corn | FD7: fodder sorghum | FE7: Alfalfa | FF7: Permanent pastures and hay meadows | FG7: Permanent pastures and hay meadows | FH7: Shrubs | FI7: Shrubs | FJ7: Permanent pastures and hay meadows | FK7: Forest
B8: 1 | C8: Tunis | BO8: =SUM(G8:BC8) -> 0 | BP8: =SUM(BD8:BH8) -> 0 | BQ8: =BI8 -> 0 | BR8: =SUM(BJ8:BN8) -> 0 | BS8: =BO8+BP8+BQ8+BR8 -> 0 | DW8: =SUM(BT8:DP8) -> 0 | DX8: =SUM(DQ8:DU8) -> 0 | DY8: =DV8 -> 0 | DZ8: =DW8+DX8+DY8 -> 0 | FL8: =SUMPRODUCT(EA8:FE8,G8:BC8)/BO8 -> #VALUE! | FM8: =SUMPRODUCT(FF8:FJ8,BD8:BH8)/BP8 -> #DIV/0! | FN8: =FK8*BQ8 -> 0 | FO8: =SUMPRODUCT(FL8:FN8,BO8:BQ8)/BS8 -> #VALUE!
B9: 2 | C9: Ariana | BO9: =SUM(G9:BC9) -> 0 | BP9: =SUM(BD9:BH9) -> 0 | BQ9: =BI9 -> 0 | BR9: =SUM(BJ9:BN9) -> 0 | BS9: =BO9+BP9+BQ9+BR9 -> 0 | DW9: =SUM(BT9:DP9) -> 0 | DX9: =SUM(DQ9:DU9) -> 0 | DY9: =DV9 -> 0 | DZ9: =DW9+DX9+DY9 -> 0 | FL9: =SUMPRODUCT(EA9:FE9,G9:BC9)/BO9 -> #VALUE! | FM9: =SUMPRODUCT(FF9:FJ9,BD9:BH9)/BP9 -> #DIV/0! | FN9: =FK9*BQ9 -> 0 | FO9: =SUMPRODUCT(FL9:FN9,BO9:BQ9)/BS9 -> #VALUE!
B10: 3 | C10: La Manouba | BO10: =SUM(G10:BC10) -> 0 | BP10: =SUM(BD10:BH10) -> 0 | BQ10: =BI10 -> 0 | BR10: =SUM(BJ10:BN10) -> 0 | BS10: =BO10+BP10+BQ10+BR10 -> 0 | DW10: =SUM(BT10:DP10) -> 0 | DX10: =SUM(DQ10:DU10) -> 0 | DY10: =DV10 -> 0 | DZ10: =DW10+DX10+DY10 -> 0 | FL10: =SUMPRODUCT(EA10:FE10,G10:BC10)/BO10 -> #VALUE! | FM10: =SUMPRODUCT(FF10:FJ10,BD10:BH10)/BP10 -> #DIV/0! | FN10: =FK10*BQ10 -> 0 | FO10: =SUMPRODUCT(FL10:FN10,BO10:BQ10)/BS10 -> #VALUE!
B11: 4 | C11: Ben Arous | BO11: =SUM(G11:BC11) -> 0 | BP11: =SUM(BD11:BH11) -> 0 | BQ11: =BI11 -> 0 | BR11: =SUM(BJ11:BN11) -> 0 | BS11: =BO11+BP11+BQ11+BR11 -> 0 | DW11: =SUM(BT11:DP11) -> 0 | DX11: =SUM(DQ11:DU11) -> 0 | DY11: =DV11 -> 0 | DZ11: =DW11+DX11+DY11 -> 0 | FL11: =SUMPRODUCT(EA11:FE11,G11:BC11)/BO11 -> #VALUE! | FM11: =SUMPRODUCT(FF11:FJ11,BD11:BH11)/BP11 -> #DIV/0! | FN11: =FK11*BQ11 -> 0 | FO11: =SUMPRODUCT(FL11:FN11,BO11:BQ11)/BS11 -> #VALUE!
B12: 5 | C12: Nabeul | BO12: =SUM(G12:BC12) -> 0 | BP12: =SUM(BD12:BH12) -> 0 | BQ12: =BI12 -> 0 | BR12: =SUM(BJ12:BN12) -> 0 | BS12: =BO12+BP12+BQ12+BR12 -> 0 | DW12: =SUM(BT12:DP12) -> 0 | DX12: =SUM(DQ12:DU12) -> 0 | DY12: =DV12 -> 0 | DZ12: =DW12+DX12+DY12 -> 0 | FL12: =SUMPRODUCT(EA12:FE12,G12:BC12)/BO12 -> #VALUE! | FM12: =SUMPRODUCT(FF12:FJ12,BD12:BH12)/BP12 -> #DIV/0! | FN12: =FK12*BQ12 -> 0 | FO12: =SUMPRODUCT(FL12:FN12,BO12:BQ12)/BS12 -> #VALUE!
B13: 6 | C13: Bizerte | BO13: =SUM(G13:BC13) -> 0 | BP13: =SUM(BD13:BH13) -> 0 | BQ13: =BI13 -> 0 | BR13: =SUM(BJ13:BN13) -> 0 | BS13: =BO13+BP13+BQ13+BR13 -> 0 | DW13: =SUM(BT13:DP13) -> 0 | DX13: =SUM(DQ13:DU13) -> 0 | DY13: =DV13 -> 0 | DZ13: =DW13+DX13+DY13 -> 0 | FL13: =SUMPRODUCT(EA13:FE13,G13:BC13)/BO13 -> #VALUE! | FM13: =SUMPRODUCT(FF13:FJ13,BD13:BH13)/BP13 -> #DIV/0! | FN13: =FK13*BQ13 -> 0 | FO13: =SUMPRODUCT(FL13:FN13,BO13:BQ13)/BS13 -> #VALUE!
B14: 7 | C14: Zaghouan | BO14: =SUM(G14:BC14) -> 0 | BP14: =SUM(BD14:BH14) -> 0 | BQ14: =BI14 -> 0 | BR14: =SUM(BJ14:BN14) -> 0 | BS14: =BO14+BP14+BQ14+BR14 -> 0 | DW14: =SUM(BT14:DP14) -> 0 | DX14: =SUM(DQ14:DU14) -> 0 | DY14: =DV14 -> 0 | DZ14: =DW14+DX14+DY14 -> 0 | FL14: =SUMPRODUCT(EA14:FE14,G14:BC14)/BO14 -> #VALUE! | FM14: =SUMPRODUCT(FF14:FJ14,BD14:BH14)/BP14 -> #DIV/0! | FN14: =FK14*BQ14 -> 0 | FO14: =SUMPRODUCT(FL14:FN14,BO14:BQ14)/BS14 -> #VALUE!
B15: 8 | C15: Béja | BO15: =SUM(G15:BC15) -> 0 | BP15: =SUM(BD15:BH15) -> 0 | BQ15: =BI15 -> 0 | BR15: =SUM(BJ15:BN15) -> 0 | BS15: =BO15+BP15+BQ15+BR15 -> 0 | DW15: =SUM(BT15:DP15) -> 0 | DX15: =SUM(DQ15:DU15) -> 0 | DY15: =DV15 -> 0 | DZ15: =DW15+DX15+DY15 -> 0 | FL15: =SUMPRODUCT(EA15:FE15,G15:BC15)/BO15 -> #VALUE! | FM15: =SUMPRODUCT(FF15:FJ15,BD15:BH15)/BP15 -> #DIV/0! | FN15: =FK15*BQ15 -> 0 | FO15: =SUMPRODUCT(FL15:FN15,BO15:BQ15)/BS15 -> #VALUE!
B16: 9 | C16: Jendouba | BO16: =SUM(G16:BC16) -> 0 | BP16: =SUM(BD16:BH16) -> 0 | BQ16: =BI16 -> 0 | BR16: =SUM(BJ16:BN16) -> 0 | BS16: =BO16+BP16+BQ16+BR16 -> 0 | DW16: =SUM(BT16:DP16) -> 0 | DX16: =SUM(DQ16:DU16) -> 0 | DY16: =DV16 -> 0 | DZ16: =DW16+DX16+DY16 -> 0 | FL16: =SUMPRODUCT(EA16:FE16,G16:BC16)/BO16 -> #VALUE! | FM16: =SUMPRODUCT(FF16:FJ16,BD16:BH16)/BP16 -> #DIV/0! | FN16: =FK16*BQ16 -> 0 | FO16: =SUMPRODUCT(FL16:FN16,BO16:BQ16)/BS16 -> #VALUE!
B17: 10 | C17: Le Kef | BO17: =SUM(G17:BC17) -> 0 | BP17: =SUM(BD17:BH17) -> 0 | BQ17: =BI17 -> 0 | BR17: =SUM(BJ17:BN17) -> 0 | BS17: =BO17+BP17+BQ17+BR17 -> 0 | DW17: =SUM(BT17:DP17) -> 0 | DX17: =SUM(DQ17:DU17) -> 0 | DY17: =DV17 -> 0 | DZ17: =DW17+DX17+DY17 -> 0 | FL17: =SUMPRODUCT(EA17:FE17,G17:BC17)/BO17 -> #VALUE! | FM17: =SUMPRODUCT(FF17:FJ17,BD17:BH17)/BP17 -> #DIV/0! | FN17: =FK17*BQ17 -> 0 | FO17: =SUMPRODUCT(FL17:FN17,BO17:BQ17)/BS17 -> #VALUE!
B18: 11 | C18: Siliana | BO18: =SUM(G18:BC18) -> 0 | BP18: =SUM(BD18:BH18) -> 0 | BQ18: =BI18 -> 0 | BR18: =SUM(BJ18:BN18) -> 0 | BS18: =BO18+BP18+BQ18+BR18 -> 0 | DW18: =SUM(BT18:DP18) -> 0 | DX18: =SUM(DQ18:DU18) -> 0 | DY18: =DV18 -> 0 | DZ18: =DW18+DX18+DY18 -> 0 | FL18: =SUMPRODUCT(EA18:FE18,G18:BC18)/BO18 -> #VALUE! | FM18: =SUMPRODUCT(FF18:FJ18,BD18:BH18)/BP18 -> #DIV/0! | FN18: =FK18*BQ18 -> 0 | FO18: =SUMPRODUCT(FL18:FN18,BO18:BQ18)/BS18 -> #VALUE!
B19: 12 | C19: Sousse | BO19: =SUM(G19:BC19) -> 0 | BP19: =SUM(BD19:BH19) -> 0 | BQ19: =BI19 -> 0 | BR19: =SUM(BJ19:BN19) -> 0 | BS19: =BO19+BP19+BQ19+BR19 -> 0 | DW19: =SUM(BT19:DP19) -> 0 | DX19: =SUM(DQ19:DU19) -> 0 | DY19: =DV19 -> 0 | DZ19: =DW19+DX19+DY19 -> 0 | FL19: =SUMPRODUCT(EA19:FE19,G19:BC19)/BO19 -> #VALUE! | FM19: =SUMPRODUCT(FF19:FJ19,BD19:BH19)/BP19 -> #DIV/0! | FN19: =FK19*BQ19 -> 0 | FO19: =SUMPRODUCT(FL19:FN19,BO19:BQ19)/BS19 -> #VALUE!
... B29: 22 | C29: Tataouine | BO29: =SUM(G29:BC29) -> 0 | BP29: =SUM(BD29:BH29) -> 0 | BQ29: =BI29 -> 0 | BR29: =SUM(BJ29:BN29) -> 0 | BS29: =BO29+BP29+BQ29+BR29 -> 0 | DW29: =SUM(BT29:DP29) -> 0 | DX29: =SUM(DQ29:DU29) -> 0 | DY29: =DV29 -> 0 | DZ29: =DW29+DX29+DY29 -> 0 | FL29: =SUMPRODUCT(EA29:FE29,G29:BC29)/BO29 -> #VALUE! | FM29: =SUMPRODUCT(FF29:FJ29,BD29:BH29)/BP29 -> #DIV/0! | FN29: =FK29*BQ29 -> 0 | FO29: =SUMPRODUCT(FL29:FN29,BO29:BQ29)/BS29 -> #VALUE!
B30: 23 | C30: Tozeur | BO30: =SUM(G30:BC30) -> 0 | BP30: =SUM(BD30:BH30) -> 0 | BQ30: =BI30 -> 0 | BR30: =SUM(BJ30:BN30) -> 0 | BS30: =BO30+BP30+BQ30+BR30 -> 0 | DW30: =SUM(BT30:DP30) -> 0 | DX30: =SUM(DQ30:DU30) -> 0 | DY30: =DV30 -> 0 | DZ30: =DW30+DX30+DY30 -> 0 | FL30: 0 | FM30: 0 | FN30: =FK30*BQ30 -> 0 | FO30: =SUMPRODUCT(FL30:FN30,BO30:BQ30)/BS30 -> #DIV/0!
B31: 24 | C31: Kébili | BO31: =SUM(G31:BC31) -> 0 | BP31: =SUM(BD31:BH31) -> 0 | BQ31: =BI31 -> 0 | BR31: =SUM(BJ31:BN31) -> 0 | BS31: =BO31+BP31+BQ31+BR31 -> 0 | DW31: =SUM(BT31:DP31) -> 0 | DX31: =SUM(DQ31:DU31) -> 0 | DY31: =DV31 -> 0 | DZ31: =DW31+DX31+DY31 -> 0 | FL31: =SUMPRODUCT(EA31:FE31,G31:BC31)/BO31 -> #VALUE! | FM31: =SUMPRODUCT(FF31:FJ31,BD31:BH31)/BP31 -> #DIV/0! | FN31: =FK31*BQ31 -> 0 | FO31: =SUMPRODUCT(FL31:FN31,BO31:BQ31)/BS31 -> #VALUE!
C32: Total Tunisia | D32: =SUMPRODUCT(D8:D31,$F$8:$F$31) -> 0 | E32: =SUMPRODUCT(E8:E31,$F$8:$F$31) -> 0 | F32: =SUM(F8:F31) -> 0 | G32: =SUM(G8:G31) -> 0 | H32: =SUM(H8:H31) -> 0 | I32: =SUM(I8:I31) -> 0 | J32: =SUM(J8:J31) -> 0 | K32: =SUM(K8:K31) -> 0 | L32: =SUM(L8:L31) -> 0 | M32: =SUM(M8:M31) -> 0 | ... DZ32: =SUM(DZ8:DZ31) -> 0 | EA32: =SUMPRODUCT(EA8:EA31,G8:G31)/G32 -> #DIV/0! | EB32: =SUMPRODUCT(EB8:EB31,H8:H31)/H32 -> #DIV/0! | EC32: =SUMPRODUCT(EC8:EC31,I8:I31)/I32 -> #DIV/0! | ED32: =SUMPRODUCT(ED8:ED31,J8:J31)/J32 -> #DIV/0! | EO32: =SUMPRODUCT(EO8:EO31,AJ8:AJ31)/AJ32 -> #DIV/0! | EP32: =SUMPRODUCT(EP8:EP31,#REF!)/#REF! -> #REF! | EQ32: =SUMPRODUCT(EQ8:EQ31,#REF!)/#REF! -> #REF! | ER32: =SUMPRODUCT(ER8:ER31,#REF!)/#REF! -> #REF! | ES32: =SUMPRODUCT(ES8:ES31,#REF!)/#REF! -> #REF! | ET32: =SUMPRODUCT(ET8:ET31,AQ8:AQ31)/AQ32 -> #DIV/0! | EU32: =SUMPRODUCT(EU8:EU31,AR8:AR31)/AR32 -> #DIV/0! | EV32: =SUMPRODUCT(EV8:EV31,AS8:AS31)/AS32 -> #DIV/0! | EW32: =SUMPRODUCT(EW8:EW31,AT8:AT31)/AT32 -> #DIV/0! | EX32: =SUMPRODUCT(EX8:EX31,AU8:AU31)/AU32 -> #DIV/0! | EY32: =SUMPRODUCT(EY8:EY31,AW8:AW31)/AW32 -> #DIV/0! | EZ32: =SUMPRODUCT(EZ8:EZ31,AX8:AX31)/AX32 -> #DIV/0! | FA32: =SUMPRODUCT(FA8:FA31,AY8:AY31)/AY32 -> #DIV/0! | FB32: =SUMPRODUCT(FB8:FB31,AZ8:AZ31)/AZ32 -> #DIV/0! | FC32: =SUMPRODUCT(FC8:FC31,BA8:BA31)/BA32 -> #DIV/0! | FD32: =SUMPRODUCT(FD8:FD31,BB8:BB31)/BB32 -> #DIV/0! | FE32: =SUMPRODUCT(FE8:FE31,BC8:BC31)/BC32 -> #DIV/0! | FF32: =SUMPRODUCT(FF8:FF31,BD8:BD31)/BD32 -> #DIV/0! | ... FK32: =SUMPRODUCT(FK8:FK31,BI8:BI31)/BI32 -> #DIV/0! | FL32: =SUMPRODUCT(FL8:FL31,BO8:BO31)/BO32 -> #VALUE! | FM32: =SUMPRODUCT(FM8:FM31,BP8:BP31)/BP32 -> #DIV/0! | FN32: =SUMPRODUCT(FN8:FN31,BQ8:BQ31)/BQ32 -> #DIV/0! | FO32: =SUMPRODUCT(FO8:FO31,BS8:BS31)/BS32 -> #VALUE!
C33: % of total area | D33: =D32/$F$32 -> #DIV/0! | E33: =E32/$F$32 -> #DIV/0! | F33: =F32/$F$32 -> #DIV/0! | G33: =G32/$BS$32 -> #DIV/0! | H33: =H32/$BS$32 -> #DIV/0! | I33: =I32/$BS$32 -> #DIV/0! | J33: =J32/$BS$32 -> #DIV/0! | AI33: =AI32/$BS$32 -> #DIV/0! | AJ33: =AJ32/$BS$32 -> #DIV/0! | AK33: =AK32/$BS$32 -> #DIV/0! | AL33: =AL32/$BS$32 -> #DIV/0! | AM33: =AM32/$BS$32 -> #DIV/0! | AN33: =AN32/$BS$32 -> #DIV/0! | AO33: =AO32/$BS$32 -> #DIV/0! | AP33: =AP32/$BS$32 -> #DIV/0! | ... AU33: =AU32/$BS$32 -> #DIV/0! | AW33: =AW32/$BS$32 -> #DIV/0! | AX33: =AX32/$BS$32 -> #DIV/0! | AY33: =AY32/$BS$32 -> #DIV/0! | AZ33: =AZ32/$BS$32 -> #DIV/0! | BA33: =BA32/$BS$32 -> #DIV/0! | BB33: =BB32/$BS$32 -> #DIV/0! | BC33: =BC32/$BS$32 -> #DIV/0! | BD33: =BD32/$BS$32 -> #DIV/0! | ... BS33: =BS32/$BS$32 -> #DIV/0! | BT33: =BT32/$DZ$32 -> #DIV/0! | BU33: =BU32/$DZ$32 -> #DIV/0! | BV33: =BV32/$DZ$32 -> #DIV/0! | BW33: =BW32/$DZ$32 -> #DIV/0! | CV33: =SUM(CV32:CW32) -> 0 | CX33: =CX32/$DZ$32 -> #DIV/0! | CZ33: =CZ32/$DZ$32 -> #DIV/0! | DA33: =DA32/$DZ$32 -> #DIV/0! | DB33: =DB32/$DZ$32 -> #DIV/0! | DC33: =DC32/$DZ$32 -> #DIV/0! | DD33: =DD32/$DZ$32 -> #DIV/0! | DE33: =DE32/$DZ$32 -> #DIV/0! | DF33: =DF32/$DZ$32 -> #DIV/0! | DG33: =DG32/$DZ$32 -> #DIV/0! | DH33: =DH32/$DZ$32 -> #DIV/0! | DJ33: =DJ32/$DZ$32 -> #DIV/0! | DK33: =DK32/$DZ$32 -> #DIV/0! | DL33: =DL32/$DZ$32 -> #DIV/0! | DM33: =DM32/$DZ$32 -> #DIV/0! | DN33: =DN32/$DZ$32 -> #DIV/0! | DO33: =DO32/$DZ$32 -> #DIV/0! | DP33: =DP32/$DZ$32 -> #DIV/0! | DQ33: =DQ32/$DZ$32 -> #DIV/0! | ... DZ33: =DZ32/$DZ$32 -> #DIV/0! | EA33: =(EA32*G32)/($BS32) -> #DIV/0! | EB33: =(EB32*H32)/($BS32) -> #DIV/0! | EC33: =(EC32*I32)/($BS32) -> #DIV/0! | ED33: =(ED32*J32)/($BS32) -> #DIV/0! | EO33: =(EO32*AJ32)/($BS32) -> #DIV/0! | EP33: =(EP32*#REF!)/($BS32) -> #REF! | EQ33: =(EQ32*#REF!)/($BS32) -> #REF! | ER33: =(ER32*#REF!)/($BS32) -> #REF! | ES33: =(ES32*#REF!)/($BS32) -> #REF! | ET33: =(ET32*AQ32)/($BS32) -> #DIV/0! | EU33: =(EU32*AR32)/($BS32) -> #DIV/0! | EV33: =(EV32*AS32)/($BS32) -> #DIV/0! | EW33: =(EW32*AT32)/($BS32) -> #DIV/0! | EX33: =(EX32*AU32)/($BS32) -> #DIV/0! | EY33: =(EY32*AW32)/($BS32) -> #DIV/0! | EZ33: =(EZ32*AX32)/($BS32) -> #DIV/0! | FA33: =(FA32*AY32)/($BS32) -> #DIV/0! | FB33: =(FB32*AZ32)/($BS32) -> #DIV/0! | FC33: =(FC32*BA32)/($BS32) -> #DIV/0! | FD33: =(FD32*BB32)/($BS32) -> #DIV/0! | FE33: =(FE32*BC32)/($BS32) -> #DIV/0! | FF33: =(FF32*BD32)/($BS32) -> #DIV/0! | ... FK33: =(FK32*BI32)/($BS32) -> #DIV/0! | FL33: =(FL32*BO32)/($BS32) -> #VALUE! | FM33: =(FM32*BP32)/($BS32) -> #DIV/0! | FN33: =(FN32*BQ32)/($BS32) -> #DIV/0! | FO33: =(FO32*BS32)/($BS32) -> #VALUE!
G34: =G32+H32 -> 0 | I34: =I32+AX32 -> 0 | P34: =SUM(P32:R32) -> 0 | S34: =SUM(S32:U32) -> 0 | V34: =SUM(V32:W32) -> 0 | BT34: =BT32+BU32 -> 0 | CC34: =SUM(CC32:CE32) -> 0 | CF34: =SUM(CF32:CH32) -> 0 | CI34: =SUM(CI32:CJ32) -> 0 | DZ34: =SUM(DW32:DY32)=DZ32 -> TRUE
BP35: Total area of Tunisia from official statistics = | BS35: 16361000 | DT35: Total forest and shrub harvest (tons) | DV35: =DV32+DS32+DT32 -> 0
P36: Vegetable production | BP36: Discripancy = | BS36: =BS32-BS35 -> -16361000 | DT36: Total forest and shrub stock (tons) | DV36: =DV1*BI32 -> 0
P37: Early season | Q37: =Q32+U32 -> 0 | DT37: Annual cut rate net of afforestation (%) = | DV37: =DV35/DV36 -> #DIV/0!
P38: In season | Q38: =P32+S32+V32+SUM(X32:AH32) -> 0
P39: Late season | Q39: =R32+T32+W32 -> 0
P40: Total | Q40: =SUM(Q37:Q39) -> 0 | R40: =Q40=SUM(P32:AH32) -> TRUE
P42: Double counted area= | R42: =Q37+Q39 -> 0

Sheet Prices,exch.rates,harvest index
A1: Category | B1: Crop | C1: Tunisian Dinar (TD) per kg | E1: Tunisian Dinar (TD) per ton | G1: US$ per ton | L1: exchange rate | M1: 2021 | N1: 2010 | P1: Sources
C2: 2021 | D2: 2010 | E2: 2021 | F2: 2010 | G2: 2021 | H2: =F2 -> 2010 | I2: Area | J2: Production | K2: Check | L2: 1 US$= | M2: 2.876 | N2: 1.43 | O2: TD
A3: Food Crops | B3: wheat | G3: =E3/$M$2 -> 0 | H3: =F3/$N$2 -> 0 | I3: ='Crop-area&production'!G34 -> 0 | L3: GDP of Tunisia (USD) | M3: 46690000000 | N3: 46210000000 | P3: Here
B4: Barley | G4: =E4/$M$2 -> 0 | H4: =F4/$N$2 -> 0 | I4: ='Crop-area&production'!I34 -> 0 | L4: GDP of Tunisia (TD) | M4: =M2*M3 -> 134280440000 | N4: =N2*N3 -> 66080300000
B5: corn | G5: =E5/$M$2 -> 0 | H5: =F5/$N$2 -> 0 | I5: ='Crop-area&production'!BA32 -> 0 | M5: Area-weighted Average price (Tunisian Dinar (TD)/ton)
B6: Rice | G6: =E6/$M$2 -> 0 | H6: =F6/$N$2 -> 0 | L6: Crop category | M6: Grain (Tunisian Dinar (TD)/ton) | N6: straw (Tunisian Dinar (TD)/ton) | O6: 2010 price
B7: Rye | L7: Cereals | M7: =SUMPRODUCT(I3:I5,E3:E5)/SUM(I3:I5) -> #DIV/0! | N7: =SUMPRODUCT(I39:I40,E39:E40)/SUM(I39:I40) -> #DIV/0!
B8: Oat | L8: Legumes | M8: =SUMPRODUCT(I9:I11,E9:E11)/SUM(I9:I11) -> #DIV/0! | N8: =SUMPRODUCT(I41:I42,E41:E42)/SUM(I41:I42) -> #DIV/0!
B9: Chickpea | G9: =E9/$M$2 -> 0 | H9: =F9/$N$2 -> 0 | I9: ='Crop-area&production'!N32 -> 0 | L9: Vegetables | M9: =SUMPRODUCT(I19:I25,E19:E25)/SUM(I19:I25) -> #DIV/0! | N9: ='Vegetables-all-year'!E19 -> #DIV/0!
B10: Common (Faba) bean | G10: =E10/$M$2 -> 0 | H10: =F10/$N$2 -> 0 | I10: ='Crop-area&production'!L32 -> 0 | L10: Fruits | M10: =SUMPRODUCT(I26:I36,E26:E36)/SUM(I26:I36) -> 0 | N10: 0
B11: Pea | G11: =E11/$M$2 -> 0 | H11: =F11/$N$2 -> 0 | I11: ='Crop-area&production'!M32 -> 0 | L11: Cultivated annual forage crops | M11: =(E39*I39+E40*I40+E43*I43)/(I39+I40+I43) -> #DIV/0! | N11: =E43 -> 0 | O11: =(F39*I39+F40*I40+F43*I43)/(I39+I40+I43) -> #DIV/0!
B12: Lentils | L12: Cultivated perrenial forage crops | M12: =E38 -> 0 | N12: =G38 -> 0
B13: Safflower | L13: Pastoralist areas | M13: =E46 -> 0 | N13: 0
B14: Sunflower | G14: =E14/$M$2 -> 0 | H14: =F14/$N$2 -> 0 | L14: Prairies | M14: =SUMPRODUCT(I46:I47,E46:E47)/SUM(I46:I47) -> 0 | N14: 0
B15: Rapeseed | G15: =E15/$M$2 -> 0 | H15: =F15/$N$2 -> 0 | L15: Agrosylvo pastoral | M15: =SUMPRODUCT(I46:I47,E46:E47)/SUM(I46:I47) -> 0 | N15: 0
B16: Ground nut | G16: =E16/$M$2 -> 0 | H16: =F16/$N$2 -> 0 | L16: Forest areas | M16: =E51 -> 0 | N16: 0
B17: Seseme | G17: =E17/$M$2 -> 0 | H17: =F17/$N$2 -> 0
B18: Cotton
B19: Artichok | G19: =E19/$M$2 -> 0 | H19: =F19/$N$2 -> 0 | I19: ='Crop-area&production'!AC32 -> 0 | M19: Average price (US$/ton)
B20: Potato | G20: =E20/$M$2 -> 0 | H20: =F20/$N$2 -> 0 | I20: ='Crop-area&production'!S34 -> 0 | J20: ='Crop-area&production'!CF34 -> 0 | L20: Crop category | M20: Grain (US$/ton) | N20: straw (US$/ton)
B21: Tomato | G21: =E21/$M$2 -> 0 | H21: =F21/$N$2 -> 0 | I21: ='Crop-area&production'!P34 -> 0 | J21: ='Crop-area&production'!CC34 -> 0 | L21: Cereals | M21: =M7/$M$2 -> #DIV/0! | N21: =N7/$M$2 -> #DIV/0!
B22: Cucumber | G22: =E22/$M$2 -> 0 | H22: =F22/$N$2 -> 0 | I22: ='Crop-area&production'!Z32 -> 0 | J22: ='Crop-area&production'!CM32 -> 0 | L22: Legumes | M22: =M8/$M$2 -> #DIV/0! | N22: =N8/$M$2 -> #DIV/0!
B23: Onion | G23: =E23/$M$2 -> 0 | H23: =F23/$N$2 -> 0 | I23: ='Crop-area&production'!X32 -> 0 | J23: ='Crop-area&production'!CK32 -> 0 | L23: Vegetables | M23: =M9/$M$2 -> #DIV/0! | N23: =N9/$M$2 -> #DIV/0!
B24: Carrot | G24: =E24/$M$2 -> 0 | H24: =F24/$N$2 -> 0 | I24: ='Crop-area&production'!AA32 -> 0 | J24: ='Crop-area&production'!CN32 -> 0 | L24: Fruits | M24: =M10/$M$2 -> 0 | N24: =N10/$M$2 -> 0
B25: Cabbage and other leafy vegetables | G25: =E25/$M$2 -> 0 | H25: =F25/$N$2 -> 0 | I25: ='Crop-area&production'!AB32 -> 0 | J25: ='Crop-area&production'!CO32 -> 0 | K25: TRUE | L25: Cultivated annual forage crops | M25: =M11/$M$2 -> #DIV/0! | N25: =N11/$M$2 -> 0
B26: Apple | G26: =E26/$M$2 -> 0 | H26: =F26/$N$2 -> 0 | I26: 18695.45 | J26: ='Crop-area&production'!DD32 -> 0 | K26: TRUE | L26: Cultivated perrenial forage crops | M26: =M12/$M$2 -> 0 | N26: =N12/$M$2 -> 0
B27: Grape | G27: =E27/$M$2 -> 0 | H27: =F27/$N$2 -> 0 | I27: 10830.7 | J27: ='Crop-area&production'!DA32 -> 0 | K27: TRUE | L27: Pastoralist areas | M27: =M13/$M$2 -> 0 | N27: =N13/$M$2 -> 0
B28: Apricot | G28: =E28/$M$2 -> 0 | H28: =F28/$N$2 -> 0 | I28: 8639.25 | J28: ='Crop-area&production'!DJ32 -> 0 | K28: TRUE | L28: Prairies | M28: =M14/$M$2 -> 0 | N28: =N14/$M$2 -> 0
B29: Pear | G29: =E29/$M$2 -> 0 | H29: =F29/$N$2 -> 0 | I29: 3040.2 | J29: ='Crop-area&production'!DC32 -> 0 | L29: Agrosylvo pastoral | M29: =M15/$M$2 -> 0 | N29: =N15/$M$2 -> 0
B30: Orange | G30: =E30/$M$2 -> 0 | H30: =F30/$N$2 -> 0 | I30: ='Crop-area&production'!AR32 -> 0 | J30: ='Crop-area&production'!DE32 -> 0 | L30: Forest areas | M30: =M16/$M$2 -> 0 | N30: =N16/$M$2 -> 0
B31: Almonds (wet) | G31: =E31/$M$2 -> 0 | H31: =F31/$N$2 -> 0 | I31: ='Crop-area&production'!AS32 -> 0 | J31: ='Crop-area&production'!DF32 -> 0
B32: Grenade (pomegranate) | G32: =E32/$M$2 -> 0 | H32: =F32/$N$2 -> 0 | I32: ='Crop-area&production'!AM32 -> 0 | J32: ='Crop-area&production'!CZ32 -> 0
B33: Dates | G33: =E33/$M$2 -> 0 | H33: =F33/$N$2 -> 0 | I33: ='Crop-area&production'!AK32 -> 0 | J33: ='Crop-area&production'!CX32 -> 0
B34: Peach | G34: =E34/$M$2 -> 0 | H34: =F34/$N$2 -> 0 | I34: ='Crop-area&production'!AT32 -> 0 | J34: ='Crop-area&production'!DG32 -> 0
B35: Cherries | G35: =E35/$M$2 -> 0 | H35: =F35/$N$2 -> 0
B36: Olive | G36: =E36/$M$2 -> 0 | H36: =F36/$N$2 -> 0 | I36: ='Crop-area&production'!AL32 -> 0 | J36: ='Crop-area&production'!CY32 -> 0
A37: Cultivated perennial feed | B37: Melon | I37: ='Crop-area&production'!AJ32 -> 0
A38: Cultivated animal feed | B38: alfalfa | G38: =E38/$M$2 -> 0 | H38: =F38/$N$2 -> 0 | I38: ='Crop-area&production'!BC32 -> 0 | J38: ='Crop-area&production'!DP32 -> 0
B39: Barley straw | G39: =E39/$M$2 -> 0 | H39: =F39/$N$2 -> 0 | I39: =I4 -> 0 | J39: ='Cereals-all-year'!C14*'Cereals-all-year'!F61 -> #DIV/0!
B40: Wheat straw | G40: =E40/$M$2 -> 0 | H40: =F40/$N$2 -> 0 | I40: =I3 -> 0 | J40: ='Cereals-all-year'!C13*'Cereals-all-year'!F61 -> #DIV/0!
B41: faba-bean straw | G41: =E41/$M$2 -> 0 | H41: =F41/$N$2 -> 0 | I41: =I10 -> 0 | J41: ='Legumes-all-year'!C14*'Legumes-all-year'!F64 -> #DIV/0!
B42: Chickpea straw | I42: =I9 -> 0 | J42: ='Legumes-all-year'!C13*'Legumes-all-year'!F64 -> #DIV/0!
B43: Oat hay | G43: =E43/$M$2 -> 0 | H43: =F43/$N$2 -> 0 | I43: ='Crop-area&production'!AZ32 -> 0 | J43: ='Crop-area&production'!DM32 -> 0
B44: Lentil straw
A45: Non-cultivated forage | B45: Corn stock | I45: =I5 -> 0
B46: Hay (from permanent pastures and meadows) | G46: =E46/$M$2 -> 0 | H46: =F46/$N$2 -> 0 | I46: ='Crop-area&production'!BE32+'Crop-area&production'!BD32+'Crop-area&production'!BH32 -> 0
B47: Shrubs | I47: 150553
B48: Cactus | G48: =E48/$M$2 -> 0 | H48: =F48/$N$2 -> 0
B49: XXXX
A50: Forest | B50: XXXX
B51: Wood | G51: =E51/$M$2 -> 0 | H51: =F51/$N$2 -> 0
B52: Sources: | F52: 1 ton of wood = 1.33 cubic meters
B55: Harvest index and conversion from crop yield to residue or stalk yield
B56: Crop group | C56: Crop | D56: Area (ha) | E56: Harvest Index (proportion of grain yield out of the total plant weight) | F56: Proportion of residue or stalk yield out of the total plant weight | G56: Conversion factor from grain yield to residue or stalk yield | H56: Area weighted average conversion factor
B57: Cereals | C57: Wheat | D57: =I3 -> 0 | E57: 0.38 | F57: =1-E57 -> 0.62 | G57: =F57/E57 -> 1.6315789 | H57: =SUMPRODUCT(D57:D59,G57:G59)/SUM(D57:D59) -> #DIV/0!
C58: Barley | D58: =I4 -> 0 | E58: 0.34 | F58: =1-E58 -> 0.66 | G58: =F58/E58 -> 1.9411765
C59: Corn | D59: =I5 -> 0 | E59: 0.45 | F59: =1-E59 -> 0.55 | G59: =F59/E59 -> 1.2222222
B60: Legumes | C60: Faba-bean | D60: =I10 -> 0 | E60: 0.18 | F60: =1-E60 -> 0.82 | G60: =F60/E60 -> 4.5555556 | H60: =SUMPRODUCT(D60:D62,G60:G62)/SUM(D60:D62) -> #DIV/0!
C61: Lentil | D61: =I12 -> 0 | E61: 0.27 | F61: =1-E61 -> 0.73 | G61: =F61/E61 -> 2.7037037
C62: Chickpeas | D62: =I9 -> 0 | E62: 0.33 | F62: =1-E62 -> 0.67 | G62: =F62/E62 -> 2.030303

Sheet Area&production data
Z1: Average forest biomass in Tunisia (ton/ha) = | AE1: 58.74 | AF1: Source: | AG1: https://ourworldindata.org/grapher/above-ground-biomass-in-forest-per-hectare
A2: Area and production figures are for 2020 | AA2: Annual allowable cuts | AE2: 0.1 | AW2: The data on LD classes were obtained from Annabi
A3: No. | B3: Province | C3: Population | F3: Total area (ha) | W3: Total production (tons) Note: these figures are total biomass production and also a total of prodution in multiple seasons. Therefore, they cannot be used for yield calculation | AK3: Percentage of area that is irrigated | AW3: Percentage of cereal area by degree of land degradation ( low degradation, medium degradation, severe degradation) | BA3: Percentage of legume area by degree of land degradation ( low, medium, and severe degradation) | BE3: Percentage of vegetable area by degree of land degradation ( low, medium, and severe degradation) | BI3: Percentage of fruit area by degree of land degradation ( low, medium, and severe degradation) | BM3: Percentage of area under cultivated forages by degree of land degradation ( low, medium, and severe degradation) | BQ3: Percentage of area under alfa-alfa by degree of land degradation ( low, medium, and severe degradation) | BU3: Percentage of pastoral areas by degree of land degradation ( low, medium, and severe degradation) | BY3: Percentage of prairies by degree of land degradation ( low, medium, and severe degradation) | CC3: Percentage of agro sylvo pastoral areas by degree of land degradation ( low, medium, and severe degradation) | CG3: Percentage of area under forests and shrubs by degree of land degradation ( low, medium, and severe degradation) | CK3: Total crop area by degree of land degradation ( low, medium, and severe degradation) | CO3: Total national land area by degree of land degradation ( low, medium, and severe degradation)
C4: Urban | D4: Rural | E4: Total | F4: Cereals | G4: Legumes | H4: Vegetables | I4: Fruits | J4: Cultivated annual forages | K4: Alfalpha | L4: Pastoral areas | M4: Prairies | N4: Sylvo pastoral areas | O4: Forests and shrubs | P4: All other types of lands | Q4: Total crop land | R4: Total rangeland | S4: Forest Areas | T4: Total agricultural land | U4: All other types of lands | V4: Total land area | W4: Cereals | X4: Legumes | Y4: Vegetables | Z4: Fruits | AA4: Cultivated annual forages | AB4: Alfalafa | AC4: Pastoral areas | AD4: Prairies | AE4: Sylvo pastoral areas | AF4: Forests and shrubs | AG4: Total crops | AH4: Total rangeland | AI4: Forest Areas | AJ4: Total biomass | AK4: Cereals | AL4: Legumes | AM4: Vegetables | AN4: Fruits | AO4: Cultivated annual forages | AP4: Alfalafa | AQ4: Pastoral areas | AR4: Prairies | AS4: Sylvo pastoral areas | AT4: Forests and shrubs | AU4: Total agricultural land | AV4: Total land | AW4: Low | AX4: Modest | AY4: Severe | AZ4: Total | BA4: Low | BB4: Modest | BC4: Severe | BD4: Total | BE4: Low | BF4: Modest | BG4: Severe | BH4: Total | BI4: Low | BJ4: Modest | BK4: Severe | BL4: Total | BQ4: Low | BR4: Modest | BS4: Severe | BT4: Total | BU4: Low | BV4: Modest | BW4: Severe | BX4: Total | BY4: Low | BZ4: Modest | CA4: Severe | CB4: Total | CC4: Low | CD4: Modest | CE4: Severe | CF4: Total | CG4: Low | CH4: Modest | CI4: Severe | CJ4: Total | CK4: Low | CL4: Modest | CM4: Severe | CN4: Total | CO4: Low | CP4: Modest | CQ4: Severe | CR4: Total
A5: 1 | B5: Tunis | Q5: =SUM(F5:K5) -> 0 | R5: =SUM(L5:N5) -> 0 | S5: =O5 -> 0 | T5: =SUM(Q5:S5) -> 0 | U5: =P5 -> 0 | V5: =SUM(T5:U5) -> 0 | AG5: =SUM(W5:AB5) -> 0 | AH5: =SUM(AC5:AE5) -> 0 | AI5: =AF5 -> 0 | AJ5: =SUM(W5:AF5) -> 0 | AU5: =SUMPRODUCT(AK5:AP5,F5:K5)/Q5 -> #DIV/0! | AV5: =SUMPRODUCT(AK5:AT5,F5:O5)/V5 -> #DIV/0! | AZ5: =SUM(AW5:AY5) -> 0 | BD5: =SUM(BA5:BC5) -> 0 | BH5: =SUM(BE5:BG5) -> 0 | BL5: =SUM(BI5:BK5) -> 0 | BP5: =SUM(BM5:BO5) -> 0 | BT5: =SUM(BQ5:BS5) -> 0 | BX5: =SUM(BU5:BW5) -> 0 | CB5: =SUM(BY5:CA5) -> 0 | CF5: =SUM(CC5:CE5) -> 0 | CJ5: =SUM(CG5:CI5) -> 0 | CK5: =(AW5*$F5+BA5*$G5+BE5*$H5+BI5*$I5+BM5*$J5+BQ5*$K5)/$Q5 -> #DIV/0! | CL5: =(AX5*$F5+BB5*$G5+BF5*$H5+BJ5*$I5+BN5*$J5+BR5*$K5)/$Q5 -> #DIV/0! | CM5: =(AY5*$F5+BC5*$G5+BG5*$H5+BK5*$I5+BO5*$J5+BS5*$K5)/$Q5 -> #DIV/0! | CN5: =SUM(CK5:CM5) -> #DIV/0! | CO5: =(AW5*$F5+BA5*$G5+BE5*$H5+BI5*$I5+BM5*$J5+BQ5*$K5+$L5*CG5+$M5*BU5+$N5*BY5+$O5*CC5)/SUM(Q5:S5) -> #DIV/0! | CP5: =(AX5*$F5+BB5*$G5+BF5*$H5+BJ5*$I5+BN5*$J5+BR5*$K5+$L5*CH5+$M5*BV5+$N5*BZ5+$O5*CD5)/SUM(Q5:S5) -> #DIV/0! | CQ5: =(AY5*$F5+BC5*$G5+BG5*$H5+BK5*$I5+BO5*$J5+BS5*$K5+$L5*CI5+$M5*BW5+$N5*CA5+$O5*CE5)/SUM(Q5:S5) -> #DIV/0! | CR5: =SUM(CO5:CQ5) -> #DIV/0!
A6: 2 | B6: Ariana | Q6: =SUM(F6:K6) -> 0 | R6: =SUM(L6:N6) -> 0 | S6: =O6 -> 0 | T6: =SUM(Q6:S6) -> 0 | U6: =P6 -> 0 | V6: =SUM(T6:U6) -> 0 | AG6: =SUM(W6:AB6) -> 0 | AH6: =SUM(AC6:AE6) -> 0 | AI6: =AF6 -> 0 | AJ6: =SUM(W6:AF6) -> 0 | AU6: =SUMPRODUCT(AK6:AP6,F6:K6)/Q6 -> #DIV/0! | AV6: =SUMPRODUCT(AK6:AT6,F6:O6)/V6 -> #DIV/0! | AZ6: =SUM(AW6:AY6) -> 0 | BD6: =SUM(BA6:BC6) -> 0 | BH6: =SUM(BE6:BG6) -> 0 | BL6: =SUM(BI6:BK6) -> 0 | BP6: =SUM(BM6:BO6) -> 0 | BT6: =SUM(BQ6:BS6) -> 0 | BX6: =SUM(BU6:BW6) -> 0 | CB6: =SUM(BY6:CA6) -> 0 | CF6: =SUM(CC6:CE6) -> 0 | CJ6: =SUM(CG6:CI6) -> 0 | CK6: =(AW6*$F6+BA6*$G6+BE6*$H6+BI6*$I6+BM6*$J6+BQ6*$K6)/$Q6 -> #DIV/0! | CL6: =(AX6*$F6+BB6*$G6+BF6*$H6+BJ6*$I6+BN6*$J6+BR6*$K6)/$Q6 -> #DIV/0! | CM6: =(AY6*$F6+BC6*$G6+BG6*$H6+BK6*$I6+BO6*$J6+BS6*$K6)/$Q6 -> #DIV/0! | CN6: =SUM(CK6:CM6) -> #DIV/0! | CO6: =(AW6*$F6+BA6*$G6+BE6*$H6+BI6*$I6+BM6*$J6+BQ6*$K6+$L6*CG6+$M6*BU6+$N6*BY6+$O6*CC6)/SUM(Q6:S6) -> #DIV/0! | CP6: =(AX6*$F6+BB6*$G6+BF6*$H6+BJ6*$I6+BN6*$J6+BR6*$K6+$L6*CH6+$M6*BV6+$N6*BZ6+$O6*CD6)/SUM(Q6:S6) -> #DIV/0! | CQ6: =(AY6*$F6+BC6*$G6+BG6*$H6+BK6*$I6+BO6*$J6+BS6*$K6+$L6*CI6+$M6*BW6+$N6*CA6+$O6*CE6)/SUM(Q6:S6) -> #DIV/0! | CR6: =SUM(CO6:CQ6) -> #DIV/0!
A7: 3 | B7: La Manouba | Q7: =SUM(F7:K7) -> 0 | R7: =SUM(L7:N7) -> 0 | S7: =O7 -> 0 | T7: =SUM(Q7:S7) -> 0 | U7: =P7 -> 0 | V7: =SUM(T7:U7) -> 0 | AG7: =SUM(W7:AB7) -> 0 | AH7: =SUM(AC7:AE7) -> 0 | AI7: =AF7 -> 0 | AJ7: =SUM(W7:AF7) -> 0 | AU7: =SUMPRODUCT(AK7:AP7,F7:K7)/Q7 -> #DIV/0! | AV7: =SUMPRODUCT(AK7:AT7,F7:O7)/V7 -> #DIV/0! | AZ7: =SUM(AW7:AY7) -> 0 | BD7: =SUM(BA7:BC7) -> 0 | BH7: =SUM(BE7:BG7) -> 0 | BL7: =SUM(BI7:BK7) -> 0 | BP7: =SUM(BM7:BO7) -> 0 | BT7: =SUM(BQ7:BS7) -> 0 | BX7: =SUM(BU7:BW7) -> 0 | CB7: =SUM(BY7:CA7) -> 0 | CF7: =SUM(CC7:CE7) -> 0 | CJ7: =SUM(CG7:CI7) -> 0 | CK7: =(AW7*$F7+BA7*$G7+BE7*$H7+BI7*$I7+BM7*$J7+BQ7*$K7)/$Q7 -> #DIV/0! | CL7: =(AX7*$F7+BB7*$G7+BF7*$H7+BJ7*$I7+BN7*$J7+BR7*$K7)/$Q7 -> #DIV/0! | CM7: =(AY7*$F7+BC7*$G7+BG7*$H7+BK7*$I7+BO7*$J7+BS7*$K7)/$Q7 -> #DIV/0! | CN7: =SUM(CK7:CM7) -> #DIV/0! | CO7: =(AW7*$F7+BA7*$G7+BE7*$H7+BI7*$I7+BM7*$J7+BQ7*$K7+$L7*CG7+$M7*BU7+$N7*BY7+$O7*CC7)/SUM(Q7:S7) -> #DIV/0! | CP7: =(AX7*$F7+BB7*$G7+BF7*$H7+BJ7*$I7+BN7*$J7+BR7*$K7+$L7*CH7+$M7*BV7+$N7*BZ7+$O7*CD7)/SUM(Q7:S7) -> #DIV/0! | CQ7: =(AY7*$F7+BC7*$G7+BG7*$H7+BK7*$I7+BO7*$J7+BS7*$K7+$L7*CI7+$M7*BW7+$N7*CA7+$O7*CE7)/SUM(Q7:S7) -> #DIV/0! | CR7: =SUM(CO7:CQ7) -> #DIV/0!
A8: 4 | B8: Ben Arous | Q8: =SUM(F8:K8) -> 0 | R8: =SUM(L8:N8) -> 0 | S8: =O8 -> 0 | T8: =SUM(Q8:S8) -> 0 | U8: =P8 -> 0 | V8: =SUM(T8:U8) -> 0 | AG8: =SUM(W8:AB8) -> 0 | AH8: =SUM(AC8:AE8) -> 0 | AI8: =AF8 -> 0 | AJ8: =SUM(W8:AF8) -> 0 | AU8: =SUMPRODUCT(AK8:AP8,F8:K8)/Q8 -> #DIV/0! | AV8: =SUMPRODUCT(AK8:AT8,F8:O8)/V8 -> #DIV/0! | AZ8: =SUM(AW8:AY8) -> 0 | BD8: =SUM(BA8:BC8) -> 0 | BH8: =SUM(BE8:BG8) -> 0 | BL8: =SUM(BI8:BK8) -> 0 | BP8: =SUM(BM8:BO8) -> 0 | BT8: =SUM(BQ8:BS8) -> 0 | BX8: =SUM(BU8:BW8) -> 0 | CB8: =SUM(BY8:CA8) -> 0 | CF8: =SUM(CC8:CE8) -> 0 | CJ8: =SUM(CG8:CI8) -> 0 | CK8: =(AW8*$F8+BA8*$G8+BE8*$H8+BI8*$I8+BM8*$J8+BQ8*$K8)/$Q8 -> #DIV/0! | CL8: =(AX8*$F8+BB8*$G8+BF8*$H8+BJ8*$I8+BN8*$J8+BR8*$K8)/$Q8 -> #DIV/0! | CM8: =(AY8*$F8+BC8*$G8+BG8*$H8+BK8*$I8+BO8*$J8+BS8*$K8)/$Q8 -> #DIV/0! | CN8: =SUM(CK8:CM8) -> #DIV/0! | CO8: =(AW8*$F8+BA8*$G8+BE8*$H8+BI8*$I8+BM8*$J8+BQ8*$K8+$L8*CG8+$M8*BU8+$N8*BY8+$O8*CC8)/SUM(Q8:S8) -> #DIV/0! | CP8: =(AX8*$F8+BB8*$G8+BF8*$H8+BJ8*$I8+BN8*$J8+BR8*$K8+$L8*CH8+$M8*BV8+$N8*BZ8+$O8*CD8)/SUM(Q8:S8) -> #DIV/0! | CQ8: =(AY8*$F8+BC8*$G8+BG8*$H8+BK8*$I8+BO8*$J8+BS8*$K8+$L8*CI8+$M8*BW8+$N8*CA8+$O8*CE8)/SUM(Q8:S8) -> #DIV/0! | CR8: =SUM(CO8:CQ8) -> #DIV/0!
A9: 5 | B9: Nabeul | Q9: =SUM(F9:K9) -> 0 | R9: =SUM(L9:N9) -> 0 | S9: =O9 -> 0 | T9: =SUM(Q9:S9) -> 0 | U9: =P9 -> 0 | V9: =SUM(T9:U9) -> 0 | AG9: =SUM(W9:AB9) -> 0 | AH9: =SUM(AC9:AE9) -> 0 | AI9: =AF9 -> 0 | AJ9: =SUM(W9:AF9) -> 0 | AU9: =SUMPRODUCT(AK9:AP9,F9:K9)/Q9 -> #DIV/0! | AV9: =SUMPRODUCT(AK9:AT9,F9:O9)/V9 -> #DIV/0! | AZ9: =SUM(AW9:AY9) -> 0 | BD9: =SUM(BA9:BC9) -> 0 | BH9: =SUM(BE9:BG9) -> 0 | BL9: =SUM(BI9:BK9) -> 0 | BP9: =SUM(BM9:BO9) -> 0 | BT9: =SUM(BQ9:BS9) -> 0 | BX9: =SUM(BU9:BW9) -> 0 | CB9: =SUM(BY9:CA9) -> 0 | CF9: =SUM(CC9:CE9) -> 0 | CJ9: =SUM(CG9:CI9) -> 0 | CK9: =(AW9*$F9+BA9*$G9+BE9*$H9+BI9*$I9+BM9*$J9+BQ9*$K9)/$Q9 -> #DIV/0! | CL9: =(AX9*$F9+BB9*$G9+BF9*$H9+BJ9*$I9+BN9*$J9+BR9*$K9)/$Q9 -> #DIV/0! | CM9: =(AY9*$F9+BC9*$G9+BG9*$H9+BK9*$I9+BO9*$J9+BS9*$K9)/$Q9 -> #DIV/0! | CN9: =SUM(CK9:CM9) -> #DIV/0! | CO9: =(AW9*$F9+BA9*$G9+BE9*$H9+BI9*$I9+BM9*$J9+BQ9*$K9+$L9*CG9+$M9*BU9+$N9*BY9+$O9*CC9)/SUM(Q9:S9) -> #DIV/0! | CP9: =(AX9*$F9+BB9*$G9+BF9*$H9+BJ9*$I9+BN9*$J9+BR9*$K9+$L9*CH9+$M9*BV9+$N9*BZ9+$O9*CD9)/SUM(Q9:S9) -> #DIV/0! | CQ9: =(AY9*$F9+BC9*$G9+BG9*$H9+BK9*$I9+BO9*$J9+BS9*$K9+$L9*CI9+$M9*BW9+$N9*CA9+$O9*CE9)/SUM(Q9:S9) -> #DIV/0! | CR9: =SUM(CO9:CQ9) -> #DIV/0!
A10: 6 | B10: Bizerte | Q10: =SUM(F10:K10) -> 0 | R10: =SUM(L10:N10) -> 0 | S10: =O10 -> 0 | T10: =SUM(Q10:S10) -> 0 | U10: =P10 -> 0 | V10: =SUM(T10:U10) -> 0 | AG10: =SUM(W10:AB10) -> 0 | AH10: =SUM(AC10:AE10) -> 0 | AI10: =AF10 -> 0 | AJ10: =SUM(W10:AF10) -> 0 | AU10: =SUMPRODUCT(AK10:AP10,F10:K10)/Q10 -> #DIV/0! | AV10: =SUMPRODUCT(AK10:AT10,F10:O10)/V10 -> #DIV/0! | AZ10: =SUM(AW10:AY10) -> 0 | BD10: =SUM(BA10:BC10) -> 0 | BH10: =SUM(BE10:BG10) -> 0 | BL10: =SUM(BI10:BK10) -> 0 | BP10: =SUM(BM10:BO10) -> 0 | BT10: =SUM(BQ10:BS10) -> 0 | BX10: =SUM(BU10:BW10) -> 0 | CB10: =SUM(BY10:CA10) -> 0 | CF10: =SUM(CC10:CE10) -> 0 | CJ10: =SUM(CG10:CI10) -> 0 | CK10: =(AW10*$F10+BA10*$G10+BE10*$H10+BI10*$I10+BM10*$J10+BQ10*$K10)/$Q10 -> #DIV/0! | CL10: =(AX10*$F10+BB10*$G10+BF10*$H10+BJ10*$I10+BN10*$J10+BR10*$K10)/$Q10 -> #DIV/0! | CM10: =(AY10*$F10+BC10*$G10+BG10*$H10+BK10*$I10+BO10*$J10+BS10*$K10)/$Q10 -> #DIV/0! | CN10: =SUM(CK10:CM10) -> #DIV/0! | CO10: =(AW10*$F10+BA10*$G10+BE10*$H10+BI10*$I10+BM10*$J10+BQ10*$K10+$L10*CG10+$M10*BU10+$N10*BY10+$O10*CC10)/SUM(Q10:S10) -> #DIV/0! | CP10: =(AX10*$F10+BB10*$G10+BF10*$H10+BJ10*$I10+BN10*$J10+BR10*$K10+$L10*CH10+$M10*BV10+$N10*BZ10+$O10*CD10)/SUM(Q10:S10) -> #DIV/0! | CQ10: =(AY10*$F10+BC10*$G10+BG10*$H10+BK10*$I10+BO10*$J10+BS10*$K10+$L10*CI10+$M10*BW10+$N10*CA10+$O10*CE10)/SUM(Q10:S10) -> #DIV/0! | CR10: =SUM(CO10:CQ10) -> #DIV/0!
A11: 7 | B11: Zaghouan | Q11: =SUM(F11:K11) -> 0 | R11: =SUM(L11:N11) -> 0 | S11: =O11 -> 0 | T11: =SUM(Q11:S11) -> 0 | U11: =P11 -> 0 | V11: =SUM(T11:U11) -> 0 | AG11: =SUM(W11:AB11) -> 0 | AH11: =SUM(AC11:AE11) -> 0 | AI11: =AF11 -> 0 | AJ11: =SUM(W11:AF11) -> 0 | AU11: =SUMPRODUCT(AK11:AP11,F11:K11)/Q11 -> #DIV/0! | AV11: =SUMPRODUCT(AK11:AT11,F11:O11)/V11 -> #DIV/0! | AZ11: =SUM(AW11:AY11) -> 0 | BD11: =SUM(BA11:BC11) -> 0 | BH11: =SUM(BE11:BG11) -> 0 | BL11: =SUM(BI11:BK11) -> 0 | BP11: =SUM(BM11:BO11) -> 0 | BT11: =SUM(BQ11:BS11) -> 0 | BX11: =SUM(BU11:BW11) -> 0 | CB11: =SUM(BY11:CA11) -> 0 | CF11: =SUM(CC11:CE11) -> 0 | CJ11: =SUM(CG11:CI11) -> 0 | CK11: =(AW11*$F11+BA11*$G11+BE11*$H11+BI11*$I11+BM11*$J11+BQ11*$K11)/$Q11 -> #DIV/0! | CL11: =(AX11*$F11+BB11*$G11+BF11*$H11+BJ11*$I11+BN11*$J11+BR11*$K11)/$Q11 -> #DIV/0! | CM11: =(AY11*$F11+BC11*$G11+BG11*$H11+BK11*$I11+BO11*$J11+BS11*$K11)/$Q11 -> #DIV/0! | CN11: =SUM(CK11:CM11) -> #DIV/0! | CO11: =(AW11*$F11+BA11*$G11+BE11*$H11+BI11*$I11+BM11*$J11+BQ11*$K11+$L11*CG11+$M11*BU11+$N11*BY11+$O11*CC11)/SUM(Q11:S11) -> #DIV/0! | CP11: =(AX11*$F11+BB11*$G11+BF11*$H11+BJ11*$I11+BN11*$J11+BR11*$K11+$L11*CH11+$M11*BV11+$N11*BZ11+$O11*CD11)/SUM(Q11:S11) -> #DIV/0! | CQ11: =(AY11*$F11+BC11*$G11+BG11*$H11+BK11*$I11+BO11*$J11+BS11*$K11+$L11*CI11+$M11*BW11+$N11*CA11+$O11*CE11)/SUM(Q11:S11) -> #DIV/0! | CR11: =SUM(CO11:CQ11) -> #DIV/0!
A12: 8 | B12: Béja | Q12: =SUM(F12:K12) -> 0 | R12: =SUM(L12:N12) -> 0 | S12: =O12 -> 0 | T12: =SUM(Q12:S12) -> 0 | U12: =P12 -> 0 | V12: =SUM(T12:U12) -> 0 | AG12: =SUM(W12:AB12) -> 0 | AH12: =SUM(AC12:AE12) -> 0 | AI12: =AF12 -> 0 | AJ12: =SUM(W12:AF12) -> 0 | AU12: =SUMPRODUCT(AK12:AP12,F12:K12)/Q12 -> #DIV/0! | AV12: =SUMPRODUCT(AK12:AT12,F12:O12)/V12 -> #DIV/0! | AZ12: =SUM(AW12:AY12) -> 0 | BD12: =SUM(BA12:BC12) -> 0 | BH12: =SUM(BE12:BG12) -> 0 | BL12: =SUM(BI12:BK12) -> 0 | BP12: =SUM(BM12:BO12) -> 0 | BT12: =SUM(BQ12:BS12) -> 0 | BX12: =SUM(BU12:BW12) -> 0 | CB12: =SUM(BY12:CA12) -> 0 | CF12: =SUM(CC12:CE12) -> 0 | CJ12: =SUM(CG12:CI12) -> 0 | CK12: =(AW12*$F12+BA12*$G12+BE12*$H12+BI12*$I12+BM12*$J12+BQ12*$K12)/$Q12 -> #DIV/0! | CL12: =(AX12*$F12+BB12*$G12+BF12*$H12+BJ12*$I12+BN12*$J12+BR12*$K12)/$Q12 -> #DIV/0! | CM12: =(AY12*$F12+BC12*$G12+BG12*$H12+BK12*$I12+BO12*$J12+BS12*$K12)/$Q12 -> #DIV/0! | CN12: =SUM(CK12:CM12) -> #DIV/0! | CO12: =(AW12*$F12+BA12*$G12+BE12*$H12+BI12*$I12+BM12*$J12+BQ12*$K12+$L12*CG12+$M12*BU12+$N12*BY12+$O12*CC12)/SUM(Q12:S12) -> #DIV/0! | CP12: =(AX12*$F12+BB12*$G12+BF12*$H12+BJ12*$I12+BN12*$J12+BR12*$K12+$L12*CH12+$M12*BV12+$N12*BZ12+$O12*CD12)/SUM(Q12:S12) -> #DIV/0! | CQ12: =(AY12*$F12+BC12*$G12+BG12*$H12+BK12*$I12+BO12*$J12+BS12*$K12+$L12*CI12+$M12*BW12+$N12*CA12+$O12*CE12)/SUM(Q12:S12) -> #DIV/0! | CR12: =SUM(CO12:CQ12) -> #DIV/0!
A13: 9 | B13: Jendouba | Q13: =SUM(F13:K13) -> 0 | R13: =SUM(L13:N13) -> 0 | S13: =O13 -> 0 | T13: =SUM(Q13:S13) -> 0 | U13: =P13 -> 0 | V13: =SUM(T13:U13) -> 0 | AG13: =SUM(W13:AB13) -> 0 | AH13: =SUM(AC13:AE13) -> 0 | AI13: =AF13 -> 0 | AJ13: =SUM(W13:AF13) -> 0 | AU13: =SUMPRODUCT(AK13:AP13,F13:K13)/Q13 -> #DIV/0! | AV13: =SUMPRODUCT(AK13:AT13,F13:O13)/V13 -> #DIV/0! | AZ13: =SUM(AW13:AY13) -> 0 | BD13: =SUM(BA13:BC13) -> 0 | BH13: =SUM(BE13:BG13) -> 0 | BL13: =SUM(BI13:BK13) -> 0 | BP13: =SUM(BM13:BO13) -> 0 | BT13: =SUM(BQ13:BS13) -> 0 | BX13: =SUM(BU13:BW13) -> 0 | CB13: =SUM(BY13:CA13) -> 0 | CF13: =SUM(CC13:CE13) -> 0 | CJ13: =SUM(CG13:CI13) -> 0 | CK13: =(AW13*$F13+BA13*$G13+BE13*$H13+BI13*$I13+BM13*$J13+BQ13*$K13)/$Q13 -> #DIV/0! | CL13: =(AX13*$F13+BB13*$G13+BF13*$H13+BJ13*$I13+BN13*$J13+BR13*$K13)/$Q13 -> #DIV/0! | CM13: =(AY13*$F13+BC13*$G13+BG13*$H13+BK13*$I13+BO13*$J13+BS13*$K13)/$Q13 -> #DIV/0! | CN13: =SUM(CK13:CM13) -> #DIV/0! | CO13: =(AW13*$F13+BA13*$G13+BE13*$H13+BI13*$I13+BM13*$J13+BQ13*$K13+$L13*CG13+$M13*BU13+$N13*BY13+$O13*CC13)/SUM(Q13:S13) -> #DIV/0! | CP13: =(AX13*$F13+BB13*$G13+BF13*$H13+BJ13*$I13+BN13*$J13+BR13*$K13+$L13*CH13+$M13*BV13+$N13*BZ13+$O13*CD13)/SUM(Q13:S13) -> #DIV/0! | CQ13: =(AY13*$F13+BC13*$G13+BG13*$H13+BK13*$I13+BO13*$J13+BS13*$K13+$L13*CI13+$M13*BW13+$N13*CA13+$O13*CE13)/SUM(Q13:S13) -> #DIV/0! | CR13: =SUM(CO13:CQ13) -> #DIV/0!
A14: 10 | B14: Le Kef | Q14: =SUM(F14:K14) -> 0 | R14: =SUM(L14:N14) -> 0 | S14: =O14 -> 0 | T14: =SUM(Q14:S14) -> 0 | U14: =P14 -> 0 | V14: =SUM(T14:U14) -> 0 | AG14: =SUM(W14:AB14) -> 0 | AH14: =SUM(AC14:AE14) -> 0 | AI14: =AF14 -> 0 | AJ14: =SUM(W14:AF14) -> 0 | AU14: =SUMPRODUCT(AK14:AP14,F14:K14)/Q14 -> #DIV/0! | AV14: =SUMPRODUCT(AK14:AT14,F14:O14)/V14 -> #DIV/0! | AZ14: =SUM(AW14:AY14) -> 0 | BD14: =SUM(BA14:BC14) -> 0 | BH14: =SUM(BE14:BG14) -> 0 | BL14: =SUM(BI14:BK14) -> 0 | BP14: =SUM(BM14:BO14) -> 0 | BT14: =SUM(BQ14:BS14) -> 0 | BX14: =SUM(BU14:BW14) -> 0 | CB14: =SUM(BY14:CA14) -> 0 | CF14: =SUM(CC14:CE14) -> 0 | CJ14: =SUM(CG14:CI14) -> 0 | CK14: =(AW14*$F14+BA14*$G14+BE14*$H14+BI14*$I14+BM14*$J14+BQ14*$K14)/$Q14 -> #DIV/0! | CL14: =(AX14*$F14+BB14*$G14+BF14*$H14+BJ14*$I14+BN14*$J14+BR14*$K14)/$Q14 -> #DIV/0! | CM14: =(AY14*$F14+BC14*$G14+BG14*$H14+BK14*$I14+BO14*$J14+BS14*$K14)/$Q14 -> #DIV/0! | CN14: =SUM(CK14:CM14) -> #DIV/0! | CO14: =(AW14*$F14+BA14*$G14+BE14*$H14+BI14*$I14+BM14*$J14+BQ14*$K14+$L14*CG14+$M14*BU14+$N14*BY14+$O14*CC14)/SUM(Q14:S14) -> #DIV/0! | CP14: =(AX14*$F14+BB14*$G14+BF14*$H14+BJ14*$I14+BN14*$J14+BR14*$K14+$L14*CH14+$M14*BV14+$N14*BZ14+$O14*CD14)/SUM(Q14:S14) -> #DIV/0! | CQ14: =(AY14*$F14+BC14*$G14+BG14*$H14+BK14*$I14+BO14*$J14+BS14*$K14+$L14*CI14+$M14*BW14+$N14*CA14+$O14*CE14)/SUM(Q14:S14) -> #DIV/0! | CR14: =SUM(CO14:CQ14) -> #DIV/0!
A15: 11 | B15: Siliana | Q15: =SUM(F15:K15) -> 0 | R15: =SUM(L15:N15) -> 0 | S15: =O15 -> 0 | T15: =SUM(Q15:S15) -> 0 | U15: =P15 -> 0 | V15: =SUM(T15:U15) -> 0 | AG15: =SUM(W15:AB15) -> 0 | AH15: =SUM(AC15:AE15) -> 0 | AI15: =AF15 -> 0 | AJ15: =SUM(W15:AF15) -> 0 | AU15: =SUMPRODUCT(AK15:AP15,F15:K15)/Q15 -> #DIV/0! | AV15: =SUMPRODUCT(AK15:AT15,F15:O15)/V15 -> #DIV/0! | AZ15: =SUM(AW15:AY15) -> 0 | BD15: =SUM(BA15:BC15) -> 0 | BH15: =SUM(BE15:BG15) -> 0 | BL15: =SUM(BI15:BK15) -> 0 | BP15: =SUM(BM15:BO15) -> 0 | BT15: =SUM(BQ15:BS15) -> 0 | BX15: =SUM(BU15:BW15) -> 0 | CB15: =SUM(BY15:CA15) -> 0 | CF15: =SUM(CC15:CE15) -> 0 | CJ15: =SUM(CG15:CI15) -> 0 | CK15: =(AW15*$F15+BA15*$G15+BE15*$H15+BI15*$I15+BM15*$J15+BQ15*$K15)/$Q15 -> #DIV/0! | CL15: =(AX15*$F15+BB15*$G15+BF15*$H15+BJ15*$I15+BN15*$J15+BR15*$K15)/$Q15 -> #DIV/0! | CM15: =(AY15*$F15+BC15*$G15+BG15*$H15+BK15*$I15+BO15*$J15+BS15*$K15)/$Q15 -> #DIV/0! | CN15: =SUM(CK15:CM15) -> #DIV/0! | CO15: =(AW15*$F15+BA15*$G15+BE15*$H15+BI15*$I15+BM15*$J15+BQ15*$K15+$L15*CG15+$M15*BU15+$N15*BY15+$O15*CC15)/SUM(Q15:S15) -> #DIV/0! | CP15: =(AX15*$F15+BB15*$G15+BF15*$H15+BJ15*$I15+BN15*$J15+BR15*$K15+$L15*CH15+$M15*BV15+$N15*BZ15+$O15*CD15)/SUM(Q15:S15) -> #DIV/0! | CQ15: =(AY15*$F15+BC15*$G15+BG15*$H15+BK15*$I15+BO15*$J15+BS15*$K15+$L15*CI15+$M15*BW15+$N15*CA15+$O15*CE15)/SUM(Q15:S15) -> #DIV/0! | CR15: =SUM(CO15:CQ15) -> #DIV/0!
A16: 12 | B16: Sousse | Q16: =SUM(F16:K16) -> 0 | R16: =SUM(L16:N16) -> 0 | S16: =O16 -> 0 | T16: =SUM(Q16:S16) -> 0 | U16: =P16 -> 0 | V16: =SUM(T16:U16) -> 0 | AG16: =SUM(W16:AB16) -> 0 | AH16: =SUM(AC16:AE16) -> 0 | AI16: =AF16 -> 0 | AJ16: =SUM(W16:AF16) -> 0 | AU16: =SUMPRODUCT(AK16:AP16,F16:K16)/Q16 -> #DIV/0! | AV16: =SUMPRODUCT(AK16:AT16,F16:O16)/V16 -> #DIV/0! | AZ16: =SUM(AW16:AY16) -> 0 | BD16: =SUM(BA16:BC16) -> 0 | BH16: =SUM(BE16:BG16) -> 0 | BL16: =SUM(BI16:BK16) -> 0 | BP16: =SUM(BM16:BO16) -> 0 | BT16: =SUM(BQ16:BS16) -> 0 | BX16: =SUM(BU16:BW16) -> 0 | CB16: =SUM(BY16:CA16) -> 0 | CF16: =SUM(CC16:CE16) -> 0 | CJ16: =SUM(CG16:CI16) -> 0 | CK16: =(AW16*$F16+BA16*$G16+BE16*$H16+BI16*$I16+BM16*$J16+BQ16*$K16)/$Q16 -> #DIV/0! | CL16: =(AX16*$F16+BB16*$G16+BF16*$H16+BJ16*$I16+BN16*$J16+BR16*$K16)/$Q16 -> #DIV/0! | CM16: =(AY16*$F16+BC16*$G16+BG16*$H16+BK16*$I16+BO16*$J16+BS16*$K16)/$Q16 -> #DIV/0! | CN16: =SUM(CK16:CM16) -> #DIV/0! | CO16: =(AW16*$F16+BA16*$G16+BE16*$H16+BI16*$I16+BM16*$J16+BQ16*$K16+$L16*CG16+$M16*BU16+$N16*BY16+$O16*CC16)/SUM(Q16:S16) -> #DIV/0! | CP16: =(AX16*$F16+BB16*$G16+BF16*$H16+BJ16*$I16+BN16*$J16+BR16*$K16+$L16*CH16+$M16*BV16+$N16*BZ16+$O16*CD16)/SUM(Q16:S16) -> #DIV/0! | CQ16: =(AY16*$F16+BC16*$G16+BG16*$H16+BK16*$I16+BO16*$J16+BS16*$K16+$L16*CI16+$M16*BW16+$N16*CA16+$O16*CE16)/SUM(Q16:S16) -> #DIV/0! | CR16: =SUM(CO16:CQ16) -> #DIV/0!
... A28: 24 | B28: Kébili | Q28: =SUM(F28:K28) -> 0 | R28: =SUM(L28:N28) -> 0 | S28: =O28 -> 0 | T28: =SUM(Q28:S28) -> 0 | U28: =P28 -> 0 | V28: =SUM(T28:U28) -> 0 | AG28: =SUM(W28:AB28) -> 0 | AH28: =SUM(AC28:AE28) -> 0 | AI28: =AF28 -> 0 | AJ28: =SUM(W28:AF28) -> 0 | AU28: =SUMPRODUCT(AK28:AP28,F28:K28)/Q28 -> #DIV/0! | AV28: =SUMPRODUCT(AK28:AT28,F28:O28)/V28 -> #DIV/0! | AZ28: =SUM(AW28:AY28) -> 0 | BD28: =SUM(BA28:BC28) -> 0 | BH28: =SUM(BE28:BG28) -> 0 | BL28: =SUM(BI28:BK28) -> 0 | BP28: =SUM(BM28:BO28) -> 0 | BT28: =SUM(BQ28:BS28) -> 0 | BX28: =SUM(BU28:BW28) -> 0 | CB28: =SUM(BY28:CA28) -> 0 | CF28: =SUM(CC28:CE28) -> 0 | CJ28: =SUM(CG28:CI28) -> 0 | CK28: =(AW28*$F28+BA28*$G28+BE28*$H28+BI28*$I28+BM28*$J28+BQ28*$K28)/$Q28 -> #DIV/0! | CL28: =(AX28*$F28+BB28*$G28+BF28*$H28+BJ28*$I28+BN28*$J28+BR28*$K28)/$Q28 -> #DIV/0! | CM28: =(AY28*$F28+BC28*$G28+BG28*$H28+BK28*$I28+BO28*$J28+BS28*$K28)/$Q28 -> #DIV/0! | CN28: =SUM(CK28:CM28) -> #DIV/0! | CO28: =(AW28*$F28+BA28*$G28+BE28*$H28+BI28*$I28+BM28*$J28+BQ28*$K28+$L28*CG28+$M28*BU28+$N28*BY28+$O28*CC28)/SUM(Q28:S28) -> #DIV/0! | CP28: =(AX28*$F28+BB28*$G28+BF28*$H28+BJ28*$I28+BN28*$J28+BR28*$K28+$L28*CH28+$M28*BV28+$N28*BZ28+$O28*CD28)/SUM(Q28:S28) -> #DIV/0! | CQ28: =(AY28*$F28+BC28*$G28+BG28*$H28+BK28*$I28+BO28*$J28+BS28*$K28+$L28*CI28+$M28*BW28+$N28*CA28+$O28*CE28)/SUM(Q28:S28) -> #DIV/0! | CR28: =SUM(CO28:CQ28) -> #DIV/0!
B29: Total Tunisia | C29: =SUM(C5:C28) -> 0 | D29: =SUM(D5:D28) -> 0 | E29: =SUM(E5:E28) -> 0 | F29: =SUM(F5:F28) -> 0 | G29: =SUM(G5:G28) -> 0 | H29: =SUM(H5:H28) -> 0 | I29: =SUM(I5:I28) -> 0 | J29: =SUM(J5:J28) -> 0 | ... Q29: =SUM(Q5:Q28) -> 0 | R29: =SUM(L29:N29) -> 0 | S29: =O29 -> 0 | T29: =SUM(Q29:S29) -> 0 | U29: =P29 -> 0 | V29: =SUM(V5:V28) -> 0 | W29: =SUM(W5:W28) -> 0 | X29: =SUM(X5:X28) -> 0 | Y29: =SUM(Y5:Y28) -> 0 | Z29: =SUM(Z5:Z28) -> 0 | AA29: =SUM(AA5:AA28) -> 0 | AB29: =SUM(AB5:AB28) -> 0 | AC29: =SUM(AC5:AC28) -> 0 | ... AG29: =SUM(AG5:AG28) -> 0 | AH29: =SUM(AC29:AE29) -> 0 | AI29: =AF29 -> 0 | AJ29: =SUM(AJ5:AJ28) -> 0 | AK29: =SUMPRODUCT(AK5:AK28,F5:F28)/F29 -> #DIV/0! | AL29: =SUMPRODUCT(AL5:AL28,G5:G28)/G29 -> #DIV/0! | AM29: =SUMPRODUCT(AM5:AM28,H5:H28)/H29 -> #DIV/0! | AN29: =SUMPRODUCT(AN5:AN28,I5:I28)/I29 -> #DIV/0! | AO29: =SUMPRODUCT(AO5:AO28,J5:J28)/J29 -> #DIV/0! | AP29: =SUMPRODUCT(AP5:AP28,K5:K28)/K29 -> #DIV/0! | AQ29: =SUMPRODUCT(AQ5:AQ28,L5:L28)/L29 -> #DIV/0! | AR29: =SUMPRODUCT(AR5:AR28,M5:M28)/M29 -> #DIV/0! | ... AT29: =SUMPRODUCT(AT5:AT28,O5:O28)/O29 -> #DIV/0! | AU29: =SUMPRODUCT(AU5:AU28,Q5:Q28)/Q29 -> #DIV/0! | AV29: =SUMPRODUCT(AV5:AV28,V5:V28)/V29 -> #DIV/0! | AW29: =SUMPRODUCT($F$5:$F$28,AW5:AW28)/$F$29 -> #DIV/0! | AX29: =SUMPRODUCT($F$5:$F$28,AX5:AX28)/$F$29 -> #DIV/0! | AY29: =SUMPRODUCT($F$5:$F$28,AY5:AY28)/$F$29 -> #DIV/0! | AZ29: =SUMPRODUCT($F$5:$F$28,AZ5:AZ28)/$F$29 -> #DIV/0! | BA29: =SUMPRODUCT($G$5:$G$28,BA5:BA28)/$G$29 -> #DIV/0! | BB29: =SUMPRODUCT($G$5:$G$28,BB5:BB28)/$G$29 -> #DIV/0! | BC29: =SUMPRODUCT($G$5:$G$28,BC5:BC28)/$G$29 -> #DIV/0! | BD29: =SUMPRODUCT($G$5:$G$28,BD5:BD28)/$G$29 -> #DIV/0! | BE29: =SUMPRODUCT($H$5:$H$28,BE5:BE28)/$H$29 -> #DIV/0! | BF29: =SUMPRODUCT($H$5:$H$28,BF5:BF28)/$H$29 -> #DIV/0! | BG29: =SUMPRODUCT($H$5:$H$28,BG5:BG28)/$H$29 -> #DIV/0! | BH29: =SUMPRODUCT($H$5:$H$28,BH5:BH28)/$H$29 -> #DIV/0! | BI29: =SUMPRODUCT($I$5:$I$28,BI5:BI28)/$I$29 -> #DIV/0! | BJ29: =SUMPRODUCT($I$5:$I$28,BJ5:BJ28)/$I$29 -> #DIV/0! | BK29: =SUMPRODUCT($I$5:$I$28,BK5:BK28)/$I$29 -> #DIV/0! | BL29: =SUMPRODUCT($I$5:$I$28,BL5:BL28)/$I$29 -> #DIV/0! | BM29: =SUMPRODUCT($J$5:$J$28,BI5:BI28)/$J$29 -> #DIV/0! | BN29: =SUMPRODUCT($J$5:$J$28,BJ5:BJ28)/$J$29 -> #DIV/0! | BO29: =SUMPRODUCT($J$5:$J$28,BK5:BK28)/$J$29 -> #DIV/0! | BP29: =SUMPRODUCT($J$5:$J$28,BL5:BL28)/$J$29 -> #DIV/0! | BQ29: =SUMPRODUCT($K$5:$K$28,BQ5:BQ28)/$K$29 -> #DIV/0! | BR29: =SUMPRODUCT($K$5:$K$28,BR5:BR28)/$K$29 -> #DIV/0! | BS29: =SUMPRODUCT($K$5:$K$28,BS5:BS28)/$K$29 -> #DIV/0! | BT29: =SUMPRODUCT($K$5:$K$28,BT5:BT28)/$K$29 -> #DIV/0! | BU29: =SUMPRODUCT($L$5:$L$28,BU5:BU28)/$L$29 -> #DIV/0! | BV29: =SUMPRODUCT($L$5:$L$28,BV5:BV28)/$L$29 -> #DIV/0! | BW29: =SUMPRODUCT($L$5:$L$28,BW5:BW28)/$L$29 -> #DIV/0! | BX29: =SUMPRODUCT($L$5:$L$28,BX5:BX28)/$L$29 -> #DIV/0! | BY29: =SUMPRODUCT($L$5:$L$28,BY5:BY28)/$L$29 -> #DIV/0! | BZ29: =SUMPRODUCT($L$5:$L$28,BZ5:BZ28)/$L$29 -> #DIV/0! | CA29: =SUMPRODUCT($L$5:$L$28,CA5:CA28)/$L$29 -> #DIV/0! | CB29: =SUMPRODUCT($L$5:$L$28,CB5:CB28)/$L$29 -> #DIV/0! | ... CF29: =SUMPRODUCT($L$5:$L$28,CF5:CF28)/$L$29 -> #DIV/0! | CG29: =SUMPRODUCT($O$5:$O$28,CG5:CG28)/$O$29 -> #DIV/0! | CH29: =SUMPRODUCT($O$5:$O$28,CH5:CH28)/$O$29 -> #DIV/0! | CI29: =SUMPRODUCT($O$5:$O$28,CI5:CI28)/$O$29 -> #DIV/0! | CJ29: =SUMPRODUCT($O$5:$O$28,CJ5:CJ28)/$O$29 -> #DIV/0! | CK29: =SUMPRODUCT($Q$5:$Q$28,CK5:CK28)/$Q$29 -> #DIV/0! | CL29: =SUMPRODUCT($Q$5:$Q$28,CL5:CL28)/$Q$29 -> #DIV/0! | CM29: =SUMPRODUCT($Q$5:$Q$28,CM5:CM28)/$Q$29 -> #DIV/0! | CN29: =SUMPRODUCT($Q$5:$Q$28,CN5:CN28)/$Q$29 -> #DIV/0! | CO29: =SUMPRODUCT($T$5:$T$28,CO5:CO28)/$T$29 -> #DIV/0! | CP29: =SUMPRODUCT($T$5:$T$28,CP5:CP28)/$T$29 -> #DIV/0! | CQ29: =SUMPRODUCT($T$5:$T$28,CQ5:CQ28)/$T$29 -> #DIV/0! | CR29: =SUMPRODUCT($T$5:$T$28,CR5:CR28)/$T$29 -> #DIV/0! | CS29: =SUM(CO29:CQ29)=CR29 -> #DIV/0!
B30: % of total | C30: =C29/$E$29 -> #DIV/0! | D30: =D29/$E$29 -> #DIV/0! | E30: =E29/$E$29 -> #DIV/0! | F30: =F29/$Q$29 -> #DIV/0! | G30: =G29/$Q$29 -> #DIV/0! | H30: =H29/$Q$29 -> #DIV/0! | I30: =I29/$Q$29 -> #DIV/0! | K30: =K29/$Q$29 -> #DIV/0! | L30: =L29/$V$29 -> #DIV/0! | M30: =M29/$V$29 -> #DIV/0! | N30: =N29/$V$29 -> #DIV/0! | O30: =O29/$V$29 -> #DIV/0! | P30: =P29/$V$29 -> #DIV/0! | Q30: =Q29/$V$29 -> #DIV/0! | R30: =R29/$V$29 -> #DIV/0! | S30: =S29/$V$29 -> #DIV/0! | U30: =U29/$V$29 -> #DIV/0! | V30: =V29/$V$29 -> #DIV/0! | W30: =W29/$AG$29 -> #DIV/0! | X30: =X29/$AG$29 -> #DIV/0! | Y30: =Y29/$AG$29 -> #DIV/0! | Z30: =Z29/$AG$29 -> #DIV/0! | AB30: =AB29/$AG$29 -> #DIV/0! | AD30: Total forest stock (tons)= | AF30: =AE1*O29 -> 0 | AG30: Average yield (ton/ha) | CN30: =ABS(CN29-100%)<0.1% -> #DIV/0!
Q31: =Q29/SUM($Q$29:$S$29) -> #DIV/0! | R31: =R29/SUM($Q$29:$S$29) -> #DIV/0! | S31: =S29/SUM($Q$29:$S$29) -> #DIV/0! | V31: =SUM(T29:U29)=V29 -> TRUE | AA31: Total forest and shrub harvest in forest, prairies, and agrosylvopastoral (tons) | AF31: 1221131.7 | AG31: =AG29/Q29 -> #DIV/0! | AH31: =AH29/R29 -> #DIV/0! | AI31: =AI29/S29 -> #DIV/0! | AJ31: =AJ29/SUM(Q29:S29) -> #DIV/0! | AL31: =AJ29/'Yield-data'!O59 -> #DIV/0!
H32: Vegetable production | R32: Total area of Tunisia from official statistics = | V32: 16361000 | AD32: Annual harvest rate (%)= | AF32: =AF31/AF30 -> #DIV/0! | AJ32: =ABS(SUM(W29:AF29)-AJ29)<1 -> TRUE
H33: Early season | R33: Discripancy = | V33: =V29-V32 -> -16361000
H34: In season | M34: Share of the 5 Southern provinces in total rangeland area (%) = | R34: =SUM(R24:R28)/R29 -> #DIV/0!
H35: Late season
H36: Total | I36: =SUM(I33:I35) -> 0
H38: Double counted area= | J38: =I33+I35 -> 0

Sheet Yield-data
A3: No. | B3: Province | C3: Average yield (ton/ha)
C4: Cereals | D4: Legumes | E4: Vegetables | F4: Fruits | G4: Cultivated annual forages | H4: Alfalafa | I4: Pastoral areas | J4: Prairies | K4: Sylvo pastoral areas | L4: Forests and shrubs | M4: Average crop yield | N4: Average forage yield in rangelands | O4: Average yield (all lands)
A5: 1 | B5: Tunis | C5: =IFERROR('Area&production data'!W5/'Area&production data'!F5,0) -> 0 | D5: =IFERROR('Area&production data'!X5/'Area&production data'!G5,0) -> 0 | E5: =IFERROR('Area&production data'!Y5/'Area&production data'!H5,0) -> 0 | F5: =IFERROR('Area&production data'!Z5/'Area&production data'!I5,0) -> 0 | G5: =IFERROR('Area&production data'!AA5/'Area&production data'!J5,0) -> 0 | H5: =IFERROR('Area&production data'!AB5/'Area&production data'!K5,0) -> 0 | I5: =IFERROR('Area&production data'!AC5/'Area&production data'!L5,0) -> 0 | J5: =IFERROR('Area&production data'!AD5/'Area&production data'!M5,0) -> 0 | ... L5: =IFERROR('Area&production data'!AF5/'Area&production data'!O5,0) -> 0 | M5: =IFERROR('Area&production data'!AG5/'Area&production data'!Q5,"") | N5: =SUMPRODUCT(I5:K5,'Area&production data'!L5:N5)/SUM('Area&production data'!L5:N5) -> #DIV/0! | O5: =IFERROR('Area&production data'!AH5/'Area&production data'!R5,"")
A6: 2 | B6: Ariana | C6: =IFERROR('Area&production data'!W6/'Area&production data'!F6,0) -> 0 | D6: =IFERROR('Area&production data'!X6/'Area&production data'!G6,0) -> 0 | E6: =IFERROR('Area&production data'!Y6/'Area&production data'!H6,0) -> 0 | F6: =IFERROR('Area&production data'!Z6/'Area&production data'!I6,0) -> 0 | G6: =IFERROR('Area&production data'!AA6/'Area&production data'!J6,0) -> 0 | H6: =IFERROR('Area&production data'!AB6/'Area&production data'!K6,0) -> 0 | I6: =IFERROR('Area&production data'!AC6/'Area&production data'!L6,0) -> 0 | J6: =IFERROR('Area&production data'!AD6/'Area&production data'!M6,0) -> 0 | ... L6: =IFERROR('Area&production data'!AF6/'Area&production data'!O6,0) -> 0 | M6: =IFERROR('Area&production data'!AG6/'Area&production data'!Q6,"") | N6: =SUMPRODUCT(I6:K6,'Area&production data'!L6:N6)/SUM('Area&production data'!L6:N6) -> #DIV/0! | O6: =IFERROR('Area&production data'!AH6/'Area&production data'!R6,"")
A7: 3 | B7: La Manouba | C7: =IFERROR('Area&production data'!W7/'Area&production data'!F7,0) -> 0 | D7: =IFERROR('Area&production data'!X7/'Area&production data'!G7,0) -> 0 | E7: =IFERROR('Area&production data'!Y7/'Area&production data'!H7,0) -> 0 | F7: =IFERROR('Area&production data'!Z7/'Area&production data'!I7,0) -> 0 | G7: =IFERROR('Area&production data'!AA7/'Area&production data'!J7,0) -> 0 | H7: =IFERROR('Area&production data'!AB7/'Area&production data'!K7,0) -> 0 | I7: =IFERROR('Area&production data'!AC7/'Area&production data'!L7,0) -> 0 | J7: =IFERROR('Area&production data'!AD7/'Area&production data'!M7,0) -> 0 | ... L7: =IFERROR('Area&production data'!AF7/'Area&production data'!O7,0) -> 0 | M7: =IFERROR('Area&production data'!AG7/'Area&production data'!Q7,"") | N7: =SUMPRODUCT(I7:K7,'Area&production data'!L7:N7)/SUM('Area&production data'!L7:N7) -> #DIV/0! | O7: =IFERROR('Area&production data'!AH7/'Area&production data'!R7,"")
A8: 4 | B8: Ben Arous | C8: =IFERROR('Area&production data'!W8/'Area&production data'!F8,0) -> 0 | D8: =IFERROR('Area&production data'!X8/'Area&production data'!G8,0) -> 0 | E8: =IFERROR('Area&production data'!Y8/'Area&production data'!H8,0) -> 0 | F8: =IFERROR('Area&production data'!Z8/'Area&production data'!I8,0) -> 0 | G8: =IFERROR('Area&production data'!AA8/'Area&production data'!J8,0) -> 0 | H8: =IFERROR('Area&production data'!AB8/'Area&production data'!K8,0) -> 0 | I8: =IFERROR('Area&production data'!AC8/'Area&production data'!L8,0) -> 0 | J8: =IFERROR('Area&production data'!AD8/'Area&production data'!M8,0) -> 0 | ... L8: =IFERROR('Area&production data'!AF8/'Area&production data'!O8,0) -> 0 | M8: =IFERROR('Area&production data'!AG8/'Area&production data'!Q8,"") | N8: =SUMPRODUCT(I8:K8,'Area&production data'!L8:N8)/SUM('Area&production data'!L8:N8) -> #DIV/0! | O8: =IFERROR('Area&production data'!AH8/'Area&production data'!R8,"")
A9: 5 | B9: Nabeul | C9: =IFERROR('Area&production data'!W9/'Area&production data'!F9,0) -> 0 | D9: =IFERROR('Area&production data'!X9/'Area&production data'!G9,0) -> 0 | E9: =IFERROR('Area&production data'!Y9/'Area&production data'!H9,0) -> 0 | F9: =IFERROR('Area&production data'!Z9/'Area&production data'!I9,0) -> 0 | G9: =IFERROR('Area&production data'!AA9/'Area&production data'!J9,0) -> 0 | H9: =IFERROR('Area&production data'!AB9/'Area&production data'!K9,0) -> 0 | I9: =IFERROR('Area&production data'!AC9/'Area&production data'!L9,0) -> 0 | J9: =IFERROR('Area&production data'!AD9/'Area&production data'!M9,0) -> 0 | ... L9: =IFERROR('Area&production data'!AF9/'Area&production data'!O9,0) -> 0 | M9: =IFERROR('Area&production data'!AG9/'Area&production data'!Q9,"") | N9: =SUMPRODUCT(I9:K9,'Area&production data'!L9:N9)/SUM('Area&production data'!L9:N9) -> #DIV/0! | O9: =IFERROR('Area&production data'!AH9/'Area&production data'!R9,"")
A10: 6 | B10: Bizerte | C10: =IFERROR('Area&production data'!W10/'Area&production data'!F10,0) -> 0 | D10: =IFERROR('Area&production data'!X10/'Area&production data'!G10,0) -> 0 | E10: =IFERROR('Area&production data'!Y10/'Area&production data'!H10,0) -> 0 | F10: =IFERROR('Area&production data'!Z10/'Area&production data'!I10,0) -> 0 | G10: =IFERROR('Area&production data'!AA10/'Area&production data'!J10,0) -> 0 | H10: =IFERROR('Area&production data'!AB10/'Area&production data'!K10,0) -> 0 | I10: =IFERROR('Area&production data'!AC10/'Area&production data'!L10,0) -> 0 | J10: =IFERROR('Area&production data'!AD10/'Area&production data'!M10,0) -> 0 | ... L10: =IFERROR('Area&production data'!AF10/'Area&production data'!O10,0) -> 0 | M10: =IFERROR('Area&production data'!AG10/'Area&production data'!Q10,"") | N10: =SUMPRODUCT(I10:K10,'Area&production data'!L10:N10)/SUM('Area&production data'!L10:N10) -> #DIV/0! | O10: =IFERROR('Area&production data'!AH10/'Area&production data'!R10,"")
A11: 7 | B11: Zaghouan | C11: =IFERROR('Area&production data'!W11/'Area&production data'!F11,0) -> 0 | D11: =IFERROR('Area&production data'!X11/'Area&production data'!G11,0) -> 0 | E11: =IFERROR('Area&production data'!Y11/'Area&production data'!H11,0) -> 0 | F11: =IFERROR('Area&production data'!Z11/'Area&production data'!I11,0) -> 0 | G11: =IFERROR('Area&production data'!AA11/'Area&production data'!J11,0) -> 0 | H11: =IFERROR('Area&production data'!AB11/'Area&production data'!K11,0) -> 0 | I11: =IFERROR('Area&production data'!AC11/'Area&production data'!L11,0) -> 0 | J11: =IFERROR('Area&production data'!AD11/'Area&production data'!M11,0) -> 0 | ... L11: =IFERROR('Area&production data'!AF11/'Area&production data'!O11,0) -> 0 | M11: =IFERROR('Area&production data'!AG11/'Area&production data'!Q11,"") | N11: =SUMPRODUCT(I11:K11,'Area&production data'!L11:N11)/SUM('Area&production data'!L11:N11) -> #DIV/0! | O11: =IFERROR('Area&production data'!AH11/'Area&production data'!R11,"")
A12: 8 | B12: Béja | C12: =IFERROR('Area&production data'!W12/'Area&production data'!F12,0) -> 0 | D12: =IFERROR('Area&production data'!X12/'Area&production data'!G12,0) -> 0 | E12: =IFERROR('Area&production data'!Y12/'Area&production data'!H12,0) -> 0 | F12: =IFERROR('Area&production data'!Z12/'Area&production data'!I12,0) -> 0 | G12: =IFERROR('Area&production data'!AA12/'Area&production data'!J12,0) -> 0 | H12: =IFERROR('Area&production data'!AB12/'Area&production data'!K12,0) -> 0 | I12: =IFERROR('Area&production data'!AC12/'Area&production data'!L12,0) -> 0 | J12: =IFERROR('Area&production data'!AD12/'Area&production data'!M12,0) -> 0 | ... L12: =IFERROR('Area&production data'!AF12/'Area&production data'!O12,0) -> 0 | M12: =IFERROR('Area&production data'!AG12/'Area&production data'!Q12,"") | N12: =SUMPRODUCT(I12:K12,'Area&production data'!L12:N12)/SUM('Area&production data'!L12:N12) -> #DIV/0! | O12: =IFERROR('Area&production data'!AH12/'Area&production data'!R12,"")
A13: 9 | B13: Jendouba | C13: =IFERROR('Area&production data'!W13/'Area&production data'!F13,0) -> 0 | D13: =IFERROR('Area&production data'!X13/'Area&production data'!G13,0) -> 0 | E13: =IFERROR('Area&production data'!Y13/'Area&production data'!H13,0) -> 0 | F13: =IFERROR('Area&production data'!Z13/'Area&production data'!I13,0) -> 0 | G13: =IFERROR('Area&production data'!AA13/'Area&production data'!J13,0) -> 0 | H13: =IFERROR('Area&production data'!AB13/'Area&production data'!K13,0) -> 0 | I13: =IFERROR('Area&production data'!AC13/'Area&production data'!L13,0) -> 0 | J13: =IFERROR('Area&production data'!AD13/'Area&production data'!M13,0) -> 0 | ... L13: =IFERROR('Area&production data'!AF13/'Area&production data'!O13,0) -> 0 | M13: =IFERROR('Area&production data'!AG13/'Area&production data'!Q13,"") | N13: =SUMPRODUCT(I13:K13,'Area&production data'!L13:N13)/SUM('Area&production data'!L13:N13) -> #DIV/0! | O13: =IFERROR('Area&production data'!AH13/'Area&production data'!R13,"")
A14: 10 | B14: Le Kef | C14: =IFERROR('Area&production data'!W14/'Area&production data'!F14,0) -> 0 | D14: =IFERROR('Area&production data'!X14/'Area&production data'!G14,0) -> 0 | E14: =IFERROR('Area&production data'!Y14/'Area&production data'!H14,0) -> 0 | F14: =IFERROR('Area&production data'!Z14/'Area&production data'!I14,0) -> 0 | G14: =IFERROR('Area&production data'!AA14/'Area&production data'!J14,0) -> 0 | H14: =IFERROR('Area&production data'!AB14/'Area&production data'!K14,0) -> 0 | I14: =IFERROR('Area&production data'!AC14/'Area&production data'!L14,0) -> 0 | J14: =IFERROR('Area&production data'!AD14/'Area&production data'!M14,0) -> 0 | ... L14: =IFERROR('Area&production data'!AF14/'Area&production data'!O14,0) -> 0 | M14: =IFERROR('Area&production data'!AG14/'Area&production data'!Q14,"") | N14: =SUMPRODUCT(I14:K14,'Area&production data'!L14:N14)/SUM('Area&production data'!L14:N14) -> #DIV/0! | O14: =IFERROR('Area&production data'!AH14/'Area&production data'!R14,"")
A15: 11 | B15: Siliana | C15: =IFERROR('Area&production data'!W15/'Area&production data'!F15,0) -> 0 | D15: =IFERROR('Area&production data'!X15/'Area&production data'!G15,0) -> 0 | E15: =IFERROR('Area&production data'!Y15/'Area&production data'!H15,0) -> 0 | F15: =IFERROR('Area&production data'!Z15/'Area&production data'!I15,0) -> 0 | G15: =IFERROR('Area&production data'!AA15/'Area&production data'!J15,0) -> 0 | H15: =IFERROR('Area&production data'!AB15/'Area&production data'!K15,0) -> 0 | I15: =IFERROR('Area&production data'!AC15/'Area&production data'!L15,0) -> 0 | J15: =IFERROR('Area&production data'!AD15/'Area&production data'!M15,0) -> 0 | ... L15: =IFERROR('Area&production data'!AF15/'Area&production data'!O15,0) -> 0 | M15: =IFERROR('Area&production data'!AG15/'Area&production data'!Q15,"") | N15: =SUMPRODUCT(I15:K15,'Area&production data'!L15:N15)/SUM('Area&production data'!L15:N15) -> #DIV/0! | O15: =IFERROR('Area&production data'!AH15/'Area&production data'!R15,"")
A16: 12 | B16: Sousse | C16: =IFERROR('Area&production data'!W16/'Area&production data'!F16,0) -> 0 | D16: =IFERROR('Area&production data'!X16/'Area&production data'!G16,0) -> 0 | E16: =IFERROR('Area&production data'!Y16/'Area&production data'!H16,0) -> 0 | F16: =IFERROR('Area&production data'!Z16/'Area&production data'!I16,0) -> 0 | G16: =IFERROR('Area&production data'!AA16/'Area&production data'!J16,0) -> 0 | H16: =IFERROR('Area&production data'!AB16/'Area&production data'!K16,0) -> 0 | I16: =IFERROR('Area&production data'!AC16/'Area&production data'!L16,0) -> 0 | J16: =IFERROR('Area&production data'!AD16/'Area&production data'!M16,0) -> 0 | ... L16: =IFERROR('Area&production data'!AF16/'Area&production data'!O16,0) -> 0 | M16: =IFERROR('Area&production data'!AG16/'Area&production data'!Q16,"") | N16: =SUMPRODUCT(I16:K16,'Area&production data'!L16:N16)/SUM('Area&production data'!L16:N16) -> #DIV/0! | O16: =IFERROR('Area&production data'!AH16/'Area&production data'!R16,"")
... A28: 24 | B28: Kébili | C28: =IFERROR('Area&production data'!W28/'Area&production data'!F28,0) -> 0 | D28: =IFERROR('Area&production data'!X28/'Area&production data'!G28,0) -> 0 | E28: =IFERROR('Area&production data'!Y28/'Area&production data'!H28,0) -> 0 | F28: =IFERROR('Area&production data'!Z28/'Area&production data'!I28,0) -> 0 | G28: =IFERROR('Area&production data'!AA28/'Area&production data'!J28,0) -> 0 | H28: =IFERROR('Area&production data'!AB28/'Area&production data'!K28,0) -> 0 | I28: =IFERROR('Area&production data'!AC28/'Area&production data'!L28,0) -> 0 | J28: =IFERROR('Area&production data'!AD28/'Area&production data'!M28,0) -> 0 | ... L28: =IFERROR('Area&production data'!AF28/'Area&production data'!O28,0) -> 0 | M28: =IFERROR('Area&production data'!AG28/'Area&production data'!Q28,"") | N28: =SUMPRODUCT(I28:K28,'Area&production data'!L28:N28)/SUM('Area&production data'!L28:N28) -> #DIV/0! | O28: =IFERROR('Area&production data'!AH28/'Area&production data'!R28,"")
B29: Total Tunisia | C29: =IFERROR('Area&production data'!W29/'Area&production data'!F29,0) -> 0 | D29: =IFERROR('Area&production data'!X29/'Area&production data'!G29,0) -> 0 | E29: =IFERROR('Area&production data'!Y29/'Area&production data'!H29,0) -> 0 | F29: =IFERROR('Area&production data'!Z29/'Area&production data'!I29,0) -> 0 | G29: =IFERROR('Area&production data'!AA29/'Area&production data'!J29,0) -> 0 | H29: =IFERROR('Area&production data'!AB29/'Area&production data'!K29,0) -> 0 | I29: =IFERROR('Area&production data'!AC29/'Area&production data'!L29,0) -> 0 | J29: =IFERROR('Area&production data'!AD29/'Area&production data'!M29,0) -> 0 | ... L29: =IFERROR('Area&production data'!AF29/'Area&production data'!O29,0) -> 0 | M29: =IFERROR('Area&production data'!AG29/'Area&production data'!Q29,"") | N29: =IFERROR('Area&production data'!AH29/'Area&production data'!R29,"") | O29: =IFERROR('Area&production data'!AH29/'Area&production data'!R29,"")
B33: Province | C33: Total production in one season
C34: Cereals | D34: Legumes | E34: Vegetables | F34: Fruits | G34: Cultivated annual forages | H34: Alfalafa | I34: Pastoral areas | J34: Prairies | K34: Sylvo pastoral areas | L34: Forests and shrubs | M34: Total Crop production | O34: Total biomass production
A35: 1 | B35: Tunis | C35: =IFERROR(C5*'Area&production data'!F5,"") -> 0 | D35: =IFERROR(D5*'Area&production data'!G5,"") -> 0 | E35: =IFERROR(E5*'Area&production data'!H5,"") -> 0 | F35: =IFERROR(F5*'Area&production data'!I5,"") -> 0 | G35: =IFERROR(G5*'Area&production data'!J5,"") -> 0 | H35: =IFERROR(H5*'Area&production data'!K5,"") -> 0 | I35: =IFERROR(I5*'Area&production data'!L5,"") -> 0 | J35: =IFERROR(J5*'Area&production data'!M5,"") -> 0 | ... L35: =IFERROR(L5*'Area&production data'!O5,"") -> 0 | M35: =SUM(C35:H35) -> 0 | O35: =SUM(C35:L35) -> 0
A36: 2 | B36: Ariana | C36: =IFERROR(C6*'Area&production data'!F6,"") -> 0 | D36: =IFERROR(D6*'Area&production data'!G6,"") -> 0 | E36: =IFERROR(E6*'Area&production data'!H6,"") -> 0 | F36: =IFERROR(F6*'Area&production data'!I6,"") -> 0 | G36: =IFERROR(G6*'Area&production data'!J6,"") -> 0 | H36: =IFERROR(H6*'Area&production data'!K6,"") -> 0 | I36: =IFERROR(I6*'Area&production data'!L6,"") -> 0 | J36: =IFERROR(J6*'Area&production data'!M6,"") -> 0 | ... L36: =IFERROR(L6*'Area&production data'!O6,"") -> 0 | M36: =SUM(C36:H36) -> 0 | O36: =SUM(C36:L36) -> 0
A37: 3 | B37: La Manouba | C37: =IFERROR(C7*'Area&production data'!F7,"") -> 0 | D37: =IFERROR(D7*'Area&production data'!G7,"") -> 0 | E37: =IFERROR(E7*'Area&production data'!H7,"") -> 0 | F37: =IFERROR(F7*'Area&production data'!I7,"") -> 0 | G37: =IFERROR(G7*'Area&production data'!J7,"") -> 0 | H37: =IFERROR(H7*'Area&production data'!K7,"") -> 0 | I37: =IFERROR(I7*'Area&production data'!L7,"") -> 0 | J37: =IFERROR(J7*'Area&production data'!M7,"") -> 0 | ... L37: =IFERROR(L7*'Area&production data'!O7,"") -> 0 | M37: =SUM(C37:H37) -> 0 | O37: =SUM(C37:L37) -> 0
A38: 4 | B38: Ben Arous | C38: =IFERROR(C8*'Area&production data'!F8,"") -> 0 | D38: =IFERROR(D8*'Area&production data'!G8,"") -> 0 | E38: =IFERROR(E8*'Area&production data'!H8,"") -> 0 | F38: =IFERROR(F8*'Area&production data'!I8,"") -> 0 | G38: =IFERROR(G8*'Area&production data'!J8,"") -> 0 | H38: =IFERROR(H8*'Area&production data'!K8,"") -> 0 | I38: =IFERROR(I8*'Area&production data'!L8,"") -> 0 | J38: =IFERROR(J8*'Area&production data'!M8,"") -> 0 | ... L38: =IFERROR(L8*'Area&production data'!O8,"") -> 0 | M38: =SUM(C38:H38) -> 0 | O38: =SUM(C38:L38) -> 0
A39: 5 | B39: Nabeul | C39: =IFERROR(C9*'Area&production data'!F9,"") -> 0 | D39: =IFERROR(D9*'Area&production data'!G9,"") -> 0 | E39: =IFERROR(E9*'Area&production data'!H9,"") -> 0 | F39: =IFERROR(F9*'Area&production data'!I9,"") -> 0 | G39: =IFERROR(G9*'Area&production data'!J9,"") -> 0 | H39: =IFERROR(H9*'Area&production data'!K9,"") -> 0 | I39: =IFERROR(I9*'Area&production data'!L9,"") -> 0 | J39: =IFERROR(J9*'Area&production data'!M9,"") -> 0 | ... L39: =IFERROR(L9*'Area&production data'!O9,"") -> 0 | M39: =SUM(C39:H39) -> 0 | O39: =SUM(C39:L39) -> 0
A40: 6 | B40: Bizerte | C40: =IFERROR(C10*'Area&production data'!F10,"") -> 0 | D40: =IFERROR(D10*'Area&production data'!G10,"") -> 0 | E40: =IFERROR(E10*'Area&production data'!H10,"") -> 0 | F40: =IFERROR(F10*'Area&production data'!I10,"") -> 0 | G40: =IFERROR(G10*'Area&production data'!J10,"") -> 0 | H40: =IFERROR(H10*'Area&production data'!K10,"") -> 0 | I40: =IFERROR(I10*'Area&production data'!L10,"") -> 0 | J40: =IFERROR(J10*'Area&production data'!M10,"") -> 0 | ... L40: =IFERROR(L10*'Area&production data'!O10,"") -> 0 | M40: =SUM(C40:H40) -> 0 | O40: =SUM(C40:L40) -> 0
A41: 7 | B41: Zaghouan | C41: =IFERROR(C11*'Area&production data'!F11,"") -> 0 | D41: =IFERROR(D11*'Area&production data'!G11,"") -> 0 | E41: =IFERROR(E11*'Area&production data'!H11,"") -> 0 | F41: =IFERROR(F11*'Area&production data'!I11,"") -> 0 | G41: =IFERROR(G11*'Area&production data'!J11,"") -> 0 | H41: =IFERROR(H11*'Area&production data'!K11,"") -> 0 | I41: =IFERROR(I11*'Area&production data'!L11,"") -> 0 | J41: =IFERROR(J11*'Area&production data'!M11,"") -> 0 | ... L41: =IFERROR(L11*'Area&production data'!O11,"") -> 0 | M41: =SUM(C41:H41) -> 0 | O41: =SUM(C41:L41) -> 0
A42: 8 | B42: Béja | C42: =IFERROR(C12*'Area&production data'!F12,"") -> 0 | D42: =IFERROR(D12*'Area&production data'!G12,"") -> 0 | E42: =IFERROR(E12*'Area&production data'!H12,"") -> 0 | F42: =IFERROR(F12*'Area&production data'!I12,"") -> 0 | G42: =IFERROR(G12*'Area&production data'!J12,"") -> 0 | H42: =IFERROR(H12*'Area&production data'!K12,"") -> 0 | I42: =IFERROR(I12*'Area&production data'!L12,"") -> 0 | J42: =IFERROR(J12*'Area&production data'!M12,"") -> 0 | ... L42: =IFERROR(L12*'Area&production data'!O12,"") -> 0 | M42: =SUM(C42:H42) -> 0 | O42: =SUM(C42:L42) -> 0
A43: 9 | B43: Jendouba | C43: =IFERROR(C13*'Area&production data'!F13,"") -> 0 | D43: =IFERROR(D13*'Area&production data'!G13,"") -> 0 | E43: =IFERROR(E13*'Area&production data'!H13,"") -> 0 | F43: =IFERROR(F13*'Area&production data'!I13,"") -> 0 | G43: =IFERROR(G13*'Area&production data'!J13,"") -> 0 | H43: =IFERROR(H13*'Area&production data'!K13,"") -> 0 | I43: =IFERROR(I13*'Area&production data'!L13,"") -> 0 | J43: =IFERROR(J13*'Area&production data'!M13,"") -> 0 | ... L43: =IFERROR(L13*'Area&production data'!O13,"") -> 0 | M43: =SUM(C43:H43) -> 0 | O43: =SUM(C43:L43) -> 0
A44: 10 | B44: Le Kef | C44: =IFERROR(C14*'Area&production data'!F14,"") -> 0 | D44: =IFERROR(D14*'Area&production data'!G14,"") -> 0 | E44: =IFERROR(E14*'Area&production data'!H14,"") -> 0 | F44: =IFERROR(F14*'Area&production data'!I14,"") -> 0 | G44: =IFERROR(G14*'Area&production data'!J14,"") -> 0 | H44: =IFERROR(H14*'Area&production data'!K14,"") -> 0 | I44: =IFERROR(I14*'Area&production data'!L14,"") -> 0 | J44: =IFERROR(J14*'Area&production data'!M14,"") -> 0 | ... L44: =IFERROR(L14*'Area&production data'!O14,"") -> 0 | M44: =SUM(C44:H44) -> 0 | O44: =SUM(C44:L44) -> 0
A45: 11 | B45: Siliana | C45: =IFERROR(C15*'Area&production data'!F15,"") -> 0 | D45: =IFERROR(D15*'Area&production data'!G15,"") -> 0 | E45: =IFERROR(E15*'Area&production data'!H15,"") -> 0 | F45: =IFERROR(F15*'Area&production data'!I15,"") -> 0 | G45: =IFERROR(G15*'Area&production data'!J15,"") -> 0 | H45: =IFERROR(H15*'Area&production data'!K15,"") -> 0 | I45: =IFERROR(I15*'Area&production data'!L15,"") -> 0 | J45: =IFERROR(J15*'Area&production data'!M15,"") -> 0 | ... L45: =IFERROR(L15*'Area&production data'!O15,"") -> 0 | M45: =SUM(C45:H45) -> 0 | O45: =SUM(C45:L45) -> 0
A46: 12 | B46: Sousse | C46: =IFERROR(C16*'Area&production data'!F16,"") -> 0 | D46: =IFERROR(D16*'Area&production data'!G16,"") -> 0 | E46: =IFERROR(E16*'Area&production data'!H16,"") -> 0 | F46: =IFERROR(F16*'Area&production data'!I16,"") -> 0 | G46: =IFERROR(G16*'Area&production data'!J16,"") -> 0 | H46: =IFERROR(H16*'Area&production data'!K16,"") -> 0 | I46: =IFERROR(I16*'Area&production data'!L16,"") -> 0 | J46: =IFERROR(J16*'Area&production data'!M16,"") -> 0 | ... L46: =IFERROR(L16*'Area&production data'!O16,"") -> 0 | M46: =SUM(C46:H46) -> 0 | O46: =SUM(C46:L46) -> 0
... A58: 24 | B58: Kébili | C58: =IFERROR(C28*'Area&production data'!F28,"") -> 0 | D58: =IFERROR(D28*'Area&production data'!G28,"") -> 0 | E58: =IFERROR(E28*'Area&production data'!H28,"") -> 0 | F58: =IFERROR(F28*'Area&production data'!I28,"") -> 0 | G58: =IFERROR(G28*'Area&production data'!J28,"") -> 0 | H58: =IFERROR(H28*'Area&production data'!K28,"") -> 0 | I58: =IFERROR(I28*'Area&production data'!L28,"") -> 0 | J58: =IFERROR(J28*'Area&production data'!M28,"") -> 0 | ... L58: =IFERROR(L28*'Area&production data'!O28,"") -> 0 | M58: =SUM(C58:H58) -> 0 | O58: =SUM(C58:L58) -> 0
B59: Total Tunisia | C59: =SUM(C35:C58) -> 0 | D59: =SUM(D35:D58) -> 0 | E59: =SUM(E35:E58) -> 0 | F59: =SUM(F35:F58) -> 0 | G59: =SUM(G35:G58) -> 0 | H59: =SUM(H35:H58) -> 0 | I59: =SUM(I35:I58) -> 0 | J59: =SUM(J35:J58) -> 0 | ... L59: =SUM(L35:L58) -> 0 | M59: =SUM(C59:H59) -> 0 | O59: =SUM(C59:L59) -> 0 | P59: =SUM(O35:O58)=O59 -> TRUE
M60: =SUM(M35:M58)=M59 -> TRUE

Sheet Value of production
H1: Average forest biomass in Tunisia (ton/ha) = | M1: 58.74 | N1: Source: | O1: https://ourworldindata.org/grapher/above-ground-biomass-in-forest-per-hectare
A2: Area and production figures are for 2020 | H2: Annual allowable cuts | M2: 0.1
A3: No. | B3: Province | C3: Total value (US$) | O3: Average value of production (US$/ha)
C4: Cereals | D4: Legumes | E4: Vegetables | F4: Fruits | G4: Cultivated annual forages | H4: Alfalafa | I4: Pastoral areas | J4: Prairies | K4: Sylvo pastoral areas | L4: Forests and shrubs | M4: Total value of production (US$) | O4: Crops | P4: Forests & Shrubs | Q4: Pastoral areas | R4: Prairies | S4: Sylvo pastoral areas | T4: All rangelands | U4: Total
A5: 1 | B5: Tunis | C5: =IFERROR('Prices,exch.rates,harvest index'!$M$21*'Area&production data'!W5+'Prices,exch.rates,harvest index'!$N$21*'Value of production'!$C$33*'Area&production data'!W5,"") | D5: =IFERROR('Prices,exch.rates,harvest index'!$M$22*'Area&production data'!X5+'Prices,exch.rates,harvest index'!$N$22*'Value of production'!$D$33*'Area&production data'!X5,"") | E5: =IFERROR('Prices,exch.rates,harvest index'!$M$23*'Area&production data'!Y5,"") | F5: =IFERROR('Prices,exch.rates,harvest index'!$M$24*'Area&production data'!Z5,"") -> 0 | G5: =IFERROR('Prices,exch.rates,harvest index'!$M$25*'Area&production data'!AA5,"") | H5: =IFERROR('Prices,exch.rates,harvest index'!$G$38*'Area&production data'!AB5,"") -> 0 | I5: =IFERROR('Prices,exch.rates,harvest index'!$M$27*'Area&production data'!AC5,"") -> 0 | J5: =IFERROR('Prices,exch.rates,harvest index'!$M$28*'Area&production data'!AD5,"") -> 0 | K5: =IFERROR('Prices,exch.rates,harvest index'!$M$29*'Area&production data'!AE5,"") -> 0 | L5: =IFERROR('Prices,exch.rates,harvest index'!$M$30*'Area&production data'!AF5,"") -> 0 | M5: =SUM(C5:L5) -> 0 | O5: =IFERROR(SUM(C5:H5)/'Area&production data'!Q5,"") | P5: =IFERROR(L5/'Area&production data'!O5,"") | Q5: =IFERROR(I5/'Area&production data'!L5,"") | R5: =IFERROR(J5/'Area&production data'!M5,"") | S5: =IFERROR(K5/'Area&production data'!N5,"") | T5: =IFERROR(SUM(I5:K5)/SUM('Area&production data'!L5:N5),"") | U5: =IFERROR(M5/'Area&production data'!V5,"")
A6: 2 | B6: Ariana | C6: =IFERROR('Prices,exch.rates,harvest index'!$M$21*'Area&production data'!W6+'Prices,exch.rates,harvest index'!$N$21*'Value of production'!$C$33*'Area&production data'!W6,"") | D6: =IFERROR('Prices,exch.rates,harvest index'!$M$22*'Area&production data'!X6+'Prices,exch.rates,harvest index'!$N$22*'Value of production'!$D$33*'Area&production data'!X6,"") | E6: =IFERROR('Prices,exch.rates,harvest index'!$M$23*'Area&production data'!Y6,"") | F6: =IFERROR('Prices,exch.rates,harvest index'!$M$24*'Area&production data'!Z6,"") -> 0 | G6: =IFERROR('Prices,exch.rates,harvest index'!$M$25*'Area&production data'!AA6,"") | H6: =IFERROR('Prices,exch.rates,harvest index'!$G$38*'Area&production data'!AB6,"") -> 0 | I6: =IFERROR('Prices,exch.rates,harvest index'!$M$27*'Area&production data'!AC6,"") -> 0 | J6: =IFERROR('Prices,exch.rates,harvest index'!$M$28*'Area&production data'!AD6,"") -> 0 | K6: =IFERROR('Prices,exch.rates,harvest index'!$M$29*'Area&production data'!AE6,"") -> 0 | L6: =IFERROR('Prices,exch.rates,harvest index'!$M$30*'Area&production data'!AF6,"") -> 0 | M6: =SUM(C6:L6) -> 0 | O6: =IFERROR(SUM(C6:H6)/'Area&production data'!Q6,"") | P6: =IFERROR(L6/'Area&production data'!O6,"") | Q6: =IFERROR(I6/'Area&production data'!L6,"") | R6: =IFERROR(J6/'Area&production data'!M6,"") | S6: =IFERROR(K6/'Area&production data'!N6,"") | T6: =IFERROR(SUM(I6:K6)/SUM('Area&production data'!L6:N6),"") | U6: =IFERROR(M6/'Area&production data'!V6,"")
A7: 3 | B7: La Manouba | C7: =IFERROR('Prices,exch.rates,harvest index'!$M$21*'Area&production data'!W7+'Prices,exch.rates,harvest index'!$N$21*'Value of production'!$C$33*'Area&production data'!W7,"") | D7: =IFERROR('Prices,exch.rates,harvest index'!$M$22*'Area&production data'!X7+'Prices,exch.rates,harvest index'!$N$22*'Value of production'!$D$33*'Area&production data'!X7,"") | E7: =IFERROR('Prices,exch.rates,harvest index'!$M$23*'Area&production data'!Y7,"") | F7: =IFERROR('Prices,exch.rates,harvest index'!$M$24*'Area&production data'!Z7,"") -> 0 | G7: =IFERROR('Prices,exch.rates,harvest index'!$M$25*'Area&production data'!AA7,"") | H7: =IFERROR('Prices,exch.rates,harvest index'!$G$38*'Area&production data'!AB7,"") -> 0 | I7: =IFERROR('Prices,exch.rates,harvest index'!$M$27*'Area&production data'!AC7,"") -> 0 | J7: =IFERROR('Prices,exch.rates,harvest index'!$M$28*'Area&production data'!AD7,"") -> 0 | K7: =IFERROR('Prices,exch.rates,harvest index'!$M$29*'Area&production data'!AE7,"") -> 0 | L7: =IFERROR('Prices,exch.rates,harvest index'!$M$30*'Area&production data'!AF7,"") -> 0 | M7: =SUM(C7:L7) -> 0 | O7: =IFERROR(SUM(C7:H7)/'Area&production data'!Q7,"") | P7: =IFERROR(L7/'Area&production data'!O7,"") | Q7: =IFERROR(I7/'Area&production data'!L7,"") | R7: =IFERROR(J7/'Area&production data'!M7,"") | S7: =IFERROR(K7/'Area&production data'!N7,"") | T7: =IFERROR(SUM(I7:K7)/SUM('Area&production data'!L7:N7),"") | U7: =IFERROR(M7/'Area&production data'!V7,"")
A8: 4 | B8: Ben Arous | C8: =IFERROR('Prices,exch.rates,harvest index'!$M$21*'Area&production data'!W8+'Prices,exch.rates,harvest index'!$N$21*'Value of production'!$C$33*'Area&production data'!W8,"") | D8: =IFERROR('Prices,exch.rates,harvest index'!$M$22*'Area&production data'!X8+'Prices,exch.rates,harvest index'!$N$22*'Value of production'!$D$33*'Area&production data'!X8,"") | E8: =IFERROR('Prices,exch.rates,harvest index'!$M$23*'Area&production data'!Y8,"") | F8: =IFERROR('Prices,exch.rates,harvest index'!$M$24*'Area&production data'!Z8,"") -> 0 | G8: =IFERROR('Prices,exch.rates,harvest index'!$M$25*'Area&production data'!AA8,"") | H8: =IFERROR('Prices,exch.rates,harvest index'!$G$38*'Area&production data'!AB8,"") -> 0 | I8: =IFERROR('Prices,exch.rates,harvest index'!$M$27*'Area&production data'!AC8,"") -> 0 | J8: =IFERROR('Prices,exch.rates,harvest index'!$M$28*'Area&production data'!AD8,"") -> 0 | K8: =IFERROR('Prices,exch.rates,harvest index'!$M$29*'Area&production data'!AE8,"") -> 0 | L8: =IFERROR('Prices,exch.rates,harvest index'!$M$30*'Area&production data'!AF8,"") -> 0 | M8: =SUM(C8:L8) -> 0 | O8: =IFERROR(SUM(C8:H8)/'Area&production data'!Q8,"") | P8: =IFERROR(L8/'Area&production data'!O8,"") | Q8: =IFERROR(I8/'Area&production data'!L8,"") | R8: =IFERROR(J8/'Area&production data'!M8,"") | S8: =IFERROR(K8/'Area&production data'!N8,"") | T8: =IFERROR(SUM(I8:K8)/SUM('Area&production data'!L8:N8),"") | U8: =IFERROR(M8/'Area&production data'!V8,"")
A9: 5 | B9: Nabeul | C9: =IFERROR('Prices,exch.rates,harvest index'!$M$21*'Area&production data'!W9+'Prices,exch.rates,harvest index'!$N$21*'Value of production'!$C$33*'Area&production data'!W9,"") | D9: =IFERROR('Prices,exch.rates,harvest index'!$M$22*'Area&production data'!X9+'Prices,exch.rates,harvest index'!$N$22*'Value of production'!$D$33*'Area&production data'!X9,"") | E9: =IFERROR('Prices,exch.rates,harvest index'!$M$23*'Area&production data'!Y9,"") | F9: =IFERROR('Prices,exch.rates,harvest index'!$M$24*'Area&production data'!Z9,"") -> 0 | G9: =IFERROR('Prices,exch.rates,harvest index'!$M$25*'Area&production data'!AA9,"") | H9: =IFERROR('Prices,exch.rates,harvest index'!$G$38*'Area&production data'!AB9,"") -> 0 | I9: =IFERROR('Prices,exch.rates,harvest index'!$M$27*'Area&production data'!AC9,"") -> 0 | J9: =IFERROR('Prices,exch.rates,harvest index'!$M$28*'Area&production data'!AD9,"") -> 0 | K9: =IFERROR('Prices,exch.rates,harvest index'!$M$29*'Area&production data'!AE9,"") -> 0 | L9: =IFERROR('Prices,exch.rates,harvest index'!$M$30*'Area&production data'!AF9,"") -> 0 | M9: =SUM(C9:L9) -> 0 | O9: =IFERROR(SUM(C9:H9)/'Area&production data'!Q9,"") | P9: =IFERROR(L9/'Area&production data'!O9,"") | Q9: =IFERROR(I9/'Area&production data'!L9,"") | R9: =IFERROR(J9/'Area&production data'!M9,"") | S9: =IFERROR(K9/'Area&production data'!N9,"") | T9: =IFERROR(SUM(I9:K9)/SUM('Area&production data'!L9:N9),"") | U9: =IFERROR(M9/'Area&production data'!V9,"")
A10: 6 | B10: Bizerte | C10: =IFERROR('Prices,exch.rates,harvest index'!$M$21*'Area&production data'!W10+'Prices,exch.rates,harvest index'!$N$21*'Value of production'!$C$33*'Area&production data'!W10,"") | D10: =IFERROR('Prices,exch.rates,harvest index'!$M$22*'Area&production data'!X10+'Prices,exch.rates,harvest index'!$N$22*'Value of production'!$D$33*'Area&production data'!X10,"") | E10: =IFERROR('Prices,exch.rates,harvest index'!$M$23*'Area&production data'!Y10,"") | F10: =IFERROR('Prices,exch.rates,harvest index'!$M$24*'Area&production data'!Z10,"") -> 0 | G10: =IFERROR('Prices,exch.rates,harvest index'!$M$25*'Area&production data'!AA10,"") | H10: =IFERROR('Prices,exch.rates,harvest index'!$G$38*'Area&production data'!AB10,"") -> 0 | I10: =IFERROR('Prices,exch.rates,harvest index'!$M$27*'Area&production data'!AC10,"") -> 0 | J10: =IFERROR('Prices,exch.rates,harvest index'!$M$28*'Area&production data'!AD10,"") -> 0 | K10: =IFERROR('Prices,exch.rates,harvest index'!$M$29*'Area&production data'!AE10,"") -> 0 | L10: =IFERROR('Prices,exch.rates,harvest index'!$M$30*'Area&production data'!AF10,"") -> 0 | M10: =SUM(C10:L10) -> 0 | O10: =IFERROR(SUM(C10:H10)/'Area&production data'!Q10,"") | P10: =IFERROR(L10/'Area&production data'!O10,"") | Q10: =IFERROR(I10/'Area&production data'!L10,"") | R10: =IFERROR(J10/'Area&production data'!M10,"") | S10: =IFERROR(K10/'Area&production data'!N10,"") | T10: =IFERROR(SUM(I10:K10)/SUM('Area&production data'!L10:N10),"") | U10: =IFERROR(M10/'Area&production data'!V10,"")
A11: 7 | B11: Zaghouan | C11: =IFERROR('Prices,exch.rates,harvest index'!$M$21*'Area&production data'!W11+'Prices,exch.rates,harvest index'!$N$21*'Value of production'!$C$33*'Area&production data'!W11,"") | D11: =IFERROR('Prices,exch.rates,harvest index'!$M$22*'Area&production data'!X11+'Prices,exch.rates,harvest index'!$N$22*'Value of production'!$D$33*'Area&production data'!X11,"") | E11: =IFERROR('Prices,exch.rates,harvest index'!$M$23*'Area&production data'!Y11,"") | F11: =IFERROR('Prices,exch.rates,harvest index'!$M$24*'Area&production data'!Z11,"") -> 0 | G11: =IFERROR('Prices,exch.rates,harvest index'!$M$25*'Area&production data'!AA11,"") | H11: =IFERROR('Prices,exch.rates,harvest index'!$G$38*'Area&production data'!AB11,"") -> 0 | I11: =IFERROR('Prices,exch.rates,harvest index'!$M$27*'Area&production data'!AC11,"") -> 0 | J11: =IFERROR('Prices,exch.rates,harvest index'!$M$28*'Area&production data'!AD11,"") -> 0 | K11: =IFERROR('Prices,exch.rates,harvest index'!$M$29*'Area&production data'!AE11,"") -> 0 | L11: =IFERROR('Prices,exch.rates,harvest index'!$M$30*'Area&production data'!AF11,"") -> 0 | M11: =SUM(C11:L11) -> 0 | O11: =IFERROR(SUM(C11:H11)/'Area&production data'!Q11,"") | P11: =IFERROR(L11/'Area&production data'!O11,"") | Q11: =IFERROR(I11/'Area&production data'!L11,"") | R11: =IFERROR(J11/'Area&production data'!M11,"") | S11: =IFERROR(K11/'Area&production data'!N11,"") | T11: =IFERROR(SUM(I11:K11)/SUM('Area&production data'!L11:N11),"") | U11: =IFERROR(M11/'Area&production data'!V11,"")
A12: 8 | B12: Béja | C12: =IFERROR('Prices,exch.rates,harvest index'!$M$21*'Area&production data'!W12+'Prices,exch.rates,harvest index'!$N$21*'Value of production'!$C$33*'Area&production data'!W12,"") | D12: =IFERROR('Prices,exch.rates,harvest index'!$M$22*'Area&production data'!X12+'Prices,exch.rates,harvest index'!$N$22*'Value of production'!$D$33*'Area&production data'!X12,"") | E12: =IFERROR('Prices,exch.rates,harvest index'!$M$23*'Area&production data'!Y12,"") | F12: =IFERROR('Prices,exch.rates,harvest index'!$M$24*'Area&production data'!Z12,"") -> 0 | G12: =IFERROR('Prices,exch.rates,harvest index'!$M$25*'Area&production data'!AA12,"") | H12: =IFERROR('Prices,exch.rates,harvest index'!$G$38*'Area&production data'!AB12,"") -> 0 | I12: =IFERROR('Prices,exch.rates,harvest index'!$M$27*'Area&production data'!AC12,"") -> 0 | J12: =IFERROR('Prices,exch.rates,harvest index'!$M$28*'Area&production data'!AD12,"") -> 0 | K12: =IFERROR('Prices,exch.rates,harvest index'!$M$29*'Area&production data'!AE12,"") -> 0 | L12: =IFERROR('Prices,exch.rates,harvest index'!$M$30*'Area&production data'!AF12,"") -> 0 | M12: =SUM(C12:L12) -> 0 | O12: =IFERROR(SUM(C12:H12)/'Area&production data'!Q12,"") | P12: =IFERROR(L12/'Area&production data'!O12,"") | Q12: =IFERROR(I12/'Area&production data'!L12,"") | R12: =IFERROR(J12/'Area&production data'!M12,"") | S12: =IFERROR(K12/'Area&production data'!N12,"") | T12: =IFERROR(SUM(I12:K12)/SUM('Area&production data'!L12:N12),"") | U12: =IFERROR(M12/'Area&production data'!V12,"")
A13: 9 | B13: Jendouba | C13: =IFERROR('Prices,exch.rates,harvest index'!$M$21*'Area&production data'!W13+'Prices,exch.rates,harvest index'!$N$21*'Value of production'!$C$33*'Area&production data'!W13,"") | D13: =IFERROR('Prices,exch.rates,harvest index'!$M$22*'Area&production data'!X13+'Prices,exch.rates,harvest index'!$N$22*'Value of production'!$D$33*'Area&production data'!X13,"") | E13: =IFERROR('Prices,exch.rates,harvest index'!$M$23*'Area&production data'!Y13,"") | F13: =IFERROR('Prices,exch.rates,harvest index'!$M$24*'Area&production data'!Z13,"") -> 0 | G13: =IFERROR('Prices,exch.rates,harvest index'!$M$25*'Area&production data'!AA13,"") | H13: =IFERROR('Prices,exch.rates,harvest index'!$G$38*'Area&production data'!AB13,"") -> 0 | I13: =IFERROR('Prices,exch.rates,harvest index'!$M$27*'Area&production data'!AC13,"") -> 0 | J13: =IFERROR('Prices,exch.rates,harvest index'!$M$28*'Area&production data'!AD13,"") -> 0 | K13: =IFERROR('Prices,exch.rates,harvest index'!$M$29*'Area&production data'!AE13,"") -> 0 | L13: =IFERROR('Prices,exch.rates,harvest index'!$M$30*'Area&production data'!AF13,"") -> 0 | M13: =SUM(C13:L13) -> 0 | O13: =IFERROR(SUM(C13:H13)/'Area&production data'!Q13,"") | P13: =IFERROR(L13/'Area&production data'!O13,"") | Q13: =IFERROR(I13/'Area&production data'!L13,"") | R13: =IFERROR(J13/'Area&production data'!M13,"") | S13: =IFERROR(K13/'Area&production data'!N13,"") | T13: =IFERROR(SUM(I13:K13)/SUM('Area&production data'!L13:N13),"") | U13: =IFERROR(M13/'Area&production data'!V13,"")
A14: 10 | B14: Le Kef | C14: =IFERROR('Prices,exch.rates,harvest index'!$M$21*'Area&production data'!W14+'Prices,exch.rates,harvest index'!$N$21*'Value of production'!$C$33*'Area&production data'!W14,"") | D14: =IFERROR('Prices,exch.rates,harvest index'!$M$22*'Area&production data'!X14+'Prices,exch.rates,harvest index'!$N$22*'Value of production'!$D$33*'Area&production data'!X14,"") | E14: =IFERROR('Prices,exch.rates,harvest index'!$M$23*'Area&production data'!Y14,"") | F14: =IFERROR('Prices,exch.rates,harvest index'!$M$24*'Area&production data'!Z14,"") -> 0 | G14: =IFERROR('Prices,exch.rates,harvest index'!$M$25*'Area&production data'!AA14,"") | H14: =IFERROR('Prices,exch.rates,harvest index'!$G$38*'Area&production data'!AB14,"") -> 0 | I14: =IFERROR('Prices,exch.rates,harvest index'!$M$27*'Area&production data'!AC14,"") -> 0 | J14: =IFERROR('Prices,exch.rates,harvest index'!$M$28*'Area&production data'!AD14,"") -> 0 | K14: =IFERROR('Prices,exch.rates,harvest index'!$M$29*'Area&production data'!AE14,"") -> 0 | L14: =IFERROR('Prices,exch.rates,harvest index'!$M$30*'Area&production data'!AF14,"") -> 0 | M14: =SUM(C14:L14) -> 0 | O14: =IFERROR(SUM(C14:H14)/'Area&production data'!Q14,"") | P14: =IFERROR(L14/'Area&production data'!O14,"") | Q14: =IFERROR(I14/'Area&production data'!L14,"") | R14: =IFERROR(J14/'Area&production data'!M14,"") | S14: =IFERROR(K14/'Area&production data'!N14,"") | T14: =IFERROR(SUM(I14:K14)/SUM('Area&production data'!L14:N14),"") | U14: =IFERROR(M14/'Area&production data'!V14,"")
A15: 11 | B15: Siliana | C15: =IFERROR('Prices,exch.rates,harvest index'!$M$21*'Area&production data'!W15+'Prices,exch.rates,harvest index'!$N$21*'Value of production'!$C$33*'Area&production data'!W15,"") | D15: =IFERROR('Prices,exch.rates,harvest index'!$M$22*'Area&production data'!X15+'Prices,exch.rates,harvest index'!$N$22*'Value of production'!$D$33*'Area&production data'!X15,"") | E15: =IFERROR('Prices,exch.rates,harvest index'!$M$23*'Area&production data'!Y15,"") | F15: =IFERROR('Prices,exch.rates,harvest index'!$M$24*'Area&production data'!Z15,"") -> 0 | G15: =IFERROR('Prices,exch.rates,harvest index'!$M$25*'Area&production data'!AA15,"") | H15: =IFERROR('Prices,exch.rates,harvest index'!$G$38*'Area&production data'!AB15,"") -> 0 | I15: =IFERROR('Prices,exch.rates,harvest index'!$M$27*'Area&production data'!AC15,"") -> 0 | J15: =IFERROR('Prices,exch.rates,harvest index'!$M$28*'Area&production data'!AD15,"") -> 0 | K15: =IFERROR('Prices,exch.rates,harvest index'!$M$29*'Area&production data'!AE15,"") -> 0 | L15: =IFERROR('Prices,exch.rates,harvest index'!$M$30*'Area&production data'!AF15,"") -> 0 | M15: =SUM(C15:L15) -> 0 | O15: =IFERROR(SUM(C15:H15)/'Area&production data'!Q15,"") | P15: =IFERROR(L15/'Area&production data'!O15,"") | Q15: =IFERROR(I15/'Area&production data'!L15,"") | R15: =IFERROR(J15/'Area&production data'!M15,"") | S15: =IFERROR(K15/'Area&production data'!N15,"") | T15: =IFERROR(SUM(I15:K15)/SUM('Area&production data'!L15:N15),"") | U15: =IFERROR(M15/'Area&production data'!V15,"")
A16: 12 | B16: Sousse | C16: =IFERROR('Prices,exch.rates,harvest index'!$M$21*'Area&production data'!W16+'Prices,exch.rates,harvest index'!$N$21*'Value of production'!$C$33*'Area&production data'!W16,"") | D16: =IFERROR('Prices,exch.rates,harvest index'!$M$22*'Area&production data'!X16+'Prices,exch.rates,harvest index'!$N$22*'Value of production'!$D$33*'Area&production data'!X16,"") | E16: =IFERROR('Prices,exch.rates,harvest index'!$M$23*'Area&production data'!Y16,"") | F16: =IFERROR('Prices,exch.rates,harvest index'!$M$24*'Area&production data'!Z16,"") -> 0 | G16: =IFERROR('Prices,exch.rates,harvest index'!$M$25*'Area&production data'!AA16,"") | H16: =IFERROR('Prices,exch.rates,harvest index'!$G$38*'Area&production data'!AB16,"") -> 0 | I16: =IFERROR('Prices,exch.rates,harvest index'!$M$27*'Area&production data'!AC16,"") -> 0 | J16: =IFERROR('Prices,exch.rates,harvest index'!$M$28*'Area&production data'!AD16,"") -> 0 | K16: =IFERROR('Prices,exch.rates,harvest index'!$M$29*'Area&production data'!AE16,"") -> 0 | L16: =IFERROR('Prices,exch.rates,harvest index'!$M$30*'Area&production data'!AF16,"") -> 0 | M16: =SUM(C16:L16) -> 0 | O16: =IFERROR(SUM(C16:H16)/'Area&production data'!Q16,"") | P16: =IFERROR(L16/'Area&production data'!O16,"") | Q16: =IFERROR(I16/'Area&production data'!L16,"") | R16: =IFERROR(J16/'Area&production data'!M16,"") | S16: =IFERROR(K16/'Area&production data'!N16,"") | T16: =IFERROR(SUM(I16:K16)/SUM('Area&production data'!L16:N16),"") | U16: =IFERROR(M16/'Area&production data'!V16,"")
... A28: 24 | B28: Kébili | C28: =IFERROR('Prices,exch.rates,harvest index'!$M$21*'Area&production data'!W28+'Prices,exch.rates,harvest index'!$N$21*'Value of production'!$C$33*'Area&production data'!W28,"") | D28: =IFERROR('Prices,exch.rates,harvest index'!$M$22*'Area&production data'!X28+'Prices,exch.rates,harvest index'!$N$22*'Value of production'!$D$33*'Area&production data'!X28,"") | E28: =IFERROR('Prices,exch.rates,harvest index'!$M$23*'Area&production data'!Y28,"") | F28: =IFERROR('Prices,exch.rates,harvest index'!$M$24*'Area&production data'!Z28,"") -> 0 | G28: =IFERROR('Prices,exch.rates,harvest index'!$M$25*'Area&production data'!AA28,"") | H28: =IFERROR('Prices,exch.rates,harvest index'!$G$38*'Area&production data'!AB28,"") -> 0 | I28: =IFERROR('Prices,exch.rates,harvest index'!$M$27*'Area&production data'!AC28,"") -> 0 | J28: =IFERROR('Prices,exch.rates,harvest index'!$M$28*'Area&production data'!AD28,"") -> 0 | K28: =IFERROR('Prices,exch.rates,harvest index'!$M$29*'Area&production data'!AE28,"") -> 0 | L28: =IFERROR('Prices,exch.rates,harvest index'!$M$30*'Area&production data'!AF28,"") -> 0 | M28: =SUM(C28:L28) -> 0 | O28: =IFERROR(SUM(C28:H28)/'Area&production data'!Q28,"") | P28: =IFERROR(L28/'Area&production data'!O28,"") | Q28: =IFERROR(I28/'Area&production data'!L28,"") | R28: =IFERROR(J28/'Area&production data'!M28,"") | S28: =IFERROR(K28/'Area&production data'!N28,"") | T28: =IFERROR(SUM(I28:K28)/SUM('Area&production data'!L28:N28),"") | U28: =IFERROR(M28/'Area&production data'!V28,"")
B29: Total Tunisia | C29: =IFERROR('Prices,exch.rates,harvest index'!$M$21*'Area&production data'!W29+'Prices,exch.rates,harvest index'!$N$21*'Value of production'!$C$33*'Area&production data'!W29,"") | D29: =IFERROR('Prices,exch.rates,harvest index'!$M$22*'Area&production data'!X29+'Prices,exch.rates,harvest index'!$N$22*'Value of production'!$D$33*'Area&production data'!X29,"") | E29: =IFERROR('Prices,exch.rates,harvest index'!$M$23*'Area&production data'!Y29,"") | F29: =IFERROR('Prices,exch.rates,harvest index'!$M$24*'Area&production data'!Z29,"") -> 0 | G29: =IFERROR('Prices,exch.rates,harvest index'!$M$25*'Area&production data'!AA29,"") | H29: =IFERROR('Prices,exch.rates,harvest index'!$G$38*'Area&production data'!AB29,"") -> 0 | I29: =IFERROR('Prices,exch.rates,harvest index'!$M$27*'Area&production data'!AC29,"") -> 0 | J29: =IFERROR('Prices,exch.rates,harvest index'!$M$28*'Area&production data'!AD29,"") -> 0 | K29: =IFERROR('Prices,exch.rates,harvest index'!$M$29*'Area&production data'!AE29,"") -> 0 | L29: =SUM(L5:L28) -> 0 | M29: =SUM(C29:L29) -> 0 | O29: =IFERROR(SUM(C29:H29)/'Area&production data'!Q29,"") | P29: =IFERROR(L29/'Area&production data'!O29,"") | Q29: =IFERROR(I29/'Area&production data'!L29,"") | R29: =IFERROR(J29/'Area&production data'!M29,"") | S29: =IFERROR(K29/'Area&production data'!N29,"") | T29: =IFERROR(SUM(I29:K29)/SUM('Area&production data'!L29:N29),"") | U29: =IFERROR(M29/'Area&production data'!V29,"")
B30: % of total | C30: =C29/$M$29 -> #VALUE! | D30: =D29/$M$29 -> #VALUE! | E30: =E29/$M$29 -> #VALUE! | F30: =F29/$M$29 -> #DIV/0! | G30: =G29/$M$29 -> #VALUE! | H30: =H29/$M$29 -> #DIV/0! | I30: =I29/$M$29 -> #DIV/0! | J30: =J29/$M$29 -> #DIV/0! | ... M30: =M29/$M$29 -> #DIV/0!
B31: Rank | C31: =RANK(C29,$C$29:$L$29) -> #VALUE! | D31: =RANK(D29,$C$29:$L$29) -> #VALUE! | E31: =RANK(E29,$C$29:$L$29) -> #VALUE! | F31: =RANK(F29,$C$29:$L$29) -> 1 | G31: =RANK(G29,$C$29:$L$29) -> #VALUE! | H31: =RANK(H29,$C$29:$L$29) -> 1 | I31: =RANK(I29,$C$29:$L$29) -> 1 | J31: =RANK(J29,$C$29:$L$29) -> 1 | ... L31: =RANK(L29,$C$29:$L$29) -> 1
I32: =SUM(C29:L29)-M29<0.1 -> TRUE | L32: Total value as % of GDP | M32: =M29/'Prices,exch.rates,harvest index'!M3 -> 0
B33: Grain to biomass multiplier | C33: ='Cereals-all-year'!F61 -> #DIV/0! | D33: ='Legumes-all-year'!F64 -> #DIV/0! | L33: Share of agriculture in GDP (2021)= | M33: 0.1014
L34: =M1*'Area&production data'!AF29 -> 0
B35: ='Prices,exch.rates,harvest index'!L3 -> GDP of Tunisia (USD) | C35: ='Prices,exch.rates,harvest index'!M3 -> 46690000000

Sheet Yield gain if we intervene (%)
A2: Yield figures are for 2021
A3: No. | B3: Province | C3: Average Yield (ton/ha)
C4: Cereals | D4: Legumes | E4: Vegetables | F4: Fruits | G4: Cultivated annual forages | H4: Alfalpha | I4: Pastoral areas | J4: Prairies | K4: Sylvo pastoral areas | L4: Forests and shrubs | M4: Total crop land | N4: Total rangeland | O4: Forest Areas | P4: Total land area
A5: 1 | B5: Tunis | M5: =SUMPRODUCT(C5:H5,'Area&production data'!F5:K5)/SUM('Area&production data'!F5:K5) -> #DIV/0! | N5: =SUMPRODUCT(I5:K5,'Area&production data'!L5:N5)/SUM('Area&production data'!L5:N5) -> #DIV/0! | O5: =L5 -> 0 | P5: =SUMPRODUCT(M5:O5,'Area&production data'!Q5:S5)/SUM('Area&production data'!Q5:S5) -> #DIV/0!
A6: 2 | B6: Ariana | M6: =SUMPRODUCT(C6:H6,'Area&production data'!F6:K6)/SUM('Area&production data'!F6:K6) -> #DIV/0! | N6: =SUMPRODUCT(I6:K6,'Area&production data'!L6:N6)/SUM('Area&production data'!L6:N6) -> #DIV/0! | O6: =L6 -> 0 | P6: =SUMPRODUCT(M6:O6,'Area&production data'!Q6:S6)/SUM('Area&production data'!Q6:S6) -> #DIV/0!
A7: 3 | B7: La Manouba | M7: =SUMPRODUCT(C7:H7,'Area&production data'!F7:K7)/SUM('Area&production data'!F7:K7) -> #DIV/0! | N7: =SUMPRODUCT(I7:K7,'Area&production data'!L7:N7)/SUM('Area&production data'!L7:N7) -> #DIV/0! | O7: =L7 -> 0 | P7: =SUMPRODUCT(M7:O7,'Area&production data'!Q7:S7)/SUM('Area&production data'!Q7:S7) -> #DIV/0!
A8: 4 | B8: Ben Arous | M8: =SUMPRODUCT(C8:H8,'Area&production data'!F8:K8)/SUM('Area&production data'!F8:K8) -> #DIV/0! | N8: =SUMPRODUCT(I8:K8,'Area&production data'!L8:N8)/SUM('Area&production data'!L8:N8) -> #DIV/0! | O8: =L8 -> 0 | P8: =SUMPRODUCT(M8:O8,'Area&production data'!Q8:S8)/SUM('Area&production data'!Q8:S8) -> #DIV/0!
A9: 5 | B9: Nabeul | M9: =SUMPRODUCT(C9:H9,'Area&production data'!F9:K9)/SUM('Area&production data'!F9:K9) -> #DIV/0! | N9: =SUMPRODUCT(I9:K9,'Area&production data'!L9:N9)/SUM('Area&production data'!L9:N9) -> #DIV/0! | O9: =L9 -> 0 | P9: =SUMPRODUCT(M9:O9,'Area&production data'!Q9:S9)/SUM('Area&production data'!Q9:S9) -> #DIV/0!
A10: 6 | B10: Bizerte | M10: =SUMPRODUCT(C10:H10,'Area&production data'!F10:K10)/SUM('Area&production data'!F10:K10) -> #DIV/0! | N10: =SUMPRODUCT(I10:K10,'Area&production data'!L10:N10)/SUM('Area&production data'!L10:N10) -> #DIV/0! | O10: =L10 -> 0 | P10: =SUMPRODUCT(M10:O10,'Area&production data'!Q10:S10)/SUM('Area&production data'!Q10:S10) -> #DIV/0!
A11: 7 | B11: Zaghouan | M11: =SUMPRODUCT(C11:H11,'Area&production data'!F11:K11)/SUM('Area&production data'!F11:K11) -> #DIV/0! | N11: =SUMPRODUCT(I11:K11,'Area&production data'!L11:N11)/SUM('Area&production data'!L11:N11) -> #DIV/0! | O11: =L11 -> 0 | P11: =SUMPRODUCT(M11:O11,'Area&production data'!Q11:S11)/SUM('Area&production data'!Q11:S11) -> #DIV/0!
A12: 8 | B12: Béja | M12: =SUMPRODUCT(C12:H12,'Area&production data'!F12:K12)/SUM('Area&production data'!F12:K12) -> #DIV/0! | N12: =SUMPRODUCT(I12:K12,'Area&production data'!L12:N12)/SUM('Area&production data'!L12:N12) -> #DIV/0! | O12: =L12 -> 0 | P12: =SUMPRODUCT(M12:O12,'Area&production data'!Q12:S12)/SUM('Area&production data'!Q12:S12) -> #DIV/0!
A13: 9 | B13: Jendouba | M13: =SUMPRODUCT(C13:H13,'Area&production data'!F13:K13)/SUM('Area&production data'!F13:K13) -> #DIV/0! | N13: =SUMPRODUCT(I13:K13,'Area&production data'!L13:N13)/SUM('Area&production data'!L13:N13) -> #DIV/0! | O13: =L13 -> 0 | P13: =SUMPRODUCT(M13:O13,'Area&production data'!Q13:S13)/SUM('Area&production data'!Q13:S13) -> #DIV/0!
A14: 10 | B14: Le Kef | M14: =SUMPRODUCT(C14:H14,'Area&production data'!F14:K14)/SUM('Area&production data'!F14:K14) -> #DIV/0! | N14: =SUMPRODUCT(I14:K14,'Area&production data'!L14:N14)/SUM('Area&production data'!L14:N14) -> #DIV/0! | O14: =L14 -> 0 | P14: =SUMPRODUCT(M14:O14,'Area&production data'!Q14:S14)/SUM('Area&production data'!Q14:S14) -> #DIV/0!
A15: 11 | B15: Siliana | M15: =SUMPRODUCT(C15:H15,'Area&production data'!F15:K15)/SUM('Area&production data'!F15:K15) -> #DIV/0! | N15: =SUMPRODUCT(I15:K15,'Area&production data'!L15:N15)/SUM('Area&production data'!L15:N15) -> #DIV/0! | O15: =L15 -> 0 | P15: =SUMPRODUCT(M15:O15,'Area&production data'!Q15:S15)/SUM('Area&production data'!Q15:S15) -> #DIV/0!
A16: 12 | B16: Sousse | M16: =SUMPRODUCT(C16:H16,'Area&production data'!F16:K16)/SUM('Area&production data'!F16:K16) -> #DIV/0! | N16: =SUMPRODUCT(I16:K16,'Area&production data'!L16:N16)/SUM('Area&production data'!L16:N16) -> #DIV/0! | O16: =L16 -> 0 | P16: =SUMPRODUCT(M16:O16,'Area&production data'!Q16:S16)/SUM('Area&production data'!Q16:S16) -> #DIV/0!
... A28: 24 | B28: Kébili | M28: =SUMPRODUCT(C28:H28,'Area&production data'!F28:K28)/SUM('Area&production data'!F28:K28) -> #DIV/0! | N28: =SUMPRODUCT(I28:K28,'Area&production data'!L28:N28)/SUM('Area&production data'!L28:N28) -> #DIV/0! | O28: =L28 -> 0 | P28: =SUMPRODUCT(M28:O28,'Area&production data'!Q28:S28)/SUM('Area&production data'!Q28:S28) -> #DIV/0!
B29: Total Tunisia | C29: 0.23286874 | D29: 0.16456806 | E29: 0.13034279 | F29: 0.25073677 | G29: 0.23921933 | H29: 0.2098061 | I29: 0.12284584 | J29: 0.12254907 | K29: 0.1 | L29: 0.12617338 | M29: =SUMPRODUCT(M5:M28,'Area&production data'!Q5:Q28)/'Area&production data'!Q29 -> #DIV/0! | N29: =SUMPRODUCT(N5:N28,'Area&production data'!R5:R28)/'Area&production data'!R29 -> #DIV/0! | O29: =SUMPRODUCT(O5:O28,'Area&production data'!S5:S28)/'Area&production data'!S29 -> #DIV/0! | P29: =SUMPRODUCT(P5:P28,'Area&production data'!T5:T28)/'Area&production data'!T29 -> #DIV/0!
C30: TRUE | D30: TRUE | E30: TRUE | F30: TRUE | G30: TRUE | H30: TRUE | I30: TRUE | J30: TRUE | K30: TRUE | L30: TRUE

Sheet Area(ha)-by-degradation-level
A3: No. | B3: Province | C3: Total area (ha) | O3: Percentage of cereal area by degree of land degradation ( low degradation, medium degradation, severe degradation) | S3: Percentage of legume area by degree of land degradation ( low, medium, and severe degradation) | W3: Percentage of vegetable area by degree of land degradation ( low, medium, and severe degradation) | AA3: Percentage of fruit area by degree of land degradation ( low, medium, and severe degradation) | AE3: Percentage of area under cultivated forages by degree of land degradation ( low, medium, and severe degradation) | AI3: Percentage of area under alfa-alfa by degree of land degradation ( low, medium, and severe degradation) | AM3: Percentage of pastoral areas by degree of land degradation ( low, medium, and severe degradation) | AQ3: Percentage of prairies by degree of land degradation ( low, medium, and severe degradation) | AU3: Percentage of agro sylvo pastoral areas by degree of land degradation ( low, medium, and severe degradation) | AY3: Percentage of area under forests and shrubs by degree of land degradation ( low, medium, and severe degradation) | BC3: Total crop area by degree of land degradation ( low, medium, and severe degradation) | BG3: Total national land area by degree of land degradation ( low, medium, and severe degradation)
C4: Cereals | D4: Legumes | E4: Vegetables | F4: Fruits | G4: Cultivated annual forages | H4: Alfalafa | I4: Pastoral areas | J4: Prairies | K4: Sylvo pastoral areas | L4: Forests and shrubs | M4: Total crop area | N4: Total land area | O4: Low | P4: Modest | Q4: Severe | R4: Total | S4: Low | T4: Modest | U4: Severe | V4: Total | W4: Low | X4: Modest | Y4: Severe | Z4: Total | AA4: Low | AB4: Modest | AC4: Severe | AD4: Total | AI4: Low | AJ4: Modest | AK4: Severe | AL4: Total | AM4: Low | AN4: Modest | AO4: Severe | AP4: Total | AQ4: Low | AR4: Modest | AS4: Severe | AT4: Total | AU4: Low | AV4: Modest | AW4: Severe | AX4: Total | AY4: Low | AZ4: Modest | BA4: Severe | BB4: Total | BC4: Low | BD4: Modest | BE4: Severe | BF4: Total | BG4: Low | BH4: Modest | BI4: Severe | BJ4: Total
A5: 1 | B5: Tunis | C5: ='Area&production data'!F5 -> 0 | D5: ='Area&production data'!G5 -> 0 | E5: ='Area&production data'!H5 -> 0 | F5: ='Area&production data'!I5 -> 0 | G5: ='Area&production data'!J5 -> 0 | H5: ='Area&production data'!K5 -> 0 | I5: ='Area&production data'!L5 -> 0 | J5: ='Area&production data'!M5 -> 0 | ... L5: ='Area&production data'!O5 -> 0 | M5: =SUM(C5:H5) -> 0 | N5: =SUM(C5:L5) -> 0 | O5: ='Area&production data'!AW5 -> 0 | P5: ='Area&production data'!AX5 -> 0 | Q5: ='Area&production data'!AY5 -> 0 | R5: ='Area&production data'!AZ5 -> 0 | S5: ='Area&production data'!BA5 -> 0 | T5: ='Area&production data'!BB5 -> 0 | U5: ='Area&production data'!BC5 -> 0 | V5: ='Area&production data'!BD5 -> 0 | ... BJ5: ='Area&production data'!CR5 -> #DIV/0!
A6: 2 | B6: Ariana | C6: ='Area&production data'!F6 -> 0 | D6: ='Area&production data'!G6 -> 0 | E6: ='Area&production data'!H6 -> 0 | F6: ='Area&production data'!I6 -> 0 | G6: ='Area&production data'!J6 -> 0 | H6: ='Area&production data'!K6 -> 0 | I6: ='Area&production data'!L6 -> 0 | J6: ='Area&production data'!M6 -> 0 | ... L6: ='Area&production data'!O6 -> 0 | M6: =SUM(C6:H6) -> 0 | N6: =SUM(C6:L6) -> 0 | O6: ='Area&production data'!AW6 -> 0 | P6: ='Area&production data'!AX6 -> 0 | Q6: ='Area&production data'!AY6 -> 0 | R6: ='Area&production data'!AZ6 -> 0 | S6: ='Area&production data'!BA6 -> 0 | T6: ='Area&production data'!BB6 -> 0 | U6: ='Area&production data'!BC6 -> 0 | V6: ='Area&production data'!BD6 -> 0 | ... BJ6: ='Area&production data'!CR6 -> #DIV/0!
A7: 3 | B7: La Manouba | C7: ='Area&production data'!F7 -> 0 | D7: ='Area&production data'!G7 -> 0 | E7: ='Area&production data'!H7 -> 0 | F7: ='Area&production data'!I7 -> 0 | G7: ='Area&production data'!J7 -> 0 | H7: ='Area&production data'!K7 -> 0 | I7: ='Area&production data'!L7 -> 0 | J7: ='Area&production data'!M7 -> 0 | ... L7: ='Area&production data'!O7 -> 0 | M7: =SUM(C7:H7) -> 0 | N7: =SUM(C7:L7) -> 0 | O7: ='Area&production data'!AW7 -> 0 | P7: ='Area&production data'!AX7 -> 0 | Q7: ='Area&production data'!AY7 -> 0 | R7: ='Area&production data'!AZ7 -> 0 | S7: ='Area&production data'!BA7 -> 0 | T7: ='Area&production data'!BB7 -> 0 | U7: ='Area&production data'!BC7 -> 0 | V7: ='Area&production data'!BD7 -> 0 | ... BJ7: ='Area&production data'!CR7 -> #DIV/0!
A8: 4 | B8: Ben Arous | C8: ='Area&production data'!F8 -> 0 | D8: ='Area&production data'!G8 -> 0 | E8: ='Area&production data'!H8 -> 0 | F8: ='Area&production data'!I8 -> 0 | G8: ='Area&production data'!J8 -> 0 | H8: ='Area&production data'!K8 -> 0 | I8: ='Area&production data'!L8 -> 0 | J8: ='Area&production data'!M8 -> 0 | ... L8: ='Area&production data'!O8 -> 0 | M8: =SUM(C8:H8) -> 0 | N8: =SUM(C8:L8) -> 0 | O8: ='Area&production data'!AW8 -> 0 | P8: ='Area&production data'!AX8 -> 0 | Q8: ='Area&production data'!AY8 -> 0 | R8: ='Area&production data'!AZ8 -> 0 | S8: ='Area&production data'!BA8 -> 0 | T8: ='Area&production data'!BB8 -> 0 | U8: ='Area&production data'!BC8 -> 0 | V8: ='Area&production data'!BD8 -> 0 | ... BJ8: ='Area&production data'!CR8 -> #DIV/0!
A9: 5 | B9: Nabeul | C9: ='Area&production data'!F9 -> 0 | D9: ='Area&production data'!G9 -> 0 | E9: ='Area&production data'!H9 -> 0 | F9: ='Area&production data'!I9 -> 0 | G9: ='Area&production data'!J9 -> 0 | H9: ='Area&production data'!K9 -> 0 | I9: ='Area&production data'!L9 -> 0 | J9: ='Area&production data'!M9 -> 0 | ... L9: ='Area&production data'!O9 -> 0 | M9: =SUM(C9:H9) -> 0 | N9: =SUM(C9:L9) -> 0 | O9: ='Area&production data'!AW9 -> 0 | P9: ='Area&production data'!AX9 -> 0 | Q9: ='Area&production data'!AY9 -> 0 | R9: ='Area&production data'!AZ9 -> 0 | S9: ='Area&production data'!BA9 -> 0 | T9: ='Area&production data'!BB9 -> 0 | U9: ='Area&production data'!BC9 -> 0 | V9: ='Area&production data'!BD9 -> 0 | ... BJ9: ='Area&production data'!CR9 -> #DIV/0!
A10: 6 | B10: Bizerte | C10: ='Area&production data'!F10 -> 0 | D10: ='Area&production data'!G10 -> 0 | E10: ='Area&production data'!H10 -> 0 | F10: ='Area&production data'!I10 -> 0 | G10: ='Area&production data'!J10 -> 0 | H10: ='Area&production data'!K10 -> 0 | I10: ='Area&production data'!L10 -> 0 | J10: ='Area&production data'!M10 -> 0 | ... L10: ='Area&production data'!O10 -> 0 | M10: =SUM(C10:H10) -> 0 | N10: =SUM(C10:L10) -> 0 | O10: ='Area&production data'!AW10 -> 0 | P10: ='Area&production data'!AX10 -> 0 | Q10: ='Area&production data'!AY10 -> 0 | R10: ='Area&production data'!AZ10 -> 0 | S10: ='Area&production data'!BA10 -> 0 | T10: ='Area&production data'!BB10 -> 0 | U10: ='Area&production data'!BC10 -> 0 | V10: ='Area&production data'!BD10 -> 0 | ... BJ10: ='Area&production data'!CR10 -> #DIV/0!
A11: 7 | B11: Zaghouan | C11: ='Area&production data'!F11 -> 0 | D11: ='Area&production data'!G11 -> 0 | E11: ='Area&production data'!H11 -> 0 | F11: ='Area&production data'!I11 -> 0 | G11: ='Area&production data'!J11 -> 0 | H11: ='Area&production data'!K11 -> 0 | I11: ='Area&production data'!L11 -> 0 | J11: ='Area&production data'!M11 -> 0 | ... L11: ='Area&production data'!O11 -> 0 | M11: =SUM(C11:H11) -> 0 | N11: =SUM(C11:L11) -> 0 | O11: ='Area&production data'!AW11 -> 0 | P11: ='Area&production data'!AX11 -> 0 | Q11: ='Area&production data'!AY11 -> 0 | R11: ='Area&production data'!AZ11 -> 0 | S11: ='Area&production data'!BA11 -> 0 | T11: ='Area&production data'!BB11 -> 0 | U11: ='Area&production data'!BC11 -> 0 | V11: ='Area&production data'!BD11 -> 0 | ... BJ11: ='Area&production data'!CR11 -> #DIV/0!
A12: 8 | B12: Béja | C12: ='Area&production data'!F12 -> 0 | D12: ='Area&production data'!G12 -> 0 | E12: ='Area&production data'!H12 -> 0 | F12: ='Area&production data'!I12 -> 0 | G12: ='Area&production data'!J12 -> 0 | H12: ='Area&production data'!K12 -> 0 | I12: ='Area&production data'!L12 -> 0 | J12: ='Area&production data'!M12 -> 0 | ... L12: ='Area&production data'!O12 -> 0 | M12: =SUM(C12:H12) -> 0 | N12: =SUM(C12:L12) -> 0 | O12: ='Area&production data'!AW12 -> 0 | P12: ='Area&production data'!AX12 -> 0 | Q12: ='Area&production data'!AY12 -> 0 | R12: ='Area&production data'!AZ12 -> 0 | S12: ='Area&production data'!BA12 -> 0 | T12: ='Area&production data'!BB12 -> 0 | U12: ='Area&production data'!BC12 -> 0 | V12: ='Area&production data'!BD12 -> 0 | ... BJ12: ='Area&production data'!CR12 -> #DIV/0!
A13: 9 | B13: Jendouba | C13: ='Area&production data'!F13 -> 0 | D13: ='Area&production data'!G13 -> 0 | E13: ='Area&production data'!H13 -> 0 | F13: ='Area&production data'!I13 -> 0 | G13: ='Area&production data'!J13 -> 0 | H13: ='Area&production data'!K13 -> 0 | I13: ='Area&production data'!L13 -> 0 | J13: ='Area&production data'!M13 -> 0 | ... L13: ='Area&production data'!O13 -> 0 | M13: =SUM(C13:H13) -> 0 | N13: =SUM(C13:L13) -> 0 | O13: ='Area&production data'!AW13 -> 0 | P13: ='Area&production data'!AX13 -> 0 | Q13: ='Area&production data'!AY13 -> 0 | R13: ='Area&production data'!AZ13 -> 0 | S13: ='Area&production data'!BA13 -> 0 | T13: ='Area&production data'!BB13 -> 0 | U13: ='Area&production data'!BC13 -> 0 | V13: ='Area&production data'!BD13 -> 0 | ... BJ13: ='Area&production data'!CR13 -> #DIV/0!
A14: 10 | B14: Le Kef | C14: ='Area&production data'!F14 -> 0 | D14: ='Area&production data'!G14 -> 0 | E14: ='Area&production data'!H14 -> 0 | F14: ='Area&production data'!I14 -> 0 | G14: ='Area&production data'!J14 -> 0 | H14: ='Area&production data'!K14 -> 0 | I14: ='Area&production data'!L14 -> 0 | J14: ='Area&production data'!M14 -> 0 | ... L14: ='Area&production data'!O14 -> 0 | M14: =SUM(C14:H14) -> 0 | N14: =SUM(C14:L14) -> 0 | O14: ='Area&production data'!AW14 -> 0 | P14: ='Area&production data'!AX14 -> 0 | Q14: ='Area&production data'!AY14 -> 0 | R14: ='Area&production data'!AZ14 -> 0 | S14: ='Area&production data'!BA14 -> 0 | T14: ='Area&production data'!BB14 -> 0 | U14: ='Area&production data'!BC14 -> 0 | V14: ='Area&production data'!BD14 -> 0 | ... BJ14: ='Area&production data'!CR14 -> #DIV/0!
A15: 11 | B15: Siliana | C15: ='Area&production data'!F15 -> 0 | D15: ='Area&production data'!G15 -> 0 | E15: ='Area&production data'!H15 -> 0 | F15: ='Area&production data'!I15 -> 0 | G15: ='Area&production data'!J15 -> 0 | H15: ='Area&production data'!K15 -> 0 | I15: ='Area&production data'!L15 -> 0 | J15: ='Area&production data'!M15 -> 0 | ... L15: ='Area&production data'!O15 -> 0 | M15: =SUM(C15:H15) -> 0 | N15: =SUM(C15:L15) -> 0 | O15: ='Area&production data'!AW15 -> 0 | P15: ='Area&production data'!AX15 -> 0 | Q15: ='Area&production data'!AY15 -> 0 | R15: ='Area&production data'!AZ15 -> 0 | S15: ='Area&production data'!BA15 -> 0 | T15: ='Area&production data'!BB15 -> 0 | U15: ='Area&production data'!BC15 -> 0 | V15: ='Area&production data'!BD15 -> 0 | ... BJ15: ='Area&production data'!CR15 -> #DIV/0!
A16: 12 | B16: Sousse | C16: ='Area&production data'!F16 -> 0 | D16: ='Area&production data'!G16 -> 0 | E16: ='Area&production data'!H16 -> 0 | F16: ='Area&production data'!I16 -> 0 | G16: ='Area&production data'!J16 -> 0 | H16: ='Area&production data'!K16 -> 0 | I16: ='Area&production data'!L16 -> 0 | J16: ='Area&production data'!M16 -> 0 | ... L16: ='Area&production data'!O16 -> 0 | M16: =SUM(C16:H16) -> 0 | N16: =SUM(C16:L16) -> 0 | O16: ='Area&production data'!AW16 -> 0 | P16: ='Area&production data'!AX16 -> 0 | Q16: ='Area&production data'!AY16 -> 0 | R16: ='Area&production data'!AZ16 -> 0 | S16: ='Area&production data'!BA16 -> 0 | T16: ='Area&production data'!BB16 -> 0 | U16: ='Area&production data'!BC16 -> 0 | V16: ='Area&production data'!BD16 -> 0 | ... BJ16: ='Area&production data'!CR16 -> #DIV/0!
... A28: 24 | B28: Kébili | C28: ='Area&production data'!F28 -> 0 | D28: ='Area&production data'!G28 -> 0 | E28: ='Area&production data'!H28 -> 0 | F28: ='Area&production data'!I28 -> 0 | G28: ='Area&production data'!J28 -> 0 | H28: ='Area&production data'!K28 -> 0 | I28: ='Area&production data'!L28 -> 0 | J28: ='Area&production data'!M28 -> 0 | ... L28: ='Area&production data'!O28 -> 0 | M28: =SUM(C28:H28) -> 0 | N28: =SUM(C28:L28) -> 0 | O28: ='Area&production data'!AW28 -> 0 | P28: ='Area&production data'!AX28 -> 0 | Q28: ='Area&production data'!AY28 -> 0 | R28: ='Area&production data'!AZ28 -> 0 | S28: ='Area&production data'!BA28 -> 0 | T28: ='Area&production data'!BB28 -> 0 | U28: ='Area&production data'!BC28 -> 0 | V28: ='Area&production data'!BD28 -> 0 | ... BJ28: ='Area&production data'!CR28 -> #DIV/0!
A29: Total Tunisia | C29: =SUM(C5:C28) -> 0 | D29: =SUM(D5:D28) -> 0 | E29: =SUM(E5:E28) -> 0 | F29: =SUM(F5:F28) -> 0 | G29: =SUM(G5:G28) -> 0 | H29: =SUM(H5:H28) -> 0 | I29: =SUM(I5:I28) -> 0 | J29: =SUM(J5:J28) -> 0 | ... N29: =SUM(N5:N28) -> 0 | O29: =SUMPRODUCT(O5:O28,C5:C28)/C29 -> #DIV/0! | P29: =SUMPRODUCT(P5:P28,C5:C28)/C29 -> #DIV/0! | Q29: =SUMPRODUCT(Q5:Q28,C5:C28)/C29 -> #DIV/0! | R29: =SUMPRODUCT(R5:R28,F5:F28)/F29 -> #DIV/0! | S29: ='Area&production data'!BA29 -> #DIV/0! | T29: ='Area&production data'!BB29 -> #DIV/0! | U29: ='Area&production data'!BC29 -> #DIV/0! | V29: ='Area&production data'!BD29 -> #DIV/0! | W29: ='Area&production data'!BE29 -> #DIV/0! | X29: ='Area&production data'!BF29 -> #DIV/0! | Y29: ='Area&production data'!BG29 -> #DIV/0! | Z29: ='Area&production data'!BH29 -> #DIV/0! | ... BJ29: ='Area&production data'!CR29 -> #DIV/0! | BK29: =SUM(BG29:BI29)=BJ29 -> #DIV/0!
A30: Share in total (%) | I30: =SUM(C29:L29)=N29 -> TRUE | BF30: =ABS(BF29-100%)<0.1% -> #DIV/0!

Sheet Yield-penalty-by-LD-class
A1: Average difference in yield (%) under current production technologies and inputs
A2: Governorate | B2: Cereals | D2: Legumes | F2: Vegetables | H2: Fruits | J2: Cultivated annual forages | L2: Cultivated perrennial forages | N2: Rangelands | P2: Forests
B3: between slightly and moderately degradaded lands | C3: between moderately and severely degradaded lands | D3: slight vs moderate | E3: Moderate vs. severe | F3: slight vs moderate | G3: Moderate vs. severe | H3: slight vs moderate | I3: Moderate vs. severe | J3: slight vs moderate | K3: Moderate vs. severe | L3: slight vs moderate | M3: Moderate vs. severe | N3: slight vs moderate | O3: Moderate vs. severe | P3: slight vs moderate | Q3: Moderate vs. severe
A4: Tunis
A5: Ariana
A6: La Manouba
A7: Ben Arous
A8: Nabeul
A9: Bizerte
A10: Zaghouan
A11: Béja
A12: Jendouba
A13: Le Kef
A14: Siliana
A15: Sousse
... A27: Kébili

Sheet Soil-errosion1
A1: Estimation of the total amount of soil eroded from lands covered by different biomes
A2: Abeyou: would you kindly please fill in only the cells highlighted in yellow? Please don't touch the purple cells which are formulas that will calculate automatically. Thank you
B3: Province | C3: Land area under each biome (ha)
A4: No. | C4: Cereals | D4: Legumes | E4: Vegetables | F4: Fruits | G4: Cultivated annual forages | H4: Alfalafa | I4: Pastoral areas | J4: Prairies | K4: Sylvo pastoral areas | L4: Forests | M4: Total
A5: 1 | B5: Tunis | C5: ='Area&production data'!F5 -> 0 | D5: ='Area&production data'!G5 -> 0 | E5: ='Area&production data'!H5 -> 0 | F5: ='Area&production data'!I5 -> 0 | G5: ='Area&production data'!J5 -> 0 | H5: ='Area&production data'!K5 -> 0 | I5: ='Area&production data'!L5 -> 0 | J5: ='Area&production data'!M5 -> 0 | ... L5: ='Area&production data'!O5 -> 0 | M5: =SUM(C5:L5) -> 0
A6: 2 | B6: Ariana | C6: ='Area&production data'!F6 -> 0 | D6: ='Area&production data'!G6 -> 0 | E6: ='Area&production data'!H6 -> 0 | F6: ='Area&production data'!I6 -> 0 | G6: ='Area&production data'!J6 -> 0 | H6: ='Area&production data'!K6 -> 0 | I6: ='Area&production data'!L6 -> 0 | J6: ='Area&production data'!M6 -> 0 | ... L6: ='Area&production data'!O6 -> 0 | M6: =SUM(C6:L6) -> 0
A7: 3 | B7: La Manouba | C7: ='Area&production data'!F7 -> 0 | D7: ='Area&production data'!G7 -> 0 | E7: ='Area&production data'!H7 -> 0 | F7: ='Area&production data'!I7 -> 0 | G7: ='Area&production data'!J7 -> 0 | H7: ='Area&production data'!K7 -> 0 | I7: ='Area&production data'!L7 -> 0 | J7: ='Area&production data'!M7 -> 0 | ... L7: ='Area&production data'!O7 -> 0 | M7: =SUM(C7:L7) -> 0
A8: 4 | B8: Ben Arous | C8: ='Area&production data'!F8 -> 0 | D8: ='Area&production data'!G8 -> 0 | E8: ='Area&production data'!H8 -> 0 | F8: ='Area&production data'!I8 -> 0 | G8: ='Area&production data'!J8 -> 0 | H8: ='Area&production data'!K8 -> 0 | I8: ='Area&production data'!L8 -> 0 | J8: ='Area&production data'!M8 -> 0 | ... L8: ='Area&production data'!O8 -> 0 | M8: =SUM(C8:L8) -> 0
A9: 5 | B9: Nabeul | C9: ='Area&production data'!F9 -> 0 | D9: ='Area&production data'!G9 -> 0 | E9: ='Area&production data'!H9 -> 0 | F9: ='Area&production data'!I9 -> 0 | G9: ='Area&production data'!J9 -> 0 | H9: ='Area&production data'!K9 -> 0 | I9: ='Area&production data'!L9 -> 0 | J9: ='Area&production data'!M9 -> 0 | ... L9: ='Area&production data'!O9 -> 0 | M9: =SUM(C9:L9) -> 0
A10: 6 | B10: Bizerte | C10: ='Area&production data'!F10 -> 0 | D10: ='Area&production data'!G10 -> 0 | E10: ='Area&production data'!H10 -> 0 | F10: ='Area&production data'!I10 -> 0 | G10: ='Area&production data'!J10 -> 0 | H10: ='Area&production data'!K10 -> 0 | I10: ='Area&production data'!L10 -> 0 | J10: ='Area&production data'!M10 -> 0 | ... L10: ='Area&production data'!O10 -> 0 | M10: =SUM(C10:L10) -> 0
A11: 7 | B11: Zaghouan | C11: ='Area&production data'!F11 -> 0 | D11: ='Area&production data'!G11 -> 0 | E11: ='Area&production data'!H11 -> 0 | F11: ='Area&production data'!I11 -> 0 | G11: ='Area&production data'!J11 -> 0 | H11: ='Area&production data'!K11 -> 0 | I11: ='Area&production data'!L11 -> 0 | J11: ='Area&production data'!M11 -> 0 | ... L11: ='Area&production data'!O11 -> 0 | M11: =SUM(C11:L11) -> 0
A12: 8 | B12: Béja | C12: ='Area&production data'!F12 -> 0 | D12: ='Area&production data'!G12 -> 0 | E12: ='Area&production data'!H12 -> 0 | F12: ='Area&production data'!I12 -> 0 | G12: ='Area&production data'!J12 -> 0 | H12: ='Area&production data'!K12 -> 0 | I12: ='Area&production data'!L12 -> 0 | J12: ='Area&production data'!M12 -> 0 | ... L12: ='Area&production data'!O12 -> 0 | M12: =SUM(C12:L12) -> 0
A13: 9 | B13: Jendouba | C13: ='Area&production data'!F13 -> 0 | D13: ='Area&production data'!G13 -> 0 | E13: ='Area&production data'!H13 -> 0 | F13: ='Area&production data'!I13 -> 0 | G13: ='Area&production data'!J13 -> 0 | H13: ='Area&production data'!K13 -> 0 | I13: ='Area&production data'!L13 -> 0 | J13: ='Area&production data'!M13 -> 0 | ... L13: ='Area&production data'!O13 -> 0 | M13: =SUM(C13:L13) -> 0
A14: 10 | B14: Le Kef | C14: ='Area&production data'!F14 -> 0 | D14: ='Area&production data'!G14 -> 0 | E14: ='Area&production data'!H14 -> 0 | F14: ='Area&production data'!I14 -> 0 | G14: ='Area&production data'!J14 -> 0 | H14: ='Area&production data'!K14 -> 0 | I14: ='Area&production data'!L14 -> 0 | J14: ='Area&production data'!M14 -> 0 | ... L14: ='Area&production data'!O14 -> 0 | M14: =SUM(C14:L14) -> 0
A15: 11 | B15: Siliana | C15: ='Area&production data'!F15 -> 0 | D15: ='Area&production data'!G15 -> 0 | E15: ='Area&production data'!H15 -> 0 | F15: ='Area&production data'!I15 -> 0 | G15: ='Area&production data'!J15 -> 0 | H15: ='Area&production data'!K15 -> 0 | I15: ='Area&production data'!L15 -> 0 | J15: ='Area&production data'!M15 -> 0 | ... L15: ='Area&production data'!O15 -> 0 | M15: =SUM(C15:L15) -> 0
A16: 12 | B16: Sousse | C16: ='Area&production data'!F16 -> 0 | D16: ='Area&production data'!G16 -> 0 | E16: ='Area&production data'!H16 -> 0 | F16: ='Area&production data'!I16 -> 0 | G16: ='Area&production data'!J16 -> 0 | H16: ='Area&production data'!K16 -> 0 | I16: ='Area&production data'!L16 -> 0 | J16: ='Area&production data'!M16 -> 0 | ... L16: ='Area&production data'!O16 -> 0 | M16: =SUM(C16:L16) -> 0
... A28: 24 | B28: Kébili | C28: ='Area&production data'!F28 -> 0 | D28: ='Area&production data'!G28 -> 0 | E28: ='Area&production data'!H28 -> 0 | F28: ='Area&production data'!I28 -> 0 | G28: ='Area&production data'!J28 -> 0 | H28: ='Area&production data'!K28 -> 0 | I28: ='Area&production data'!L28 -> 0 | J28: ='Area&production data'!M28 -> 0 | ... L28: ='Area&production data'!O28 -> 0 | M28: =SUM(C28:L28) -> 0
B29: Total Tunisia | C29: =SUM(C5:C28) -> 0 | D29: =SUM(D5:D28) -> 0 | E29: =SUM(E5:E28) -> 0 | F29: =SUM(F5:F28) -> 0 | G29: =SUM(G5:G28) -> 0 | H29: =SUM(H5:H28) -> 0 | I29: =SUM(I5:I28) -> 0 | J29: =SUM(J5:J28) -> 0 | ... L29: =SUM(L5:L28) -> 0 | M29: =SUM(C29:L29) -> 0
M30: =SUM(C29:L29)=M29 -> TRUE
B31: Definition: Land degradation levels (low, medium, and high) are established as follows
B32: Please provide definition for low, moderate, and severe land degraation based on your classification?
B37: Province | C37: Percentage of land area under each biome that has experienced low land degradation | N37: Percentage of land area under each biome that has experienced moderate land degradation | Y37: Percentage of land area under each biome that has experienced severe land degradation | AJ37: Check (the percentage shares of land areas under each biome with low, moderate, and severe land degradation must add up to 100%)
C38: Cereals | D38: Legumes | E38: Vegetables | F38: Fruits | G38: cultivated forages | H38: Alfalafa | I38: pastoral areas | J38: Prairies | K38: Agrosylvo pastoral areas | L38: Forests and shrubs | M38: Average | N38: Cereals | O38: Legumes | P38: Vegetables | Q38: Fruits | R38: cultivated forages | S38: Alfalafa | T38: pastoral areas | U38: Prairies | V38: Agrosylvo pastoral areas | W38: Forests and shrubs | X38: Average | Y38: Cereals | Z38: Legumes | AA38: Vegetables | AB38: Fruits | AC38: cultivated forages | AD38: Alfalafa | AE38: pastoral areas | AF38: Prairies | AG38: Agrosylvo pastoral areas | AH38: Forests and shrubs | AI38: Average | AJ38: Cereals | AK38: Legumes | AL38: Vegetables | AM38: Fruits | AN38: cultivated forages | AO38: Alfalafa | AP38: pastoral areas | AQ38: Prairies | AR38: Agrosylvo pastoral areas | AS38: Forests and shrubs | AT38: Total
A39: 1 | B39: Tunis | C39: ='Area(ha)-by-degradation-level'!O5 -> 0 | D39: ='Area(ha)-by-degradation-level'!S5 -> 0 | E39: ='Area(ha)-by-degradation-level'!W5 -> 0 | F39: ='Area(ha)-by-degradation-level'!AA5 -> 0 | G39: ='Area(ha)-by-degradation-level'!AE5 -> 0 | H39: ='Area(ha)-by-degradation-level'!AI5 -> 0 | I39: ='Area(ha)-by-degradation-level'!AM5 -> 0 | J39: ='Area(ha)-by-degradation-level'!AQ5 -> 0 | K39: ='Area(ha)-by-degradation-level'!AU5 -> 0 | L39: ='Area(ha)-by-degradation-level'!AY5 -> 0 | M39: =($C5/$M5)*C39+($D5/$M5)*D39+($E5/$M5)*E39+($F5/$M5)*F39+($G5/$M5)*G39+($H5/$M5)*H39+($I5/$M5)*I39+($J5/$M5)*J39+($K5/$M5)*K39+($L5/$M5)*L39 -> #DIV/0! | N39: ='Area(ha)-by-degradation-level'!P5 -> 0 | O39: ='Area(ha)-by-degradation-level'!T5 -> 0 | P39: ='Area(ha)-by-degradation-level'!X5 -> 0 | Q39: ='Area(ha)-by-degradation-level'!AB5 -> 0 | R39: ='Area(ha)-by-degradation-level'!AF5 -> 0 | S39: ='Area(ha)-by-degradation-level'!AJ5 -> 0 | T39: ='Area(ha)-by-degradation-level'!AN5 -> 0 | U39: ='Area(ha)-by-degradation-level'!AR5 -> 0 | V39: ='Area(ha)-by-degradation-level'!AV5 -> 0 | W39: ='Area(ha)-by-degradation-level'!AZ5 -> 0 | X39: =($C5/$M5)*N39+($D5/$M5)*O39+($E5/$M5)*P39+($F5/$M5)*Q39+($G5/$M5)*R39+($H5/$M5)*S39+($I5/$M5)*T39+($J5/$M5)*U39+($K5/$M5)*V39+($L5/$M5)*W39 -> #DIV/0! | Y39: ='Area(ha)-by-degradation-level'!Q5 -> 0 | Z39: ='Area(ha)-by-degradation-level'!U5 -> 0 | AA39: ='Area(ha)-by-degradation-level'!Y5 -> 0 | AB39: ='Area(ha)-by-degradation-level'!AC5 -> 0 | AC39: ='Area(ha)-by-degradation-level'!AG5 -> 0 | AD39: ='Area(ha)-by-degradation-level'!AK5 -> 0 | AE39: ='Area(ha)-by-degradation-level'!AO5 -> 0 | AF39: ='Area(ha)-by-degradation-level'!AS5 -> 0 | AG39: ='Area(ha)-by-degradation-level'!AW5 -> 0 | AH39: ='Area(ha)-by-degradation-level'!BA5 -> 0 | AI39: =($C5/$M5)*Y39+($D5/$M5)*Z39+($E5/$M5)*AA39+($F5/$M5)*AB39+($G5/$M5)*AC39+($H5/$M5)*AD39+($I5/$M5)*AE39+($J5/$M5)*AF39+($K5/$M5)*AG39+($L5/$M5)*AH39 -> #DIV/0! | AJ39: =ABS(C39+N39+Y39-100%)<0.1% -> FALSE | AK39: =ABS(D39+O39+Z39-100%)<0.1% -> FALSE | AL39: =ABS(E39+P39+AA39-100%)<0.1% -> FALSE | AM39: =ABS(F39+Q39+AB39-100%)<0.1% -> FALSE | AN39: =ABS(G39+R39+AC39-100%)<0.1% -> FALSE | AO39: =ABS(H39+S39+AD39-100%)<0.1% -> FALSE | AP39: =ABS(I39+T39+AE39-100%)<0.1% -> FALSE | AQ39: =ABS(J39+U39+AF39-100%)<0.1% -> FALSE | ... AT39: =ABS(M39+X39+AI39-100%)<0.1% -> #DIV/0!
A40: 2 | B40: Ariana | C40: ='Area(ha)-by-degradation-level'!O6 -> 0 | D40: ='Area(ha)-by-degradation-level'!S6 -> 0 | E40: ='Area(ha)-by-degradation-level'!W6 -> 0 | F40: ='Area(ha)-by-degradation-level'!AA6 -> 0 | G40: ='Area(ha)-by-degradation-level'!AE6 -> 0 | H40: ='Area(ha)-by-degradation-level'!AI6 -> 0 | I40: ='Area(ha)-by-degradation-level'!AM6 -> 0 | J40: ='Area(ha)-by-degradation-level'!AQ6 -> 0 | K40: ='Area(ha)-by-degradation-level'!AU6 -> 0 | L40: ='Area(ha)-by-degradation-level'!AY6 -> 0 | M40: =($C6/$M6)*C40+($D6/$M6)*D40+($E6/$M6)*E40+($F6/$M6)*F40+($G6/$M6)*G40+($H6/$M6)*H40+($I6/$M6)*I40+($J6/$M6)*J40+($K6/$M6)*K40+($L6/$M6)*L40 -> #DIV/0! | N40: ='Area(ha)-by-degradation-level'!P6 -> 0 | O40: ='Area(ha)-by-degradation-level'!T6 -> 0 | P40: ='Area(ha)-by-degradation-level'!X6 -> 0 | Q40: ='Area(ha)-by-degradation-level'!AB6 -> 0 | R40: ='Area(ha)-by-degradation-level'!AF6 -> 0 | S40: ='Area(ha)-by-degradation-level'!AJ6 -> 0 | T40: ='Area(ha)-by-degradation-level'!AN6 -> 0 | U40: ='Area(ha)-by-degradation-level'!AR6 -> 0 | V40: ='Area(ha)-by-degradation-level'!AV6 -> 0 | W40: ='Area(ha)-by-degradation-level'!AZ6 -> 0 | X40: =($C6/$M6)*N40+($D6/$M6)*O40+($E6/$M6)*P40+($F6/$M6)*Q40+($G6/$M6)*R40+($H6/$M6)*S40+($I6/$M6)*T40+($J6/$M6)*U40+($K6/$M6)*V40+($L6/$M6)*W40 -> #DIV/0! | Y40: ='Area(ha)-by-degradation-level'!Q6 -> 0 | Z40: ='Area(ha)-by-degradation-level'!U6 -> 0 | AA40: ='Area(ha)-by-degradation-level'!Y6 -> 0 | AB40: ='Area(ha)-by-degradation-level'!AC6 -> 0 | AC40: ='Area(ha)-by-degradation-level'!AG6 -> 0 | AD40: ='Area(ha)-by-degradation-level'!AK6 -> 0 | AE40: ='Area(ha)-by-degradation-level'!AO6 -> 0 | AF40: ='Area(ha)-by-degradation-level'!AS6 -> 0 | AG40: ='Area(ha)-by-degradation-level'!AW6 -> 0 | AH40: ='Area(ha)-by-degradation-level'!BA6 -> 0 | AI40: =($C6/$M6)*Y40+($D6/$M6)*Z40+($E6/$M6)*AA40+($F6/$M6)*AB40+($G6/$M6)*AC40+($H6/$M6)*AD40+($I6/$M6)*AE40+($J6/$M6)*AF40+($K6/$M6)*AG40+($L6/$M6)*AH40 -> #DIV/0! | AJ40: =ABS(C40+N40+Y40-100%)<0.1% -> FALSE | AK40: =ABS(D40+O40+Z40-100%)<0.1% -> FALSE | AL40: =ABS(E40+P40+AA40-100%)<0.1% -> FALSE | AM40: =ABS(F40+Q40+AB40-100%)<0.1% -> FALSE | AN40: =ABS(G40+R40+AC40-100%)<0.1% -> FALSE | AO40: =ABS(H40+S40+AD40-100%)<0.1% -> FALSE | AP40: =ABS(I40+T40+AE40-100%)<0.1% -> FALSE | AQ40: =ABS(J40+U40+AF40-100%)<0.1% -> FALSE | ... AT40: =ABS(M40+X40+AI40-100%)<0.1% -> #DIV/0!
A41: 3 | B41: La Manouba | C41: ='Area(ha)-by-degradation-level'!O7 -> 0 | D41: ='Area(ha)-by-degradation-level'!S7 -> 0 | E41: ='Area(ha)-by-degradation-level'!W7 -> 0 | F41: ='Area(ha)-by-degradation-level'!AA7 -> 0 | G41: ='Area(ha)-by-degradation-level'!AE7 -> 0 | H41: ='Area(ha)-by-degradation-level'!AI7 -> 0 | I41: ='Area(ha)-by-degradation-level'!AM7 -> 0 | J41: ='Area(ha)-by-degradation-level'!AQ7 -> 0 | K41: ='Area(ha)-by-degradation-level'!AU7 -> 0 | L41: ='Area(ha)-by-degradation-level'!AY7 -> 0 | M41: =($C7/$M7)*C41+($D7/$M7)*D41+($E7/$M7)*E41+($F7/$M7)*F41+($G7/$M7)*G41+($H7/$M7)*H41+($I7/$M7)*I41+($J7/$M7)*J41+($K7/$M7)*K41+($L7/$M7)*L41 -> #DIV/0! | N41: ='Area(ha)-by-degradation-level'!P7 -> 0 | O41: ='Area(ha)-by-degradation-level'!T7 -> 0 | P41: ='Area(ha)-by-degradation-level'!X7 -> 0 | Q41: ='Area(ha)-by-degradation-level'!AB7 -> 0 | R41: ='Area(ha)-by-degradation-level'!AF7 -> 0 | S41: ='Area(ha)-by-degradation-level'!AJ7 -> 0 | T41: ='Area(ha)-by-degradation-level'!AN7 -> 0 | U41: ='Area(ha)-by-degradation-level'!AR7 -> 0 | V41: ='Area(ha)-by-degradation-level'!AV7 -> 0 | W41: ='Area(ha)-by-degradation-level'!AZ7 -> 0 | X41: =($C7/$M7)*N41+($D7/$M7)*O41+($E7/$M7)*P41+($F7/$M7)*Q41+($G7/$M7)*R41+($H7/$M7)*S41+($I7/$M7)*T41+($J7/$M7)*U41+($K7/$M7)*V41+($L7/$M7)*W41 -> #DIV/0! | Y41: ='Area(ha)-by-degradation-level'!Q7 -> 0 | Z41: ='Area(ha)-by-degradation-level'!U7 -> 0 | AA41: ='Area(ha)-by-degradation-level'!Y7 -> 0 | AB41: ='Area(ha)-by-degradation-level'!AC7 -> 0 | AC41: ='Area(ha)-by-degradation-level'!AG7 -> 0 | AD41: ='Area(ha)-by-degradation-level'!AK7 -> 0 | AE41: ='Area(ha)-by-degradation-level'!AO7 -> 0 | AF41: ='Area(ha)-by-degradation-level'!AS7 -> 0 | AG41: ='Area(ha)-by-degradation-level'!AW7 -> 0 | AH41: ='Area(ha)-by-degradation-level'!BA7 -> 0 | AI41: =($C7/$M7)*Y41+($D7/$M7)*Z41+($E7/$M7)*AA41+($F7/$M7)*AB41+($G7/$M7)*AC41+($H7/$M7)*AD41+($I7/$M7)*AE41+($J7/$M7)*AF41+($K7/$M7)*AG41+($L7/$M7)*AH41 -> #DIV/0! | AJ41: =ABS(C41+N41+Y41-100%)<0.1% -> FALSE | AK41: =ABS(D41+O41+Z41-100%)<0.1% -> FALSE | AL41: =ABS(E41+P41+AA41-100%)<0.1% -> FALSE | AM41: =ABS(F41+Q41+AB41-100%)<0.1% -> FALSE | AN41: =ABS(G41+R41+AC41-100%)<0.1% -> FALSE | AO41: =ABS(H41+S41+AD41-100%)<0.1% -> FALSE | AP41: =ABS(I41+T41+AE41-100%)<0.1% -> FALSE | AQ41: =ABS(J41+U41+AF41-100%)<0.1% -> FALSE | ... AT41: =ABS(M41+X41+AI41-100%)<0.1% -> #DIV/0!
A42: 4 | B42: Ben Arous | C42: ='Area(ha)-by-degradation-level'!O8 -> 0 | D42: ='Area(ha)-by-degradation-level'!S8 -> 0 | E42: ='Area(ha)-by-degradation-level'!W8 -> 0 | F42: ='Area(ha)-by-degradation-level'!AA8 -> 0 | G42: ='Area(ha)-by-degradation-level'!AE8 -> 0 | H42: ='Area(ha)-by-degradation-level'!AI8 -> 0 | I42: ='Area(ha)-by-degradation-level'!AM8 -> 0 | J42: ='Area(ha)-by-degradation-level'!AQ8 -> 0 | K42: ='Area(ha)-by-degradation-level'!AU8 -> 0 | L42: ='Area(ha)-by-degradation-level'!AY8 -> 0 | M42: =($C8/$M8)*C42+($D8/$M8)*D42+($E8/$M8)*E42+($F8/$M8)*F42+($G8/$M8)*G42+($H8/$M8)*H42+($I8/$M8)*I42+($J8/$M8)*J42+($K8/$M8)*K42+($L8/$M8)*L42 -> #DIV/0! | N42: ='Area(ha)-by-degradation-level'!P8 -> 0 | O42: ='Area(ha)-by-degradation-level'!T8 -> 0 | P42: ='Area(ha)-by-degradation-level'!X8 -> 0 | Q42: ='Area(ha)-by-degradation-level'!AB8 -> 0 | R42: ='Area(ha)-by-degradation-level'!AF8 -> 0 | S42: ='Area(ha)-by-degradation-level'!AJ8 -> 0 | T42: ='Area(ha)-by-degradation-level'!AN8 -> 0 | U42: ='Area(ha)-by-degradation-level'!AR8 -> 0 | V42: ='Area(ha)-by-degradation-level'!AV8 -> 0 | W42: ='Area(ha)-by-degradation-level'!AZ8 -> 0 | X42: =($C8/$M8)*N42+($D8/$M8)*O42+($E8/$M8)*P42+($F8/$M8)*Q42+($G8/$M8)*R42+($H8/$M8)*S42+($I8/$M8)*T42+($J8/$M8)*U42+($K8/$M8)*V42+($L8/$M8)*W42 -> #DIV/0! | Y42: ='Area(ha)-by-degradation-level'!Q8 -> 0 | Z42: ='Area(ha)-by-degradation-level'!U8 -> 0 | AA42: ='Area(ha)-by-degradation-level'!Y8 -> 0 | AB42: ='Area(ha)-by-degradation-level'!AC8 -> 0 | AC42: ='Area(ha)-by-degradation-level'!AG8 -> 0 | AD42: ='Area(ha)-by-degradation-level'!AK8 -> 0 | AE42: ='Area(ha)-by-degradation-level'!AO8 -> 0 | AF42: ='Area(ha)-by-degradation-level'!AS8 -> 0 | AG42: ='Area(ha)-by-degradation-level'!AW8 -> 0 | AH42: ='Area(ha)-by-degradation-level'!BA8 -> 0 | AI42: =($C8/$M8)*Y42+($D8/$M8)*Z42+($E8/$M8)*AA42+($F8/$M8)*AB42+($G8/$M8)*AC42+($H8/$M8)*AD42+($I8/$M8)*AE42+($J8/$M8)*AF42+($K8/$M8)*AG42+($L8/$M8)*AH42 -> #DIV/0! | AJ42: =ABS(C42+N42+Y42-100%)<0.1% -> FALSE | AK42: =ABS(D42+O42+Z42-100%)<0.1% -> FALSE | AL42: =ABS(E42+P42+AA42-100%)<0.1% -> FALSE | AM42: =ABS(F42+Q42+AB42-100%)<0.1% -> FALSE | AN42: =ABS(G42+R42+AC42-100%)<0.1% -> FALSE | AO42: =ABS(H42+S42+AD42-100%)<0.1% -> FALSE | AP42: =ABS(I42+T42+AE42-100%)<0.1% -> FALSE | AQ42: =ABS(J42+U42+AF42-100%)<0.1% -> FALSE | ... AT42: =ABS(M42+X42+AI42-100%)<0.1% -> #DIV/0!
A43: 5 | B43: Nabeul | C43: ='Area(ha)-by-degradation-level'!O9 -> 0 | D43: ='Area(ha)-by-degradation-level'!S9 -> 0 | E43: ='Area(ha)-by-degradation-level'!W9 -> 0 | F43: ='Area(ha)-by-degradation-level'!AA9 -> 0 | G43: ='Area(ha)-by-degradation-level'!AE9 -> 0 | H43: ='Area(ha)-by-degradation-level'!AI9 -> 0 | I43: ='Area(ha)-by-degradation-level'!AM9 -> 0 | J43: ='Area(ha)-by-degradation-level'!AQ9 -> 0 | K43: ='Area(ha)-by-degradation-level'!AU9 -> 0 | L43: ='Area(ha)-by-degradation-level'!AY9 -> 0 | M43: =($C9/$M9)*C43+($D9/$M9)*D43+($E9/$M9)*E43+($F9/$M9)*F43+($G9/$M9)*G43+($H9/$M9)*H43+($I9/$M9)*I43+($J9/$M9)*J43+($K9/$M9)*K43+($L9/$M9)*L43 -> #DIV/0! | N43: ='Area(ha)-by-degradation-level'!P9 -> 0 | O43: ='Area(ha)-by-degradation-level'!T9 -> 0 | P43: ='Area(ha)-by-degradation-level'!X9 -> 0 | Q43: ='Area(ha)-by-degradation-level'!AB9 -> 0 | R43: ='Area(ha)-by-degradation-level'!AF9 -> 0 | S43: ='Area(ha)-by-degradation-level'!AJ9 -> 0 | T43: ='Area(ha)-by-degradation-level'!AN9 -> 0 | U43: ='Area(ha)-by-degradation-level'!AR9 -> 0 | V43: ='Area(ha)-by-degradation-level'!AV9 -> 0 | W43: ='Area(ha)-by-degradation-level'!AZ9 -> 0 | X43: =($C9/$M9)*N43+($D9/$M9)*O43+($E9/$M9)*P43+($F9/$M9)*Q43+($G9/$M9)*R43+($H9/$M9)*S43+($I9/$M9)*T43+($J9/$M9)*U43+($K9/$M9)*V43+($L9/$M9)*W43 -> #DIV/0! | Y43: ='Area(ha)-by-degradation-level'!Q9 -> 0 | Z43: ='Area(ha)-by-degradation-level'!U9 -> 0 | AA43: ='Area(ha)-by-degradation-level'!Y9 -> 0 | AB43: ='Area(ha)-by-degradation-level'!AC9 -> 0 | AC43: ='Area(ha)-by-degradation-level'!AG9 -> 0 | AD43: ='Area(ha)-by-degradation-level'!AK9 -> 0 | AE43: ='Area(ha)-by-degradation-level'!AO9 -> 0 | AF43: ='Area(ha)-by-degradation-level'!AS9 -> 0 | AG43: ='Area(ha)-by-degradation-level'!AW9 -> 0 | AH43: ='Area(ha)-by-degradation-level'!BA9 -> 0 | AI43: =($C9/$M9)*Y43+($D9/$M9)*Z43+($E9/$M9)*AA43+($F9/$M9)*AB43+($G9/$M9)*AC43+($H9/$M9)*AD43+($I9/$M9)*AE43+($J9/$M9)*AF43+($K9/$M9)*AG43+($L9/$M9)*AH43 -> #DIV/0! | AJ43: =ABS(C43+N43+Y43-100%)<0.1% -> FALSE | AK43: =ABS(D43+O43+Z43-100%)<0.1% -> FALSE | AL43: =ABS(E43+P43+AA43-100%)<0.1% -> FALSE | AM43: =ABS(F43+Q43+AB43-100%)<0.1% -> FALSE | AN43: =ABS(G43+R43+AC43-100%)<0.1% -> FALSE | AO43: =ABS(H43+S43+AD43-100%)<0.1% -> FALSE | AP43: =ABS(I43+T43+AE43-100%)<0.1% -> FALSE | AQ43: =ABS(J43+U43+AF43-100%)<0.1% -> FALSE | ... AT43: =ABS(M43+X43+AI43-100%)<0.1% -> #DIV/0!
A44: 6 | B44: Bizerte | C44: ='Area(ha)-by-degradation-level'!O10 -> 0 | D44: ='Area(ha)-by-degradation-level'!S10 -> 0 | E44: ='Area(ha)-by-degradation-level'!W10 -> 0 | F44: ='Area(ha)-by-degradation-level'!AA10 -> 0 | G44: ='Area(ha)-by-degradation-level'!AE10 -> 0 | H44: ='Area(ha)-by-degradation-level'!AI10 -> 0 | I44: ='Area(ha)-by-degradation-level'!AM10 -> 0 | J44: ='Area(ha)-by-degradation-level'!AQ10 -> 0 | K44: ='Area(ha)-by-degradation-level'!AU10 -> 0 | L44: ='Area(ha)-by-degradation-level'!AY10 -> 0 | M44: =($C10/$M10)*C44+($D10/$M10)*D44+($E10/$M10)*E44+($F10/$M10)*F44+($G10/$M10)*G44+($H10/$M10)*H44+($I10/$M10)*I44+($J10/$M10)*J44+($K10/$M10)*K44+($L10/$M10)*L44 -> #DIV/0! | N44: ='Area(ha)-by-degradation-level'!P10 -> 0 | O44: ='Area(ha)-by-degradation-level'!T10 -> 0 | P44: ='Area(ha)-by-degradation-level'!X10 -> 0 | Q44: ='Area(ha)-by-degradation-level'!AB10 -> 0 | R44: ='Area(ha)-by-degradation-level'!AF10 -> 0 | S44: ='Area(ha)-by-degradation-level'!AJ10 -> 0 | T44: ='Area(ha)-by-degradation-level'!AN10 -> 0 | U44: ='Area(ha)-by-degradation-level'!AR10 -> 0 | V44: ='Area(ha)-by-degradation-level'!AV10 -> 0 | W44: ='Area(ha)-by-degradation-level'!AZ10 -> 0 | X44: =($C10/$M10)*N44+($D10/$M10)*O44+($E10/$M10)*P44+($F10/$M10)*Q44+($G10/$M10)*R44+($H10/$M10)*S44+($I10/$M10)*T44+($J10/$M10)*U44+($K10/$M10)*V44+($L10/$M10)*W44 -> #DIV/0! | Y44: ='Area(ha)-by-degradation-level'!Q10 -> 0 | Z44: ='Area(ha)-by-degradation-level'!U10 -> 0 | AA44: ='Area(ha)-by-degradation-level'!Y10 -> 0 | AB44: ='Area(ha)-by-degradation-level'!AC10 -> 0 | AC44: ='Area(ha)-by-degradation-level'!AG10 -> 0 | AD44: ='Area(ha)-by-degradation-level'!AK10 -> 0 | AE44: ='Area(ha)-by-degradation-level'!AO10 -> 0 | AF44: ='Area(ha)-by-degradation-level'!AS10 -> 0 | AG44: ='Area(ha)-by-degradation-level'!AW10 -> 0 | AH44: ='Area(ha)-by-degradation-level'!BA10 -> 0 | AI44: =($C10/$M10)*Y44+($D10/$M10)*Z44+($E10/$M10)*AA44+($F10/$M10)*AB44+($G10/$M10)*AC44+($H10/$M10)*AD44+($I10/$M10)*AE44+($J10/$M10)*AF44+($K10/$M10)*AG44+($L10/$M10)*AH44 -> #DIV/0! | AJ44: =ABS(C44+N44+Y44-100%)<0.1% -> FALSE | AK44: =ABS(D44+O44+Z44-100%)<0.1% -> FALSE | AL44: =ABS(E44+P44+AA44-100%)<0.1% -> FALSE | AM44: =ABS(F44+Q44+AB44-100%)<0.1% -> FALSE | AN44: =ABS(G44+R44+AC44-100%)<0.1% -> FALSE | AO44: =ABS(H44+S44+AD44-100%)<0.1% -> FALSE | AP44: =ABS(I44+T44+AE44-100%)<0.1% -> FALSE | AQ44: =ABS(J44+U44+AF44-100%)<0.1% -> FALSE | ... AT44: =ABS(M44+X44+AI44-100%)<0.1% -> #DIV/0!
A45: 7 | B45: Zaghouan | C45: ='Area(ha)-by-degradation-level'!O11 -> 0 | D45: ='Area(ha)-by-degradation-level'!S11 -> 0 | E45: ='Area(ha)-by-degradation-level'!W11 -> 0 | F45: ='Area(ha)-by-degradation-level'!AA11 -> 0 | G45: ='Area(ha)-by-degradation-level'!AE11 -> 0 | H45: ='Area(ha)-by-degradation-level'!AI11 -> 0 | I45: ='Area(ha)-by-degradation-level'!AM11 -> 0 | J45: ='Area(ha)-by-degradation-level'!AQ11 -> 0 | K45: ='Area(ha)-by-degradation-level'!AU11 -> 0 | L45: ='Area(ha)-by-degradation-level'!AY11 -> 0 | M45: =($C11/$M11)*C45+($D11/$M11)*D45+($E11/$M11)*E45+($F11/$M11)*F45+($G11/$M11)*G45+($H11/$M11)*H45+($I11/$M11)*I45+($J11/$M11)*J45+($K11/$M11)*K45+($L11/$M11)*L45 -> #DIV/0! | N45: ='Area(ha)-by-degradation-level'!P11 -> 0 | O45: ='Area(ha)-by-degradation-level'!T11 -> 0 | P45: ='Area(ha)-by-degradation-level'!X11 -> 0 | Q45: ='Area(ha)-by-degradation-level'!AB11 -> 0 | R45: ='Area(ha)-by-degradation-level'!AF11 -> 0 | S45: ='Area(ha)-by-degradation-level'!AJ11 -> 0 | T45: ='Area(ha)-by-degradation-level'!AN11 -> 0 | U45: ='Area(ha)-by-degradation-level'!AR11 -> 0 | V45: ='Area(ha)-by-degradation-level'!AV11 -> 0 | W45: ='Area(ha)-by-degradation-level'!AZ11 -> 0 | X45: =($C11/$M11)*N45+($D11/$M11)*O45+($E11/$M11)*P45+($F11/$M11)*Q45+($G11/$M11)*R45+($H11/$M11)*S45+($I11/$M11)*T45+($J11/$M11)*U45+($K11/$M11)*V45+($L11/$M11)*W45 -> #DIV/0! | Y45: ='Area(ha)-by-degradation-level'!Q11 -> 0 | Z45: ='Area(ha)-by-degradation-level'!U11 -> 0 | AA45: ='Area(ha)-by-degradation-level'!Y11 -> 0 | AB45: ='Area(ha)-by-degradation-level'!AC11 -> 0 | AC45: ='Area(ha)-by-degradation-level'!AG11 -> 0 | AD45: ='Area(ha)-by-degradation-level'!AK11 -> 0 | AE45: ='Area(ha)-by-degradation-level'!AO11 -> 0 | AF45: ='Area(ha)-by-degradation-level'!AS11 -> 0 | AG45: ='Area(ha)-by-degradation-level'!AW11 -> 0 | AH45: ='Area(ha)-by-degradation-level'!BA11 -> 0 | AI45: =($C11/$M11)*Y45+($D11/$M11)*Z45+($E11/$M11)*AA45+($F11/$M11)*AB45+($G11/$M11)*AC45+($H11/$M11)*AD45+($I11/$M11)*AE45+($J11/$M11)*AF45+($K11/$M11)*AG45+($L11/$M11)*AH45 -> #DIV/0! | AJ45: =ABS(C45+N45+Y45-100%)<0.1% -> FALSE | AK45: =ABS(D45+O45+Z45-100%)<0.1% -> FALSE | AL45: =ABS(E45+P45+AA45-100%)<0.1% -> FALSE | AM45: =ABS(F45+Q45+AB45-100%)<0.1% -> FALSE | AN45: =ABS(G45+R45+AC45-100%)<0.1% -> FALSE | AO45: =ABS(H45+S45+AD45-100%)<0.1% -> FALSE | AP45: =ABS(I45+T45+AE45-100%)<0.1% -> FALSE | AQ45: =ABS(J45+U45+AF45-100%)<0.1% -> FALSE | ... AT45: =ABS(M45+X45+AI45-100%)<0.1% -> #DIV/0!
A46: 8 | B46: Béja | C46: ='Area(ha)-by-degradation-level'!O12 -> 0 | D46: ='Area(ha)-by-degradation-level'!S12 -> 0 | E46: ='Area(ha)-by-degradation-level'!W12 -> 0 | F46: ='Area(ha)-by-degradation-level'!AA12 -> 0 | G46: ='Area(ha)-by-degradation-level'!AE12 -> 0 | H46: ='Area(ha)-by-degradation-level'!AI12 -> 0 | I46: ='Area(ha)-by-degradation-level'!AM12 -> 0 | J46: ='Area(ha)-by-degradation-level'!AQ12 -> 0 | K46: ='Area(ha)-by-degradation-level'!AU12 -> 0 | L46: ='Area(ha)-by-degradation-level'!AY12 -> 0 | M46: =($C12/$M12)*C46+($D12/$M12)*D46+($E12/$M12)*E46+($F12/$M12)*F46+($G12/$M12)*G46+($H12/$M12)*H46+($I12/$M12)*I46+($J12/$M12)*J46+($K12/$M12)*K46+($L12/$M12)*L46 -> #DIV/0! | N46: ='Area(ha)-by-degradation-level'!P12 -> 0 | O46: ='Area(ha)-by-degradation-level'!T12 -> 0 | P46: ='Area(ha)-by-degradation-level'!X12 -> 0 | Q46: ='Area(ha)-by-degradation-level'!AB12 -> 0 | R46: ='Area(ha)-by-degradation-level'!AF12 -> 0 | S46: ='Area(ha)-by-degradation-level'!AJ12 -> 0 | T46: ='Area(ha)-by-degradation-level'!AN12 -> 0 | U46: ='Area(ha)-by-degradation-level'!AR12 -> 0 | V46: ='Area(ha)-by-degradation-level'!AV12 -> 0 | W46: ='Area(ha)-by-degradation-level'!AZ12 -> 0 | X46: =($C12/$M12)*N46+($D12/$M12)*O46+($E12/$M12)*P46+($F12/$M12)*Q46+($G12/$M12)*R46+($H12/$M12)*S46+($I12/$M12)*T46+($J12/$M12)*U46+($K12/$M12)*V46+($L12/$M12)*W46 -> #DIV/0! | Y46: ='Area(ha)-by-degradation-level'!Q12 -> 0 | Z46: ='Area(ha)-by-degradation-level'!U12 -> 0 | AA46: ='Area(ha)-by-degradation-level'!Y12 -> 0 | AB46: ='Area(ha)-by-degradation-level'!AC12 -> 0 | AC46: ='Area(ha)-by-degradation-level'!AG12 -> 0 | AD46: ='Area(ha)-by-degradation-level'!AK12 -> 0 | AE46: ='Area(ha)-by-degradation-level'!AO12 -> 0 | AF46: ='Area(ha)-by-degradation-level'!AS12 -> 0 | AG46: ='Area(ha)-by-degradation-level'!AW12 -> 0 | AH46: ='Area(ha)-by-degradation-level'!BA12 -> 0 | AI46: =($C12/$M12)*Y46+($D12/$M12)*Z46+($E12/$M12)*AA46+($F12/$M12)*AB46+($G12/$M12)*AC46+($H12/$M12)*AD46+($I12/$M12)*AE46+($J12/$M12)*AF46+($K12/$M12)*AG46+($L12/$M12)*AH46 -> #DIV/0! | AJ46: =ABS(C46+N46+Y46-100%)<0.1% -> FALSE | AK46: =ABS(D46+O46+Z46-100%)<0.1% -> FALSE | AL46: =ABS(E46+P46+AA46-100%)<0.1% -> FALSE | AM46: =ABS(F46+Q46+AB46-100%)<0.1% -> FALSE | AN46: =ABS(G46+R46+AC46-100%)<0.1% -> FALSE | AO46: =ABS(H46+S46+AD46-100%)<0.1% -> FALSE | AP46: =ABS(I46+T46+AE46-100%)<0.1% -> FALSE | AQ46: =ABS(J46+U46+AF46-100%)<0.1% -> FALSE | ... AT46: =ABS(M46+X46+AI46-100%)<0.1% -> #DIV/0!
A47: 9 | B47: Jendouba | C47: ='Area(ha)-by-degradation-level'!O13 -> 0 | D47: ='Area(ha)-by-degradation-level'!S13 -> 0 | E47: ='Area(ha)-by-degradation-level'!W13 -> 0 | F47: ='Area(ha)-by-degradation-level'!AA13 -> 0 | G47: ='Area(ha)-by-degradation-level'!AE13 -> 0 | H47: ='Area(ha)-by-degradation-level'!AI13 -> 0 | I47: ='Area(ha)-by-degradation-level'!AM13 -> 0 | J47: ='Area(ha)-by-degradation-level'!AQ13 -> 0 | K47: ='Area(ha)-by-degradation-level'!AU13 -> 0 | L47: ='Area(ha)-by-degradation-level'!AY13 -> 0 | M47: =($C13/$M13)*C47+($D13/$M13)*D47+($E13/$M13)*E47+($F13/$M13)*F47+($G13/$M13)*G47+($H13/$M13)*H47+($I13/$M13)*I47+($J13/$M13)*J47+($K13/$M13)*K47+($L13/$M13)*L47 -> #DIV/0! | N47: ='Area(ha)-by-degradation-level'!P13 -> 0 | O47: ='Area(ha)-by-degradation-level'!T13 -> 0 | P47: ='Area(ha)-by-degradation-level'!X13 -> 0 | Q47: ='Area(ha)-by-degradation-level'!AB13 -> 0 | R47: ='Area(ha)-by-degradation-level'!AF13 -> 0 | S47: ='Area(ha)-by-degradation-level'!AJ13 -> 0 | T47: ='Area(ha)-by-degradation-level'!AN13 -> 0 | U47: ='Area(ha)-by-degradation-level'!AR13 -> 0 | V47: ='Area(ha)-by-degradation-level'!AV13 -> 0 | W47: ='Area(ha)-by-degradation-level'!AZ13 -> 0 | X47: =($C13/$M13)*N47+($D13/$M13)*O47+($E13/$M13)*P47+($F13/$M13)*Q47+($G13/$M13)*R47+($H13/$M13)*S47+($I13/$M13)*T47+($J13/$M13)*U47+($K13/$M13)*V47+($L13/$M13)*W47 -> #DIV/0! | Y47: ='Area(ha)-by-degradation-level'!Q13 -> 0 | Z47: ='Area(ha)-by-degradation-level'!U13 -> 0 | AA47: ='Area(ha)-by-degradation-level'!Y13 -> 0 | AB47: ='Area(ha)-by-degradation-level'!AC13 -> 0 | AC47: ='Area(ha)-by-degradation-level'!AG13 -> 0 | AD47: ='Area(ha)-by-degradation-level'!AK13 -> 0 | AE47: ='Area(ha)-by-degradation-level'!AO13 -> 0 | AF47: ='Area(ha)-by-degradation-level'!AS13 -> 0 | AG47: ='Area(ha)-by-degradation-level'!AW13 -> 0 | AH47: ='Area(ha)-by-degradation-level'!BA13 -> 0 | AI47: =($C13/$M13)*Y47+($D13/$M13)*Z47+($E13/$M13)*AA47+($F13/$M13)*AB47+($G13/$M13)*AC47+($H13/$M13)*AD47+($I13/$M13)*AE47+($J13/$M13)*AF47+($K13/$M13)*AG47+($L13/$M13)*AH47 -> #DIV/0! | AJ47: =ABS(C47+N47+Y47-100%)<0.1% -> FALSE | AK47: =ABS(D47+O47+Z47-100%)<0.1% -> FALSE | AL47: =ABS(E47+P47+AA47-100%)<0.1% -> FALSE | AM47: =ABS(F47+Q47+AB47-100%)<0.1% -> FALSE | AN47: =ABS(G47+R47+AC47-100%)<0.1% -> FALSE | AO47: =ABS(H47+S47+AD47-100%)<0.1% -> FALSE | AP47: =ABS(I47+T47+AE47-100%)<0.1% -> FALSE | AQ47: =ABS(J47+U47+AF47-100%)<0.1% -> FALSE | ... AT47: =ABS(M47+X47+AI47-100%)<0.1% -> #DIV/0!
A48: 10 | B48: Le Kef | C48: ='Area(ha)-by-degradation-level'!O14 -> 0 | D48: ='Area(ha)-by-degradation-level'!S14 -> 0 | E48: ='Area(ha)-by-degradation-level'!W14 -> 0 | F48: ='Area(ha)-by-degradation-level'!AA14 -> 0 | G48: ='Area(ha)-by-degradation-level'!AE14 -> 0 | H48: ='Area(ha)-by-degradation-level'!AI14 -> 0 | I48: ='Area(ha)-by-degradation-level'!AM14 -> 0 | J48: ='Area(ha)-by-degradation-level'!AQ14 -> 0 | K48: ='Area(ha)-by-degradation-level'!AU14 -> 0 | L48: ='Area(ha)-by-degradation-level'!AY14 -> 0 | M48: =($C14/$M14)*C48+($D14/$M14)*D48+($E14/$M14)*E48+($F14/$M14)*F48+($G14/$M14)*G48+($H14/$M14)*H48+($I14/$M14)*I48+($J14/$M14)*J48+($K14/$M14)*K48+($L14/$M14)*L48 -> #DIV/0! | N48: ='Area(ha)-by-degradation-level'!P14 -> 0 | O48: ='Area(ha)-by-degradation-level'!T14 -> 0 | P48: ='Area(ha)-by-degradation-level'!X14 -> 0 | Q48: ='Area(ha)-by-degradation-level'!AB14 -> 0 | R48: ='Area(ha)-by-degradation-level'!AF14 -> 0 | S48: ='Area(ha)-by-degradation-level'!AJ14 -> 0 | T48: ='Area(ha)-by-degradation-level'!AN14 -> 0 | U48: ='Area(ha)-by-degradation-level'!AR14 -> 0 | V48: ='Area(ha)-by-degradation-level'!AV14 -> 0 | W48: ='Area(ha)-by-degradation-level'!AZ14 -> 0 | X48: =($C14/$M14)*N48+($D14/$M14)*O48+($E14/$M14)*P48+($F14/$M14)*Q48+($G14/$M14)*R48+($H14/$M14)*S48+($I14/$M14)*T48+($J14/$M14)*U48+($K14/$M14)*V48+($L14/$M14)*W48 -> #DIV/0! | Y48: ='Area(ha)-by-degradation-level'!Q14 -> 0 | Z48: ='Area(ha)-by-degradation-level'!U14 -> 0 | AA48: ='Area(ha)-by-degradation-level'!Y14 -> 0 | AB48: ='Area(ha)-by-degradation-level'!AC14 -> 0 | AC48: ='Area(ha)-by-degradation-level'!AG14 -> 0 | AD48: ='Area(ha)-by-degradation-level'!AK14 -> 0 | AE48: ='Area(ha)-by-degradation-level'!AO14 -> 0 | AF48: ='Area(ha)-by-degradation-level'!AS14 -> 0 | AG48: ='Area(ha)-by-degradation-level'!AW14 -> 0 | AH48: ='Area(ha)-by-degradation-level'!BA14 -> 0 | AI48: =($C14/$M14)*Y48+($D14/$M14)*Z48+($E14/$M14)*AA48+($F14/$M14)*AB48+($G14/$M14)*AC48+($H14/$M14)*AD48+($I14/$M14)*AE48+($J14/$M14)*AF48+($K14/$M14)*AG48+($L14/$M14)*AH48 -> #DIV/0! | AJ48: =ABS(C48+N48+Y48-100%)<0.1% -> FALSE | AK48: =ABS(D48+O48+Z48-100%)<0.1% -> FALSE | AL48: =ABS(E48+P48+AA48-100%)<0.1% -> FALSE | AM48: =ABS(F48+Q48+AB48-100%)<0.1% -> FALSE | AN48: =ABS(G48+R48+AC48-100%)<0.1% -> FALSE | AO48: =ABS(H48+S48+AD48-100%)<0.1% -> FALSE | AP48: =ABS(I48+T48+AE48-100%)<0.1% -> FALSE | AQ48: =ABS(J48+U48+AF48-100%)<0.1% -> FALSE | ... AT48: =ABS(M48+X48+AI48-100%)<0.1% -> #DIV/0!
A49: 11 | B49: Siliana | C49: ='Area(ha)-by-degradation-level'!O15 -> 0 | D49: ='Area(ha)-by-degradation-level'!S15 -> 0 | E49: ='Area(ha)-by-degradation-level'!W15 -> 0 | F49: ='Area(ha)-by-degradation-level'!AA15 -> 0 | G49: ='Area(ha)-by-degradation-level'!AE15 -> 0 | H49: ='Area(ha)-by-degradation-level'!AI15 -> 0 | I49: ='Area(ha)-by-degradation-level'!AM15 -> 0 | J49: ='Area(ha)-by-degradation-level'!AQ15 -> 0 | K49: ='Area(ha)-by-degradation-level'!AU15 -> 0 | L49: ='Area(ha)-by-degradation-level'!AY15 -> 0 | M49: =($C15/$M15)*C49+($D15/$M15)*D49+($E15/$M15)*E49+($F15/$M15)*F49+($G15/$M15)*G49+($H15/$M15)*H49+($I15/$M15)*I49+($J15/$M15)*J49+($K15/$M15)*K49+($L15/$M15)*L49 -> #DIV/0! | N49: ='Area(ha)-by-degradation-level'!P15 -> 0 | O49: ='Area(ha)-by-degradation-level'!T15 -> 0 | P49: ='Area(ha)-by-degradation-level'!X15 -> 0 | Q49: ='Area(ha)-by-degradation-level'!AB15 -> 0 | R49: ='Area(ha)-by-degradation-level'!AF15 -> 0 | S49: ='Area(ha)-by-degradation-level'!AJ15 -> 0 | T49: ='Area(ha)-by-degradation-level'!AN15 -> 0 | U49: ='Area(ha)-by-degradation-level'!AR15 -> 0 | V49: ='Area(ha)-by-degradation-level'!AV15 -> 0 | W49: ='Area(ha)-by-degradation-level'!AZ15 -> 0 | X49: =($C15/$M15)*N49+($D15/$M15)*O49+($E15/$M15)*P49+($F15/$M15)*Q49+($G15/$M15)*R49+($H15/$M15)*S49+($I15/$M15)*T49+($J15/$M15)*U49+($K15/$M15)*V49+($L15/$M15)*W49 -> #DIV/0! | Y49: ='Area(ha)-by-degradation-level'!Q15 -> 0 | Z49: ='Area(ha)-by-degradation-level'!U15 -> 0 | AA49: ='Area(ha)-by-degradation-level'!Y15 -> 0 | AB49: ='Area(ha)-by-degradation-level'!AC15 -> 0 | AC49: ='Area(ha)-by-degradation-level'!AG15 -> 0 | AD49: ='Area(ha)-by-degradation-level'!AK15 -> 0 | AE49: ='Area(ha)-by-degradation-level'!AO15 -> 0 | AF49: ='Area(ha)-by-degradation-level'!AS15 -> 0 | AG49: ='Area(ha)-by-degradation-level'!AW15 -> 0 | AH49: ='Area(ha)-by-degradation-level'!BA15 -> 0 | AI49: =($C15/$M15)*Y49+($D15/$M15)*Z49+($E15/$M15)*AA49+($F15/$M15)*AB49+($G15/$M15)*AC49+($H15/$M15)*AD49+($I15/$M15)*AE49+($J15/$M15)*AF49+($K15/$M15)*AG49+($L15/$M15)*AH49 -> #DIV/0! | AJ49: =ABS(C49+N49+Y49-100%)<0.1% -> FALSE | AK49: =ABS(D49+O49+Z49-100%)<0.1% -> FALSE | AL49: =ABS(E49+P49+AA49-100%)<0.1% -> FALSE | AM49: =ABS(F49+Q49+AB49-100%)<0.1% -> FALSE | AN49: =ABS(G49+R49+AC49-100%)<0.1% -> FALSE | AO49: =ABS(H49+S49+AD49-100%)<0.1% -> FALSE | AP49: =ABS(I49+T49+AE49-100%)<0.1% -> FALSE | AQ49: =ABS(J49+U49+AF49-100%)<0.1% -> FALSE | ... AT49: =ABS(M49+X49+AI49-100%)<0.1% -> #DIV/0!
A50: 12 | B50: Sousse | C50: ='Area(ha)-by-degradation-level'!O16 -> 0 | D50: ='Area(ha)-by-degradation-level'!S16 -> 0 | E50: ='Area(ha)-by-degradation-level'!W16 -> 0 | F50: ='Area(ha)-by-degradation-level'!AA16 -> 0 | G50: ='Area(ha)-by-degradation-level'!AE16 -> 0 | H50: ='Area(ha)-by-degradation-level'!AI16 -> 0 | I50: ='Area(ha)-by-degradation-level'!AM16 -> 0 | J50: ='Area(ha)-by-degradation-level'!AQ16 -> 0 | K50: ='Area(ha)-by-degradation-level'!AU16 -> 0 | L50: ='Area(ha)-by-degradation-level'!AY16 -> 0 | M50: =($C16/$M16)*C50+($D16/$M16)*D50+($E16/$M16)*E50+($F16/$M16)*F50+($G16/$M16)*G50+($H16/$M16)*H50+($I16/$M16)*I50+($J16/$M16)*J50+($K16/$M16)*K50+($L16/$M16)*L50 -> #DIV/0! | N50: ='Area(ha)-by-degradation-level'!P16 -> 0 | O50: ='Area(ha)-by-degradation-level'!T16 -> 0 | P50: ='Area(ha)-by-degradation-level'!X16 -> 0 | Q50: ='Area(ha)-by-degradation-level'!AB16 -> 0 | R50: ='Area(ha)-by-degradation-level'!AF16 -> 0 | S50: ='Area(ha)-by-degradation-level'!AJ16 -> 0 | T50: ='Area(ha)-by-degradation-level'!AN16 -> 0 | U50: ='Area(ha)-by-degradation-level'!AR16 -> 0 | V50: ='Area(ha)-by-degradation-level'!AV16 -> 0 | W50: ='Area(ha)-by-degradation-level'!AZ16 -> 0 | X50: =($C16/$M16)*N50+($D16/$M16)*O50+($E16/$M16)*P50+($F16/$M16)*Q50+($G16/$M16)*R50+($H16/$M16)*S50+($I16/$M16)*T50+($J16/$M16)*U50+($K16/$M16)*V50+($L16/$M16)*W50 -> #DIV/0! | Y50: ='Area(ha)-by-degradation-level'!Q16 -> 0 | Z50: ='Area(ha)-by-degradation-level'!U16 -> 0 | AA50: ='Area(ha)-by-degradation-level'!Y16 -> 0 | AB50: ='Area(ha)-by-degradation-level'!AC16 -> 0 | AC50: ='Area(ha)-by-degradation-level'!AG16 -> 0 | AD50: ='Area(ha)-by-degradation-level'!AK16 -> 0 | AE50: ='Area(ha)-by-degradation-level'!AO16 -> 0 | AF50: ='Area(ha)-by-degradation-level'!AS16 -> 0 | AG50: ='Area(ha)-by-degradation-level'!AW16 -> 0 | AH50: ='Area(ha)-by-degradation-level'!BA16 -> 0 | AI50: =($C16/$M16)*Y50+($D16/$M16)*Z50+($E16/$M16)*AA50+($F16/$M16)*AB50+($G16/$M16)*AC50+($H16/$M16)*AD50+($I16/$M16)*AE50+($J16/$M16)*AF50+($K16/$M16)*AG50+($L16/$M16)*AH50 -> #DIV/0! | AJ50: =ABS(C50+N50+Y50-100%)<0.1% -> FALSE | AK50: =ABS(D50+O50+Z50-100%)<0.1% -> FALSE | AL50: =ABS(E50+P50+AA50-100%)<0.1% -> FALSE | AM50: =ABS(F50+Q50+AB50-100%)<0.1% -> FALSE | AN50: =ABS(G50+R50+AC50-100%)<0.1% -> FALSE | AO50: =ABS(H50+S50+AD50-100%)<0.1% -> FALSE | AP50: =ABS(I50+T50+AE50-100%)<0.1% -> FALSE | AQ50: =ABS(J50+U50+AF50-100%)<0.1% -> FALSE | ... AT50: =ABS(M50+X50+AI50-100%)<0.1% -> #DIV/0!
... A62: 24 | B62: Kébili | C62: ='Area(ha)-by-degradation-level'!O28 -> 0 | D62: ='Area(ha)-by-degradation-level'!S28 -> 0 | E62: ='Area(ha)-by-degradation-level'!W28 -> 0 | F62: ='Area(ha)-by-degradation-level'!AA28 -> 0 | G62: ='Area(ha)-by-degradation-level'!AE28 -> 0 | H62: ='Area(ha)-by-degradation-level'!AI28 -> 0 | I62: ='Area(ha)-by-degradation-level'!AM28 -> 0 | J62: ='Area(ha)-by-degradation-level'!AQ28 -> 0 | K62: ='Area(ha)-by-degradation-level'!AU28 -> 0 | L62: ='Area(ha)-by-degradation-level'!AY28 -> 0 | M62: =($C28/$M28)*C62+($D28/$M28)*D62+($E28/$M28)*E62+($F28/$M28)*F62+($G28/$M28)*G62+($H28/$M28)*H62+($I28/$M28)*I62+($J28/$M28)*J62+($K28/$M28)*K62+($L28/$M28)*L62 -> #DIV/0! | N62: ='Area(ha)-by-degradation-level'!P28 -> 0 | O62: ='Area(ha)-by-degradation-level'!T28 -> 0 | P62: ='Area(ha)-by-degradation-level'!X28 -> 0 | Q62: ='Area(ha)-by-degradation-level'!AB28 -> 0 | R62: ='Area(ha)-by-degradation-level'!AF28 -> 0 | S62: ='Area(ha)-by-degradation-level'!AJ28 -> 0 | T62: ='Area(ha)-by-degradation-level'!AN28 -> 0 | U62: ='Area(ha)-by-degradation-level'!AR28 -> 0 | V62: ='Area(ha)-by-degradation-level'!AV28 -> 0 | W62: ='Area(ha)-by-degradation-level'!AZ28 -> 0 | X62: =($C28/$M28)*N62+($D28/$M28)*O62+($E28/$M28)*P62+($F28/$M28)*Q62+($G28/$M28)*R62+($H28/$M28)*S62+($I28/$M28)*T62+($J28/$M28)*U62+($K28/$M28)*V62+($L28/$M28)*W62 -> #DIV/0! | Y62: ='Area(ha)-by-degradation-level'!Q28 -> 0 | Z62: ='Area(ha)-by-degradation-level'!U28 -> 0 | AA62: ='Area(ha)-by-degradation-level'!Y28 -> 0 | AB62: ='Area(ha)-by-degradation-level'!AC28 -> 0 | AC62: ='Area(ha)-by-degradation-level'!AG28 -> 0 | AD62: ='Area(ha)-by-degradation-level'!AK28 -> 0 | AE62: ='Area(ha)-by-degradation-level'!AO28 -> 0 | AF62: ='Area(ha)-by-degradation-level'!AS28 -> 0 | AG62: ='Area(ha)-by-degradation-level'!AW28 -> 0 | AH62: ='Area(ha)-by-degradation-level'!BA28 -> 0 | AI62: =($C28/$M28)*Y62+($D28/$M28)*Z62+($E28/$M28)*AA62+($F28/$M28)*AB62+($G28/$M28)*AC62+($H28/$M28)*AD62+($I28/$M28)*AE62+($J28/$M28)*AF62+($K28/$M28)*AG62+($L28/$M28)*AH62 -> #DIV/0! | AJ62: =ABS(C62+N62+Y62-100%)<0.1% -> FALSE | AK62: =ABS(D62+O62+Z62-100%)<0.1% -> FALSE | AL62: =ABS(E62+P62+AA62-100%)<0.1% -> FALSE | AM62: =ABS(F62+Q62+AB62-100%)<0.1% -> FALSE | AN62: =ABS(G62+R62+AC62-100%)<0.1% -> FALSE | AO62: =ABS(H62+S62+AD62-100%)<0.1% -> FALSE | AP62: =ABS(I62+T62+AE62-100%)<0.1% -> FALSE | AQ62: =ABS(J62+U62+AF62-100%)<0.1% -> FALSE | ... AT62: =ABS(M62+X62+AI62-100%)<0.1% -> #DIV/0!
B63: Total Tunisia | C63: ='Area(ha)-by-degradation-level'!O29 -> #DIV/0! | D63: ='Area(ha)-by-degradation-level'!S29 -> #DIV/0! | E63: ='Area(ha)-by-degradation-level'!W29 -> #DIV/0! | F63: ='Area(ha)-by-degradation-level'!AA29 -> #DIV/0! | G63: ='Area(ha)-by-degradation-level'!AE29 -> #DIV/0! | H63: ='Area(ha)-by-degradation-level'!AI29 -> #DIV/0! | I63: ='Area(ha)-by-degradation-level'!AM29 -> #DIV/0! | J63: ='Area(ha)-by-degradation-level'!AQ29 -> #DIV/0! | K63: ='Area(ha)-by-degradation-level'!AU29 -> #DIV/0! | L63: ='Area(ha)-by-degradation-level'!AY29 -> #DIV/0! | M63: =($C29/$M29)*C63+($D29/$M29)*D63+($E29/$M29)*E63+($F29/$M29)*F63+($G29/$M29)*G63+($H29/$M29)*H63+($I29/$M29)*I63+($J29/$M29)*J63+($K29/$M29)*K63+($L29/$M29)*L63 -> #DIV/0! | N63: ='Area(ha)-by-degradation-level'!P29 -> #DIV/0! | O63: ='Area(ha)-by-degradation-level'!T29 -> #DIV/0! | P63: ='Area(ha)-by-degradation-level'!X29 -> #DIV/0! | Q63: ='Area(ha)-by-degradation-level'!AB29 -> #DIV/0! | R63: ='Area(ha)-by-degradation-level'!AF29 -> #DIV/0! | S63: ='Area(ha)-by-degradation-level'!AJ29 -> #DIV/0! | T63: ='Area(ha)-by-degradation-level'!AN29 -> #DIV/0! | U63: ='Area(ha)-by-degradation-level'!AR29 -> #DIV/0! | V63: ='Area(ha)-by-degradation-level'!AV29 -> #DIV/0! | W63: ='Area(ha)-by-degradation-level'!AZ29 -> #DIV/0! | X63: =($C29/$M29)*N63+($D29/$M29)*O63+($E29/$M29)*P63+($F29/$M29)*Q63+($G29/$M29)*R63+($H29/$M29)*S63+($I29/$M29)*T63+($J29/$M29)*U63+($K29/$M29)*V63+($L29/$M29)*W63 -> #DIV/0! | Y63: ='Area(ha)-by-degradation-level'!Q29 -> #DIV/0! | Z63: ='Area(ha)-by-degradation-level'!U29 -> #DIV/0! | AA63: ='Area(ha)-by-degradation-level'!Y29 -> #DIV/0! | AB63: ='Area(ha)-by-degradation-level'!AC29 -> #DIV/0! | AC63: ='Area(ha)-by-degradation-level'!AG29 -> #DIV/0! | AD63: ='Area(ha)-by-degradation-level'!AK29 -> #DIV/0! | AE63: ='Area(ha)-by-degradation-level'!AO29 -> #DIV/0! | AF63: ='Area(ha)-by-degradation-level'!AS29 -> #DIV/0! | AG63: ='Area(ha)-by-degradation-level'!AW29 -> #DIV/0! | AH63: ='Area(ha)-by-degradation-level'!BA29 -> #DIV/0! | AI63: =($C29/$M29)*Y63+($D29/$M29)*Z63+($E29/$M29)*AA63+($F29/$M29)*AB63+($G29/$M29)*AC63+($H29/$M29)*AD63+($I29/$M29)*AE63+($J29/$M29)*AF63+($K29/$M29)*AG63+($L29/$M29)*AH63 -> #DIV/0! | AJ63: =ABS(C63+N63+Y63-100%)<0.1% -> #DIV/0! | AK63: =ABS(D63+O63+Z63-100%)<0.1% -> #DIV/0! | AL63: =ABS(E63+P63+AA63-100%)<0.1% -> #DIV/0! | AM63: =ABS(F63+Q63+AB63-100%)<0.1% -> #DIV/0! | AN63: =ABS(G63+R63+AC63-100%)<0.1% -> #DIV/0! | AO63: =ABS(H63+S63+AD63-100%)<0.1% -> #DIV/0! | AP63: =ABS(I63+T63+AE63-100%)<0.1% -> #DIV/0! | AQ63: =ABS(J63+U63+AF63-100%)<0.1% -> #DIV/0! | ... AT63: =ABS(M63+X63+AI63-100%)<0.1% -> #DIV/0!
B66: Province | C66: Soil ersosion (ton/ha) under low land degradation scenario | N66: Soil ersosion (ton/ha) under moderate land degradation scenario | Y66: Soil ersosion (ton/ha) under severe land degradation scenario | AJ66: Average soil ersosion (ton/ha)
C67: Cereals | D67: Legumes | E67: Vegetables | F67: Fruits | G67: cultivated forages | H67: Alfalafa | I67: pastoral areas | J67: Prairies | K67: Agrosylvo pastoral areas | L67: Forests and shrubs | M67: Average | N67: Cereals | O67: Legumes | P67: Vegetables | Q67: Fruits | R67: cultivated forages | S67: Alfalafa | T67: pastoral areas | U67: Prairies | V67: Agrosylvo pastoral areas | W67: Forests and shrubs | X67: Average | Y67: Cereals | Z67: Legumes | AA67: Vegetables | AB67: Fruits | AC67: cultivated forages | AD67: Alfalafa | AE67: pastoral areas | AF67: Prairies | AG67: Agrosylvo pastoral areas | AH67: Forests and shrubs | AI67: Total | AJ67: Cereals | AK67: Legumes | AL67: Vegetables | AM67: Fruits | AN67: cultivated forages | AO67: Alfalafa | AP67: pastoral areas | AQ67: Prairies | AR67: Agrosylvo pastoral areas | AS67: Forests and shrubs | AT67: Total
A68: 1 | B68: Tunis | M68: =($C5/$M5)*C68+($D5/$M5)*D68+($E5/$M5)*E68+($F5/$M5)*F68+($G5/$M5)*G68+($H5/$M5)*H68+($I5/$M5)*I68+($J5/$M5)*J68+($K5/$M5)*K68+($L5/$M5)*L68 -> #DIV/0! | X68: =($C5/$M5)*N68+($D5/$M5)*O68+($E5/$M5)*P68+($F5/$M5)*Q68+($G5/$M5)*R68+($H5/$M5)*S68+($I5/$M5)*T68+($J5/$M5)*U68+($K5/$M5)*V68+($L5/$M5)*W68 -> #DIV/0! | AI68: =($C5/$M5)*Y68+($D5/$M5)*Z68+($E5/$M5)*AA68+($F5/$M5)*AB68+($G5/$M5)*AC68+($H5/$M5)*AD68+($I5/$M5)*AE68+($J5/$M5)*AF68+($K5/$M5)*AG68+($L5/$M5)*AH68 -> #DIV/0! | AJ68: =C68*C39+N39*N68+Y39*Y68 -> 0 | AK68: =D68*D39+O39*O68+Z39*Z68 -> 0 | AL68: =E68*E39+P39*P68+AA39*AA68 -> 0 | AM68: =F68*F39+Q39*Q68+AB39*AB68 -> 0 | AN68: =G68*G39+R39*R68+AC39*AC68 -> 0 | AO68: =H68*H39+S39*S68+AD39*AD68 -> 0 | AP68: =I68*I39+T39*T68+AE39*AE68 -> 0 | AQ68: =J68*J39+U39*U68+AF39*AF68 -> 0 | ... AT68: =M68*M39+X39*X68+AI39*AI68 -> #DIV/0!
A69: 2 | B69: Ariana | M69: =($C6/$M6)*C69+($D6/$M6)*D69+($E6/$M6)*E69+($F6/$M6)*F69+($G6/$M6)*G69+($H6/$M6)*H69+($I6/$M6)*I69+($J6/$M6)*J69+($K6/$M6)*K69+($L6/$M6)*L69 -> #DIV/0! | X69: =($C6/$M6)*N69+($D6/$M6)*O69+($E6/$M6)*P69+($F6/$M6)*Q69+($G6/$M6)*R69+($H6/$M6)*S69+($I6/$M6)*T69+($J6/$M6)*U69+($K6/$M6)*V69+($L6/$M6)*W69 -> #DIV/0! | AI69: =($C6/$M6)*Y69+($D6/$M6)*Z69+($E6/$M6)*AA69+($F6/$M6)*AB69+($G6/$M6)*AC69+($H6/$M6)*AD69+($I6/$M6)*AE69+($J6/$M6)*AF69+($K6/$M6)*AG69+($L6/$M6)*AH69 -> #DIV/0! | AJ69: =C69*C40+N40*N69+Y40*Y69 -> 0 | AK69: =D69*D40+O40*O69+Z40*Z69 -> 0 | AL69: =E69*E40+P40*P69+AA40*AA69 -> 0 | AM69: =F69*F40+Q40*Q69+AB40*AB69 -> 0 | AN69: =G69*G40+R40*R69+AC40*AC69 -> 0 | AO69: =H69*H40+S40*S69+AD40*AD69 -> 0 | AP69: =I69*I40+T40*T69+AE40*AE69 -> 0 | AQ69: =J69*J40+U40*U69+AF40*AF69 -> 0 | ... AT69: =M69*M40+X40*X69+AI40*AI69 -> #DIV/0!
A70: 3 | B70: La Manouba | M70: =($C7/$M7)*C70+($D7/$M7)*D70+($E7/$M7)*E70+($F7/$M7)*F70+($G7/$M7)*G70+($H7/$M7)*H70+($I7/$M7)*I70+($J7/$M7)*J70+($K7/$M7)*K70+($L7/$M7)*L70 -> #DIV/0! | X70: =($C7/$M7)*N70+($D7/$M7)*O70+($E7/$M7)*P70+($F7/$M7)*Q70+($G7/$M7)*R70+($H7/$M7)*S70+($I7/$M7)*T70+($J7/$M7)*U70+($K7/$M7)*V70+($L7/$M7)*W70 -> #DIV/0! | AI70: =($C7/$M7)*Y70+($D7/$M7)*Z70+($E7/$M7)*AA70+($F7/$M7)*AB70+($G7/$M7)*AC70+($H7/$M7)*AD70+($I7/$M7)*AE70+($J7/$M7)*AF70+($K7/$M7)*AG70+($L7/$M7)*AH70 -> #DIV/0! | AJ70: =C70*C41+N41*N70+Y41*Y70 -> 0 | AK70: =D70*D41+O41*O70+Z41*Z70 -> 0 | AL70: =E70*E41+P41*P70+AA41*AA70 -> 0 | AM70: =F70*F41+Q41*Q70+AB41*AB70 -> 0 | AN70: =G70*G41+R41*R70+AC41*AC70 -> 0 | AO70: =H70*H41+S41*S70+AD41*AD70 -> 0 | AP70: =I70*I41+T41*T70+AE41*AE70 -> 0 | AQ70: =J70*J41+U41*U70+AF41*AF70 -> 0 | ... AT70: =M70*M41+X41*X70+AI41*AI70 -> #DIV/0!
A71: 4 | B71: Ben Arous | M71: =($C8/$M8)*C71+($D8/$M8)*D71+($E8/$M8)*E71+($F8/$M8)*F71+($G8/$M8)*G71+($H8/$M8)*H71+($I8/$M8)*I71+($J8/$M8)*J71+($K8/$M8)*K71+($L8/$M8)*L71 -> #DIV/0! | X71: =($C8/$M8)*N71+($D8/$M8)*O71+($E8/$M8)*P71+($F8/$M8)*Q71+($G8/$M8)*R71+($H8/$M8)*S71+($I8/$M8)*T71+($J8/$M8)*U71+($K8/$M8)*V71+($L8/$M8)*W71 -> #DIV/0! | AI71: =($C8/$M8)*Y71+($D8/$M8)*Z71+($E8/$M8)*AA71+($F8/$M8)*AB71+($G8/$M8)*AC71+($H8/$M8)*AD71+($I8/$M8)*AE71+($J8/$M8)*AF71+($K8/$M8)*AG71+($L8/$M8)*AH71 -> #DIV/0! | AJ71: =C71*C42+N42*N71+Y42*Y71 -> 0 | AK71: =D71*D42+O42*O71+Z42*Z71 -> 0 | AL71: =E71*E42+P42*P71+AA42*AA71 -> 0 | AM71: =F71*F42+Q42*Q71+AB42*AB71 -> 0 | AN71: =G71*G42+R42*R71+AC42*AC71 -> 0 | AO71: =H71*H42+S42*S71+AD42*AD71 -> 0 | AP71: =I71*I42+T42*T71+AE42*AE71 -> 0 | AQ71: =J71*J42+U42*U71+AF42*AF71 -> 0 | ... AT71: =M71*M42+X42*X71+AI42*AI71 -> #DIV/0!
A72: 5 | B72: Nabeul | M72: =($C9/$M9)*C72+($D9/$M9)*D72+($E9/$M9)*E72+($F9/$M9)*F72+($G9/$M9)*G72+($H9/$M9)*H72+($I9/$M9)*I72+($J9/$M9)*J72+($K9/$M9)*K72+($L9/$M9)*L72 -> #DIV/0! | X72: =($C9/$M9)*N72+($D9/$M9)*O72+($E9/$M9)*P72+($F9/$M9)*Q72+($G9/$M9)*R72+($H9/$M9)*S72+($I9/$M9)*T72+($J9/$M9)*U72+($K9/$M9)*V72+($L9/$M9)*W72 -> #DIV/0! | AI72: =($C9/$M9)*Y72+($D9/$M9)*Z72+($E9/$M9)*AA72+($F9/$M9)*AB72+($G9/$M9)*AC72+($H9/$M9)*AD72+($I9/$M9)*AE72+($J9/$M9)*AF72+($K9/$M9)*AG72+($L9/$M9)*AH72 -> #DIV/0! | AJ72: =C72*C43+N43*N72+Y43*Y72 -> 0 | AK72: =D72*D43+O43*O72+Z43*Z72 -> 0 | AL72: =E72*E43+P43*P72+AA43*AA72 -> 0 | AM72: =F72*F43+Q43*Q72+AB43*AB72 -> 0 | AN72: =G72*G43+R43*R72+AC43*AC72 -> 0 | AO72: =H72*H43+S43*S72+AD43*AD72 -> 0 | AP72: =I72*I43+T43*T72+AE43*AE72 -> 0 | AQ72: =J72*J43+U43*U72+AF43*AF72 -> 0 | ... AT72: =M72*M43+X43*X72+AI43*AI72 -> #DIV/0!
A73: 6 | B73: Bizerte | M73: =($C10/$M10)*C73+($D10/$M10)*D73+($E10/$M10)*E73+($F10/$M10)*F73+($G10/$M10)*G73+($H10/$M10)*H73+($I10/$M10)*I73+($J10/$M10)*J73+($K10/$M10)*K73+($L10/$M10)*L73 -> #DIV/0! | X73: =($C10/$M10)*N73+($D10/$M10)*O73+($E10/$M10)*P73+($F10/$M10)*Q73+($G10/$M10)*R73+($H10/$M10)*S73+($I10/$M10)*T73+($J10/$M10)*U73+($K10/$M10)*V73+($L10/$M10)*W73 -> #DIV/0! | AI73: =($C10/$M10)*Y73+($D10/$M10)*Z73+($E10/$M10)*AA73+($F10/$M10)*AB73+($G10/$M10)*AC73+($H10/$M10)*AD73+($I10/$M10)*AE73+($J10/$M10)*AF73+($K10/$M10)*AG73+($L10/$M10)*AH73 -> #DIV/0! | AJ73: =C73*C44+N44*N73+Y44*Y73 -> 0 | AK73: =D73*D44+O44*O73+Z44*Z73 -> 0 | AL73: =E73*E44+P44*P73+AA44*AA73 -> 0 | AM73: =F73*F44+Q44*Q73+AB44*AB73 -> 0 | AN73: =G73*G44+R44*R73+AC44*AC73 -> 0 | AO73: =H73*H44+S44*S73+AD44*AD73 -> 0 | AP73: =I73*I44+T44*T73+AE44*AE73 -> 0 | AQ73: =J73*J44+U44*U73+AF44*AF73 -> 0 | ... AT73: =M73*M44+X44*X73+AI44*AI73 -> #DIV/0!
A74: 7 | B74: Zaghouan | M74: =($C11/$M11)*C74+($D11/$M11)*D74+($E11/$M11)*E74+($F11/$M11)*F74+($G11/$M11)*G74+($H11/$M11)*H74+($I11/$M11)*I74+($J11/$M11)*J74+($K11/$M11)*K74+($L11/$M11)*L74 -> #DIV/0! | X74: =($C11/$M11)*N74+($D11/$M11)*O74+($E11/$M11)*P74+($F11/$M11)*Q74+($G11/$M11)*R74+($H11/$M11)*S74+($I11/$M11)*T74+($J11/$M11)*U74+($K11/$M11)*V74+($L11/$M11)*W74 -> #DIV/0! | AI74: =($C11/$M11)*Y74+($D11/$M11)*Z74+($E11/$M11)*AA74+($F11/$M11)*AB74+($G11/$M11)*AC74+($H11/$M11)*AD74+($I11/$M11)*AE74+($J11/$M11)*AF74+($K11/$M11)*AG74+($L11/$M11)*AH74 -> #DIV/0! | AJ74: =C74*C45+N45*N74+Y45*Y74 -> 0 | AK74: =D74*D45+O45*O74+Z45*Z74 -> 0 | AL74: =E74*E45+P45*P74+AA45*AA74 -> 0 | AM74: =F74*F45+Q45*Q74+AB45*AB74 -> 0 | AN74: =G74*G45+R45*R74+AC45*AC74 -> 0 | AO74: =H74*H45+S45*S74+AD45*AD74 -> 0 | AP74: =I74*I45+T45*T74+AE45*AE74 -> 0 | AQ74: =J74*J45+U45*U74+AF45*AF74 -> 0 | ... AT74: =M74*M45+X45*X74+AI45*AI74 -> #DIV/0!
A75: 8 | B75: Béja | M75: =($C12/$M12)*C75+($D12/$M12)*D75+($E12/$M12)*E75+($F12/$M12)*F75+($G12/$M12)*G75+($H12/$M12)*H75+($I12/$M12)*I75+($J12/$M12)*J75+($K12/$M12)*K75+($L12/$M12)*L75 -> #DIV/0! | X75: =($C12/$M12)*N75+($D12/$M12)*O75+($E12/$M12)*P75+($F12/$M12)*Q75+($G12/$M12)*R75+($H12/$M12)*S75+($I12/$M12)*T75+($J12/$M12)*U75+($K12/$M12)*V75+($L12/$M12)*W75 -> #DIV/0! | AI75: =($C12/$M12)*Y75+($D12/$M12)*Z75+($E12/$M12)*AA75+($F12/$M12)*AB75+($G12/$M12)*AC75+($H12/$M12)*AD75+($I12/$M12)*AE75+($J12/$M12)*AF75+($K12/$M12)*AG75+($L12/$M12)*AH75 -> #DIV/0! | AJ75: =C75*C46+N46*N75+Y46*Y75 -> 0 | AK75: =D75*D46+O46*O75+Z46*Z75 -> 0 | AL75: =E75*E46+P46*P75+AA46*AA75 -> 0 | AM75: =F75*F46+Q46*Q75+AB46*AB75 -> 0 | AN75: =G75*G46+R46*R75+AC46*AC75 -> 0 | AO75: =H75*H46+S46*S75+AD46*AD75 -> 0 | AP75: =I75*I46+T46*T75+AE46*AE75 -> 0 | AQ75: =J75*J46+U46*U75+AF46*AF75 -> 0 | ... AT75: =M75*M46+X46*X75+AI46*AI75 -> #DIV/0!
A76: 9 | B76: Jendouba | M76: =($C13/$M13)*C76+($D13/$M13)*D76+($E13/$M13)*E76+($F13/$M13)*F76+($G13/$M13)*G76+($H13/$M13)*H76+($I13/$M13)*I76+($J13/$M13)*J76+($K13/$M13)*K76+($L13/$M13)*L76 -> #DIV/0! | X76: =($C13/$M13)*N76+($D13/$M13)*O76+($E13/$M13)*P76+($F13/$M13)*Q76+($G13/$M13)*R76+($H13/$M13)*S76+($I13/$M13)*T76+($J13/$M13)*U76+($K13/$M13)*V76+($L13/$M13)*W76 -> #DIV/0! | AI76: =($C13/$M13)*Y76+($D13/$M13)*Z76+($E13/$M13)*AA76+($F13/$M13)*AB76+($G13/$M13)*AC76+($H13/$M13)*AD76+($I13/$M13)*AE76+($J13/$M13)*AF76+($K13/$M13)*AG76+($L13/$M13)*AH76 -> #DIV/0! | AJ76: =C76*C47+N47*N76+Y47*Y76 -> 0 | AK76: =D76*D47+O47*O76+Z47*Z76 -> 0 | AL76: =E76*E47+P47*P76+AA47*AA76 -> 0 | AM76: =F76*F47+Q47*Q76+AB47*AB76 -> 0 | AN76: =G76*G47+R47*R76+AC47*AC76 -> 0 | AO76: =H76*H47+S47*S76+AD47*AD76 -> 0 | AP76: =I76*I47+T47*T76+AE47*AE76 -> 0 | AQ76: =J76*J47+U47*U76+AF47*AF76 -> 0 | ... AT76: =M76*M47+X47*X76+AI47*AI76 -> #DIV/0!
A77: 10 | B77: Le Kef | M77: =($C14/$M14)*C77+($D14/$M14)*D77+($E14/$M14)*E77+($F14/$M14)*F77+($G14/$M14)*G77+($H14/$M14)*H77+($I14/$M14)*I77+($J14/$M14)*J77+($K14/$M14)*K77+($L14/$M14)*L77 -> #DIV/0! | X77: =($C14/$M14)*N77+($D14/$M14)*O77+($E14/$M14)*P77+($F14/$M14)*Q77+($G14/$M14)*R77+($H14/$M14)*S77+($I14/$M14)*T77+($J14/$M14)*U77+($K14/$M14)*V77+($L14/$M14)*W77 -> #DIV/0! | AI77: =($C14/$M14)*Y77+($D14/$M14)*Z77+($E14/$M14)*AA77+($F14/$M14)*AB77+($G14/$M14)*AC77+($H14/$M14)*AD77+($I14/$M14)*AE77+($J14/$M14)*AF77+($K14/$M14)*AG77+($L14/$M14)*AH77 -> #DIV/0! | AJ77: =C77*C48+N48*N77+Y48*Y77 -> 0 | AK77: =D77*D48+O48*O77+Z48*Z77 -> 0 | AL77: =E77*E48+P48*P77+AA48*AA77 -> 0 | AM77: =F77*F48+Q48*Q77+AB48*AB77 -> 0 | AN77: =G77*G48+R48*R77+AC48*AC77 -> 0 | AO77: =H77*H48+S48*S77+AD48*AD77 -> 0 | AP77: =I77*I48+T48*T77+AE48*AE77 -> 0 | AQ77: =J77*J48+U48*U77+AF48*AF77 -> 0 | ... AT77: =M77*M48+X48*X77+AI48*AI77 -> #DIV/0!
A78: 11 | B78: Siliana | M78: =($C15/$M15)*C78+($D15/$M15)*D78+($E15/$M15)*E78+($F15/$M15)*F78+($G15/$M15)*G78+($H15/$M15)*H78+($I15/$M15)*I78+($J15/$M15)*J78+($K15/$M15)*K78+($L15/$M15)*L78 -> #DIV/0! | X78: =($C15/$M15)*N78+($D15/$M15)*O78+($E15/$M15)*P78+($F15/$M15)*Q78+($G15/$M15)*R78+($H15/$M15)*S78+($I15/$M15)*T78+($J15/$M15)*U78+($K15/$M15)*V78+($L15/$M15)*W78 -> #DIV/0! | AI78: =($C15/$M15)*Y78+($D15/$M15)*Z78+($E15/$M15)*AA78+($F15/$M15)*AB78+($G15/$M15)*AC78+($H15/$M15)*AD78+($I15/$M15)*AE78+($J15/$M15)*AF78+($K15/$M15)*AG78+($L15/$M15)*AH78 -> #DIV/0! | AJ78: =C78*C49+N49*N78+Y49*Y78 -> 0 | AK78: =D78*D49+O49*O78+Z49*Z78 -> 0 | AL78: =E78*E49+P49*P78+AA49*AA78 -> 0 | AM78: =F78*F49+Q49*Q78+AB49*AB78 -> 0 | AN78: =G78*G49+R49*R78+AC49*AC78 -> 0 | AO78: =H78*H49+S49*S78+AD49*AD78 -> 0 | AP78: =I78*I49+T49*T78+AE49*AE78 -> 0 | AQ78: =J78*J49+U49*U78+AF49*AF78 -> 0 | ... AT78: =M78*M49+X49*X78+AI49*AI78 -> #DIV/0!
A79: 12 | B79: Sousse | M79: =($C16/$M16)*C79+($D16/$M16)*D79+($E16/$M16)*E79+($F16/$M16)*F79+($G16/$M16)*G79+($H16/$M16)*H79+($I16/$M16)*I79+($J16/$M16)*J79+($K16/$M16)*K79+($L16/$M16)*L79 -> #DIV/0! | X79: =($C16/$M16)*N79+($D16/$M16)*O79+($E16/$M16)*P79+($F16/$M16)*Q79+($G16/$M16)*R79+($H16/$M16)*S79+($I16/$M16)*T79+($J16/$M16)*U79+($K16/$M16)*V79+($L16/$M16)*W79 -> #DIV/0! | AI79: =($C16/$M16)*Y79+($D16/$M16)*Z79+($E16/$M16)*AA79+($F16/$M16)*AB79+($G16/$M16)*AC79+($H16/$M16)*AD79+($I16/$M16)*AE79+($J16/$M16)*AF79+($K16/$M16)*AG79+($L16/$M16)*AH79 -> #DIV/0! | AJ79: =C79*C50+N50*N79+Y50*Y79 -> 0 | AK79: =D79*D50+O50*O79+Z50*Z79 -> 0 | AL79: =E79*E50+P50*P79+AA50*AA79 -> 0 | AM79: =F79*F50+Q50*Q79+AB50*AB79 -> 0 | AN79: =G79*G50+R50*R79+AC50*AC79 -> 0 | AO79: =H79*H50+S50*S79+AD50*AD79 -> 0 | AP79: =I79*I50+T50*T79+AE50*AE79 -> 0 | AQ79: =J79*J50+U50*U79+AF50*AF79 -> 0 | ... AT79: =M79*M50+X50*X79+AI50*AI79 -> #DIV/0!
... A91: 24 | B91: Kébili | M91: =($C28/$M28)*C91+($D28/$M28)*D91+($E28/$M28)*E91+($F28/$M28)*F91+($G28/$M28)*G91+($H28/$M28)*H91+($I28/$M28)*I91+($J28/$M28)*J91+($K28/$M28)*K91+($L28/$M28)*L91 -> #DIV/0! | X91: =($C28/$M28)*N91+($D28/$M28)*O91+($E28/$M28)*P91+($F28/$M28)*Q91+($G28/$M28)*R91+($H28/$M28)*S91+($I28/$M28)*T91+($J28/$M28)*U91+($K28/$M28)*V91+($L28/$M28)*W91 -> #DIV/0! | AI91: =($C28/$M28)*Y91+($D28/$M28)*Z91+($E28/$M28)*AA91+($F28/$M28)*AB91+($G28/$M28)*AC91+($H28/$M28)*AD91+($I28/$M28)*AE91+($J28/$M28)*AF91+($K28/$M28)*AG91+($L28/$M28)*AH91 -> #DIV/0! | AJ91: =C91*C62+N62*N91+Y62*Y91 -> 0 | AK91: =D91*D62+O62*O91+Z62*Z91 -> 0 | AL91: =E91*E62+P62*P91+AA62*AA91 -> 0 | AM91: =F91*F62+Q62*Q91+AB62*AB91 -> 0 | AN91: =G91*G62+R62*R91+AC62*AC91 -> 0 | AO91: =H91*H62+S62*S91+AD62*AD91 -> 0 | AP91: =I91*I62+T62*T91+AE62*AE91 -> 0 | AQ91: =J91*J62+U62*U91+AF62*AF91 -> 0 | ... AT91: =M91*M62+X62*X91+AI62*AI91 -> #DIV/0!
B92: Total Tunisia | C92: =(C5/C$29)*C68+(C6/C$29)*C69+(C7/C$29)*C70+(C8/C$29)*C71+(C9/C$29)*C72+(C10/C$29)*C73+(C11/C$29)*C74+(C12/C$29)*C75+(C13/C$29)*C76+(C14/C$29)*C77+(C15/C$29)*C78+(C16/C$29)*C79+(C17/C$29)*C80+(C18/C$29)*C81+(C19/C$29)*C82+(C20/C$29)*C83+(C21/C$29)*C84+(C22/C$29)*C85+(C23/C$29)*C86+(C24/C$29)*C87+(C25/C$29)*C88+(C26/C$29)*C89+(C27/C$29)*C90+(C28/C$29)*C91 -> #DIV/0! | D92: =(D5/D$29)*D68+(D6/D$29)*D69+(D7/D$29)*D70+(D8/D$29)*D71+(D9/D$29)*D72+(D10/D$29)*D73+(D11/D$29)*D74+(D12/D$29)*D75+(D13/D$29)*D76+(D14/D$29)*D77+(D15/D$29)*D78+(D16/D$29)*D79+(D17/D$29)*D80+(D18/D$29)*D81+(D19/D$29)*D82+(D20/D$29)*D83+(D21/D$29)*D84+(D22/D$29)*D85+(D23/D$29)*D86+(D24/D$29)*D87+(D25/D$29)*D88+(D26/D$29)*D89+(D27/D$29)*D90+(D28/D$29)*D91 -> #DIV/0! | E92: =(E5/E$29)*E68+(E6/E$29)*E69+(E7/E$29)*E70+(E8/E$29)*E71+(E9/E$29)*E72+(E10/E$29)*E73+(E11/E$29)*E74+(E12/E$29)*E75+(E13/E$29)*E76+(E14/E$29)*E77+(E15/E$29)*E78+(E16/E$29)*E79+(E17/E$29)*E80+(E18/E$29)*E81+(E19/E$29)*E82+(E20/E$29)*E83+(E21/E$29)*E84+(E22/E$29)*E85+(E23/E$29)*E86+(E24/E$29)*E87+(E25/E$29)*E88+(E26/E$29)*E89+(E27/E$29)*E90+(E28/E$29)*E91 -> #DIV/0! | F92: =(F5/F$29)*F68+(F6/F$29)*F69+(F7/F$29)*F70+(F8/F$29)*F71+(F9/F$29)*F72+(F10/F$29)*F73+(F11/F$29)*F74+(F12/F$29)*F75+(F13/F$29)*F76+(F14/F$29)*F77+(F15/F$29)*F78+(F16/F$29)*F79+(F17/F$29)*F80+(F18/F$29)*F81+(F19/F$29)*F82+(F20/F$29)*F83+(F21/F$29)*F84+(F22/F$29)*F85+(F23/F$29)*F86+(F24/F$29)*F87+(F25/F$29)*F88+(F26/F$29)*F89+(F27/F$29)*F90+(F28/F$29)*F91 -> #DIV/0! | G92: =(G5/G$29)*G68+(G6/G$29)*G69+(G7/G$29)*G70+(G8/G$29)*G71+(G9/G$29)*G72+(G10/G$29)*G73+(G11/G$29)*G74+(G12/G$29)*G75+(G13/G$29)*G76+(G14/G$29)*G77+(G15/G$29)*G78+(G16/G$29)*G79+(G17/G$29)*G80+(G18/G$29)*G81+(G19/G$29)*G82+(G20/G$29)*G83+(G21/G$29)*G84+(G22/G$29)*G85+(G23/G$29)*G86+(G24/G$29)*G87+(G25/G$29)*G88+(G26/G$29)*G89+(G27/G$29)*G90+(G28/G$29)*G91 -> #DIV/0! | H92: =(H5/H$29)*H68+(H6/H$29)*H69+(H7/H$29)*H70+(H8/H$29)*H71+(H9/H$29)*H72+(H10/H$29)*H73+(H11/H$29)*H74+(H12/H$29)*H75+(H13/H$29)*H76+(H14/H$29)*H77+(H15/H$29)*H78+(H16/H$29)*H79+(H17/H$29)*H80+(H18/H$29)*H81+(H19/H$29)*H82+(H20/H$29)*H83+(H21/H$29)*H84+(H22/H$29)*H85+(H23/H$29)*H86+(H24/H$29)*H87+(H25/H$29)*H88+(H26/H$29)*H89+(H27/H$29)*H90+(H28/H$29)*H91 -> #DIV/0! | I92: =(I5/I$29)*I68+(I6/I$29)*I69+(I7/I$29)*I70+(I8/I$29)*I71+(I9/I$29)*I72+(I10/I$29)*I73+(I11/I$29)*I74+(I12/I$29)*I75+(I13/I$29)*I76+(I14/I$29)*I77+(I15/I$29)*I78+(I16/I$29)*I79+(I17/I$29)*I80+(I18/I$29)*I81+(I19/I$29)*I82+(I20/I$29)*I83+(I21/I$29)*I84+(I22/I$29)*I85+(I23/I$29)*I86+(I24/I$29)*I87+(I25/I$29)*I88+(I26/I$29)*I89+(I27/I$29)*I90+(I28/I$29)*I91 -> #DIV/0! | J92: =(J5/J$29)*J68+(J6/J$29)*J69+(J7/J$29)*J70+(J8/J$29)*J71+(J9/J$29)*J72+(J10/J$29)*J73+(J11/J$29)*J74+(J12/J$29)*J75+(J13/J$29)*J76+(J14/J$29)*J77+(J15/J$29)*J78+(J16/J$29)*J79+(J17/J$29)*J80+(J18/J$29)*J81+(J19/J$29)*J82+(J20/J$29)*J83+(J21/J$29)*J84+(J22/J$29)*J85+(J23/J$29)*J86+(J24/J$29)*J87+(J25/J$29)*J88+(J26/J$29)*J89+(J27/J$29)*J90+(J28/J$29)*J91 -> #DIV/0! | ... M92: =(M5/M$29)*M68+(M6/M$29)*M69+(M7/M$29)*M70+(M8/M$29)*M71+(M9/M$29)*M72+(M10/M$29)*M73+(M11/M$29)*M74+(M12/M$29)*M75+(M13/M$29)*M76+(M14/M$29)*M77+(M15/M$29)*M78+(M16/M$29)*M79+(M17/M$29)*M80+(M18/M$29)*M81+(M19/M$29)*M82+(M20/M$29)*M83+(M21/M$29)*M84+(M22/M$29)*M85+(M23/M$29)*M86+(M24/M$29)*M87+(M25/M$29)*M88+(M26/M$29)*M89+(M27/M$29)*M90+(M28/M$29)*M91 -> #DIV/0! | N92: =(C5/C$29)*N68+(C6/C$29)*N69+(C7/C$29)*N70+(C8/C$29)*N71+(C9/C$29)*N72+(C10/C$29)*N73+(C11/C$29)*N74+(C12/C$29)*N75+(C13/C$29)*N76+(C14/C$29)*N77+(C15/C$29)*N78+(C16/C$29)*N79+(C17/C$29)*N80+(C18/C$29)*N81+(C19/C$29)*N82+(C20/C$29)*N83+(C21/C$29)*N84+(C22/C$29)*N85+(C23/C$29)*N86+(C24/C$29)*N87+(C25/C$29)*N88+(C26/C$29)*N89+(C27/C$29)*N90+(C28/C$29)*N91 -> #DIV/0! | O92: =(D5/D$29)*O68+(D6/D$29)*O69+(D7/D$29)*O70+(D8/D$29)*O71+(D9/D$29)*O72+(D10/D$29)*O73+(D11/D$29)*O74+(D12/D$29)*O75+(D13/D$29)*O76+(D14/D$29)*O77+(D15/D$29)*O78+(D16/D$29)*O79+(D17/D$29)*O80+(D18/D$29)*O81+(D19/D$29)*O82+(D20/D$29)*O83+(D21/D$29)*O84+(D22/D$29)*O85+(D23/D$29)*O86+(D24/D$29)*O87+(D25/D$29)*O88+(D26/D$29)*O89+(D27/D$29)*O90+(D28/D$29)*O91 -> #DIV/0! | P92: =(E5/E$29)*P68+(E6/E$29)*P69+(E7/E$29)*P70+(E8/E$29)*P71+(E9/E$29)*P72+(E10/E$29)*P73+(E11/E$29)*P74+(E12/E$29)*P75+(E13/E$29)*P76+(E14/E$29)*P77+(E15/E$29)*P78+(E16/E$29)*P79+(E17/E$29)*P80+(E18/E$29)*P81+(E19/E$29)*P82+(E20/E$29)*P83+(E21/E$29)*P84+(E22/E$29)*P85+(E23/E$29)*P86+(E24/E$29)*P87+(E25/E$29)*P88+(E26/E$29)*P89+(E27/E$29)*P90+(E28/E$29)*P91 -> #DIV/0! | Q92: =(F5/F$29)*Q68+(F6/F$29)*Q69+(F7/F$29)*Q70+(F8/F$29)*Q71+(F9/F$29)*Q72+(F10/F$29)*Q73+(F11/F$29)*Q74+(F12/F$29)*Q75+(F13/F$29)*Q76+(F14/F$29)*Q77+(F15/F$29)*Q78+(F16/F$29)*Q79+(F17/F$29)*Q80+(F18/F$29)*Q81+(F19/F$29)*Q82+(F20/F$29)*Q83+(F21/F$29)*Q84+(F22/F$29)*Q85+(F23/F$29)*Q86+(F24/F$29)*Q87+(F25/F$29)*Q88+(F26/F$29)*Q89+(F27/F$29)*Q90+(F28/F$29)*Q91 -> #DIV/0! | R92: =(G5/G$29)*R68+(G6/G$29)*R69+(G7/G$29)*R70+(G8/G$29)*R71+(G9/G$29)*R72+(G10/G$29)*R73+(G11/G$29)*R74+(G12/G$29)*R75+(G13/G$29)*R76+(G14/G$29)*R77+(G15/G$29)*R78+(G16/G$29)*R79+(G17/G$29)*R80+(G18/G$29)*R81+(G19/G$29)*R82+(G20/G$29)*R83+(G21/G$29)*R84+(G22/G$29)*R85+(G23/G$29)*R86+(G24/G$29)*R87+(G25/G$29)*R88+(G26/G$29)*R89+(G27/G$29)*R90+(G28/G$29)*R91 -> #DIV/0! | S92: =(H5/H$29)*S68+(H6/H$29)*S69+(H7/H$29)*S70+(H8/H$29)*S71+(H9/H$29)*S72+(H10/H$29)*S73+(H11/H$29)*S74+(H12/H$29)*S75+(H13/H$29)*S76+(H14/H$29)*S77+(H15/H$29)*S78+(H16/H$29)*S79+(H17/H$29)*S80+(H18/H$29)*S81+(H19/H$29)*S82+(H20/H$29)*S83+(H21/H$29)*S84+(H22/H$29)*S85+(H23/H$29)*S86+(H24/H$29)*S87+(H25/H$29)*S88+(H26/H$29)*S89+(H27/H$29)*S90+(H28/H$29)*S91 -> #DIV/0! | T92: =(I5/I$29)*T68+(I6/I$29)*T69+(I7/I$29)*T70+(I8/I$29)*T71+(I9/I$29)*T72+(I10/I$29)*T73+(I11/I$29)*T74+(I12/I$29)*T75+(I13/I$29)*T76+(I14/I$29)*T77+(I15/I$29)*T78+(I16/I$29)*T79+(I17/I$29)*T80+(I18/I$29)*T81+(I19/I$29)*T82+(I20/I$29)*T83+(I21/I$29)*T84+(I22/I$29)*T85+(I23/I$29)*T86+(I24/I$29)*T87+(I25/I$29)*T88+(I26/I$29)*T89+(I27/I$29)*T90+(I28/I$29)*T91 -> #DIV/0! | U92: =(J5/J$29)*U68+(J6/J$29)*U69+(J7/J$29)*U70+(J8/J$29)*U71+(J9/J$29)*U72+(J10/J$29)*U73+(J11/J$29)*U74+(J12/J$29)*U75+(J13/J$29)*U76+(J14/J$29)*U77+(J15/J$29)*U78+(J16/J$29)*U79+(J17/J$29)*U80+(J18/J$29)*U81+(J19/J$29)*U82+(J20/J$29)*U83+(J21/J$29)*U84+(J22/J$29)*U85+(J23/J$29)*U86+(J24/J$29)*U87+(J25/J$29)*U88+(J26/J$29)*U89+(J27/J$29)*U90+(J28/J$29)*U91 -> #DIV/0! | ... X92: =(M5/M$29)*X68+(M6/M$29)*X69+(M7/M$29)*X70+(M8/M$29)*X71+(M9/M$29)*X72+(M10/M$29)*X73+(M11/M$29)*X74+(M12/M$29)*X75+(M13/M$29)*X76+(M14/M$29)*X77+(M15/M$29)*X78+(M16/M$29)*X79+(M17/M$29)*X80+(M18/M$29)*X81+(M19/M$29)*X82+(M20/M$29)*X83+(M21/M$29)*X84+(M22/M$29)*X85+(M23/M$29)*X86+(M24/M$29)*X87+(M25/M$29)*X88+(M26/M$29)*X89+(M27/M$29)*X90+(M28/M$29)*X91 -> #DIV/0! | Y92: =(C5/C$29)*Y68+(C6/C$29)*Y69+(C7/C$29)*Y70+(C8/C$29)*Y71+(C9/C$29)*Y72+(C10/C$29)*Y73+(C11/C$29)*Y74+(C12/C$29)*Y75+(C13/C$29)*Y76+(C14/C$29)*Y77+(C15/C$29)*Y78+(C16/C$29)*Y79+(C17/C$29)*Y80+(C18/C$29)*Y81+(C19/C$29)*Y82+(C20/C$29)*Y83+(C21/C$29)*Y84+(C22/C$29)*Y85+(C23/C$29)*Y86+(C24/C$29)*Y87+(C25/C$29)*Y88+(C26/C$29)*Y89+(C27/C$29)*Y90+(C28/C$29)*Y91 -> #DIV/0! | Z92: =(D5/D$29)*Z68+(D6/D$29)*Z69+(D7/D$29)*Z70+(D8/D$29)*Z71+(D9/D$29)*Z72+(D10/D$29)*Z73+(D11/D$29)*Z74+(D12/D$29)*Z75+(D13/D$29)*Z76+(D14/D$29)*Z77+(D15/D$29)*Z78+(D16/D$29)*Z79+(D17/D$29)*Z80+(D18/D$29)*Z81+(D19/D$29)*Z82+(D20/D$29)*Z83+(D21/D$29)*Z84+(D22/D$29)*Z85+(D23/D$29)*Z86+(D24/D$29)*Z87+(D25/D$29)*Z88+(D26/D$29)*Z89+(D27/D$29)*Z90+(D28/D$29)*Z91 -> #DIV/0! | AA92: =(E5/E$29)*AA68+(E6/E$29)*AA69+(E7/E$29)*AA70+(E8/E$29)*AA71+(E9/E$29)*AA72+(E10/E$29)*AA73+(E11/E$29)*AA74+(E12/E$29)*AA75+(E13/E$29)*AA76+(E14/E$29)*AA77+(E15/E$29)*AA78+(E16/E$29)*AA79+(E17/E$29)*AA80+(E18/E$29)*AA81+(E19/E$29)*AA82+(E20/E$29)*AA83+(E21/E$29)*AA84+(E22/E$29)*AA85+(E23/E$29)*AA86+(E24/E$29)*AA87+(E25/E$29)*AA88+(E26/E$29)*AA89+(E27/E$29)*AA90+(E28/E$29)*AA91 -> #DIV/0! | AB92: =(F5/F$29)*AB68+(F6/F$29)*AB69+(F7/F$29)*AB70+(F8/F$29)*AB71+(F9/F$29)*AB72+(F10/F$29)*AB73+(F11/F$29)*AB74+(F12/F$29)*AB75+(F13/F$29)*AB76+(F14/F$29)*AB77+(F15/F$29)*AB78+(F16/F$29)*AB79+(F17/F$29)*AB80+(F18/F$29)*AB81+(F19/F$29)*AB82+(F20/F$29)*AB83+(F21/F$29)*AB84+(F22/F$29)*AB85+(F23/F$29)*AB86+(F24/F$29)*AB87+(F25/F$29)*AB88+(F26/F$29)*AB89+(F27/F$29)*AB90+(F28/F$29)*AB91 -> #DIV/0! | AC92: =(G5/G$29)*AC68+(G6/G$29)*AC69+(G7/G$29)*AC70+(G8/G$29)*AC71+(G9/G$29)*AC72+(G10/G$29)*AC73+(G11/G$29)*AC74+(G12/G$29)*AC75+(G13/G$29)*AC76+(G14/G$29)*AC77+(G15/G$29)*AC78+(G16/G$29)*AC79+(G17/G$29)*AC80+(G18/G$29)*AC81+(G19/G$29)*AC82+(G20/G$29)*AC83+(G21/G$29)*AC84+(G22/G$29)*AC85+(G23/G$29)*AC86+(G24/G$29)*AC87+(G25/G$29)*AC88+(G26/G$29)*AC89+(G27/G$29)*AC90+(G28/G$29)*AC91 -> #DIV/0! | AD92: =(H5/H$29)*AD68+(H6/H$29)*AD69+(H7/H$29)*AD70+(H8/H$29)*AD71+(H9/H$29)*AD72+(H10/H$29)*AD73+(H11/H$29)*AD74+(H12/H$29)*AD75+(H13/H$29)*AD76+(H14/H$29)*AD77+(H15/H$29)*AD78+(H16/H$29)*AD79+(H17/H$29)*AD80+(H18/H$29)*AD81+(H19/H$29)*AD82+(H20/H$29)*AD83+(H21/H$29)*AD84+(H22/H$29)*AD85+(H23/H$29)*AD86+(H24/H$29)*AD87+(H25/H$29)*AD88+(H26/H$29)*AD89+(H27/H$29)*AD90+(H28/H$29)*AD91 -> #DIV/0! | AE92: =(I5/I$29)*AE68+(I6/I$29)*AE69+(I7/I$29)*AE70+(I8/I$29)*AE71+(I9/I$29)*AE72+(I10/I$29)*AE73+(I11/I$29)*AE74+(I12/I$29)*AE75+(I13/I$29)*AE76+(I14/I$29)*AE77+(I15/I$29)*AE78+(I16/I$29)*AE79+(I17/I$29)*AE80+(I18/I$29)*AE81+(I19/I$29)*AE82+(I20/I$29)*AE83+(I21/I$29)*AE84+(I22/I$29)*AE85+(I23/I$29)*AE86+(I24/I$29)*AE87+(I25/I$29)*AE88+(I26/I$29)*AE89+(I27/I$29)*AE90+(I28/I$29)*AE91 -> #DIV/0! | AF92: =(J5/J$29)*AF68+(J6/J$29)*AF69+(J7/J$29)*AF70+(J8/J$29)*AF71+(J9/J$29)*AF72+(J10/J$29)*AF73+(J11/J$29)*AF74+(J12/J$29)*AF75+(J13/J$29)*AF76+(J14/J$29)*AF77+(J15/J$29)*AF78+(J16/J$29)*AF79+(J17/J$29)*AF80+(J18/J$29)*AF81+(J19/J$29)*AF82+(J20/J$29)*AF83+(J21/J$29)*AF84+(J22/J$29)*AF85+(J23/J$29)*AF86+(J24/J$29)*AF87+(J25/J$29)*AF88+(J26/J$29)*AF89+(J27/J$29)*AF90+(J28/J$29)*AF91 -> #DIV/0! | ... AI92: =(M5/M$29)*AI68+(M6/M$29)*AI69+(M7/M$29)*AI70+(M8/M$29)*AI71+(M9/M$29)*AI72+(M10/M$29)*AI73+(M11/M$29)*AI74+(M12/M$29)*AI75+(M13/M$29)*AI76+(M14/M$29)*AI77+(M15/M$29)*AI78+(M16/M$29)*AI79+(M17/M$29)*AI80+(M18/M$29)*AI81+(M19/M$29)*AI82+(M20/M$29)*AI83+(M21/M$29)*AI84+(M22/M$29)*AI85+(M23/M$29)*AI86+(M24/M$29)*AI87+(M25/M$29)*AI88+(M26/M$29)*AI89+(M27/M$29)*AI90+(M28/M$29)*AI91 -> #DIV/0! | AJ92: =C92*C63+N63*N92+Y63*Y92 -> #DIV/0! | AK92: =D92*D63+O63*O92+Z63*Z92 -> #DIV/0! | AL92: =E92*E63+P63*P92+AA63*AA92 -> #DIV/0! | AM92: =F92*F63+Q63*Q92+AB63*AB92 -> #DIV/0! | AN92: =G92*G63+R63*R92+AC63*AC92 -> #DIV/0! | AO92: =H92*H63+S63*S92+AD63*AD92 -> #DIV/0! | AP92: =I92*I63+T63*T92+AE63*AE92 -> #DIV/0! | AQ92: =J92*J63+U63*U92+AF63*AF92 -> #DIV/0! | ... AT92: =M92*M63+X63*X92+AI63*AI92 -> #DIV/0!
B96: Province | C96: Total amount of soil eroded (tons) under low land degradation scenario | N96: Total amount of soil eroded (tons) under moderate land degradation scenario | Y96: Total amount of soil eroded (tons) under severe land degradation scenario | AJ96: Total amount of soil eroded (tons)
C97: Cereals | D97: Legumes | E97: Vegetables | F97: Fruits | G97: cultivated forages | H97: Alfalafa | I97: pastoral areas | J97: Prairies | K97: Agrosylvo pastoral areas | L97: Forests and shrubs | M97: Total | N97: Cereals | O97: Legumes | P97: Vegetables | Q97: Fruits | R97: cultivated forages | S97: Alfalafa | T97: pastoral areas | U97: Prairies | V97: Agrosylvo pastoral areas | W97: Forests and shrubs | X97: Total | Y97: Cereals | Z97: Legumes | AA97: Vegetables | AB97: Fruits | AC97: cultivated forages | AD97: Alfalafa | AE97: pastoral areas | AF97: Prairies | AG97: Agrosylvo pastoral areas | AH97: Forests and shrubs | AI97: Total | AJ97: Cereals | AK97: Legumes | AL97: Vegetables | AM97: Fruits | AN97: cultivated forages | AO97: Alfalafa | AP97: pastoral areas | AQ97: Prairies | AR97: Agrosylvo pastoral areas | AS97: Forests and shrubs | AT97: Total
A98: 1 | B98: Tunis | C98: =C68*C39*C5 -> 0 | D98: =D68*D39*D5 -> 0 | E98: =E68*E39*E5 -> 0 | F98: =F68*F39*F5 -> 0 | G98: =G68*G39*G5 -> 0 | H98: =H68*H39*H5 -> 0 | I98: =I68*I39*I5 -> 0 | J98: =J68*J39*J5 -> 0 | ... L98: =L68*L39*L5 -> 0 | M98: =SUM(C98:L98) -> 0 | N98: =N68*N39*C5 -> 0 | O98: =O68*O39*D5 -> 0 | P98: =P68*P39*E5 -> 0 | Q98: =Q68*Q39*F5 -> 0 | R98: =R68*R39*G5 -> 0 | S98: =S68*S39*H5 -> 0 | T98: =T68*T39*I5 -> 0 | U98: =U68*U39*J5 -> 0 | ... W98: =W68*W39*L5 -> 0 | X98: =SUM(N98:W98) -> 0 | Y98: =Y68*Y39*C5 -> 0 | Z98: =Z68*Z39*D5 -> 0 | AA98: =AA68*AA39*E5 -> 0 | AB98: =AB68*AB39*F5 -> 0 | AC98: =AC68*AC39*G5 -> 0 | AD98: =AD68*AD39*H5 -> 0 | AE98: =AE68*AE39*I5 -> 0 | AF98: =AF68*AF39*J5 -> 0 | ... AH98: =AH68*AH39*L5 -> 0 | AI98: =SUM(Y98:AH98) -> 0 | AJ98: =C98+N98+Y98 -> 0 | AK98: =D98+O98+Z98 -> 0 | AL98: =E98+P98+AA98 -> 0 | AM98: =F98+Q98+AB98 -> 0 | AN98: =G98+R98+AC98 -> 0 | AO98: =H98+S98+AD98 -> 0 | AP98: =I98+T98+AE98 -> 0 | AQ98: =J98+U98+AF98 -> 0 | ... AS98: =L98+W98+AH98 -> 0 | AT98: =SUM(AJ98:AS98) -> 0
A99: 2 | B99: Ariana | C99: =C69*C40*C6 -> 0 | D99: =D69*D40*D6 -> 0 | E99: =E69*E40*E6 -> 0 | F99: =F69*F40*F6 -> 0 | G99: =G69*G40*G6 -> 0 | H99: =H69*H40*H6 -> 0 | I99: =I69*I40*I6 -> 0 | J99: =J69*J40*J6 -> 0 | ... L99: =L69*L40*L6 -> 0 | M99: =SUM(C99:L99) -> 0 | N99: =N69*N40*C6 -> 0 | O99: =O69*O40*D6 -> 0 | P99: =P69*P40*E6 -> 0 | Q99: =Q69*Q40*F6 -> 0 | R99: =R69*R40*G6 -> 0 | S99: =S69*S40*H6 -> 0 | T99: =T69*T40*I6 -> 0 | U99: =U69*U40*J6 -> 0 | ... W99: =W69*W40*L6 -> 0 | X99: =SUM(N99:W99) -> 0 | Y99: =Y69*Y40*C6 -> 0 | Z99: =Z69*Z40*D6 -> 0 | AA99: =AA69*AA40*E6 -> 0 | AB99: =AB69*AB40*F6 -> 0 | AC99: =AC69*AC40*G6 -> 0 | AD99: =AD69*AD40*H6 -> 0 | AE99: =AE69*AE40*I6 -> 0 | AF99: =AF69*AF40*J6 -> 0 | ... AH99: =AH69*AH40*L6 -> 0 | AI99: =SUM(Y99:AH99) -> 0 | AJ99: =C99+N99+Y99 -> 0 | AK99: =D99+O99+Z99 -> 0 | AL99: =E99+P99+AA99 -> 0 | AM99: =F99+Q99+AB99 -> 0 | AN99: =G99+R99+AC99 -> 0 | AO99: =H99+S99+AD99 -> 0 | AP99: =I99+T99+AE99 -> 0 | AQ99: =J99+U99+AF99 -> 0 | ... AS99: =L99+W99+AH99 -> 0 | AT99: =SUM(AJ99:AS99) -> 0
A100: 3 | B100: La Manouba | C100: =C70*C41*C7 -> 0 | D100: =D70*D41*D7 -> 0 | E100: =E70*E41*E7 -> 0 | F100: =F70*F41*F7 -> 0 | G100: =G70*G41*G7 -> 0 | H100: =H70*H41*H7 -> 0 | I100: =I70*I41*I7 -> 0 | J100: =J70*J41*J7 -> 0 | ... L100: =L70*L41*L7 -> 0 | M100: =SUM(C100:L100) -> 0 | N100: =N70*N41*C7 -> 0 | O100: =O70*O41*D7 -> 0 | P100: =P70*P41*E7 -> 0 | Q100: =Q70*Q41*F7 -> 0 | R100: =R70*R41*G7 -> 0 | S100: =S70*S41*H7 -> 0 | T100: =T70*T41*I7 -> 0 | U100: =U70*U41*J7 -> 0 | ... W100: =W70*W41*L7 -> 0 | X100: =SUM(N100:W100) -> 0 | Y100: =Y70*Y41*C7 -> 0 | Z100: =Z70*Z41*D7 -> 0 | AA100: =AA70*AA41*E7 -> 0 | AB100: =AB70*AB41*F7 -> 0 | AC100: =AC70*AC41*G7 -> 0 | AD100: =AD70*AD41*H7 -> 0 | AE100: =AE70*AE41*I7 -> 0 | AF100: =AF70*AF41*J7 -> 0 | ... AH100: =AH70*AH41*L7 -> 0 | AI100: =SUM(Y100:AH100) -> 0 | AJ100: =C100+N100+Y100 -> 0 | AK100: =D100+O100+Z100 -> 0 | AL100: =E100+P100+AA100 -> 0 | AM100: =F100+Q100+AB100 -> 0 | AN100: =G100+R100+AC100 -> 0 | AO100: =H100+S100+AD100 -> 0 | AP100: =I100+T100+AE100 -> 0 | AQ100: =J100+U100+AF100 -> 0 | ... AS100: =L100+W100+AH100 -> 0 | AT100: =SUM(AJ100:AS100) -> 0
A101: 4 | B101: Ben Arous | C101: =C71*C42*C8 -> 0 | D101: =D71*D42*D8 -> 0 | E101: =E71*E42*E8 -> 0 | F101: =F71*F42*F8 -> 0 | G101: =G71*G42*G8 -> 0 | H101: =H71*H42*H8 -> 0 | I101: =I71*I42*I8 -> 0 | J101: =J71*J42*J8 -> 0 | ... L101: =L71*L42*L8 -> 0 | M101: =SUM(C101:L101) -> 0 | N101: =N71*N42*C8 -> 0 | O101: =O71*O42*D8 -> 0 | P101: =P71*P42*E8 -> 0 | Q101: =Q71*Q42*F8 -> 0 | R101: =R71*R42*G8 -> 0 | S101: =S71*S42*H8 -> 0 | T101: =T71*T42*I8 -> 0 | U101: =U71*U42*J8 -> 0 | ... W101: =W71*W42*L8 -> 0 | X101: =SUM(N101:W101) -> 0 | Y101: =Y71*Y42*C8 -> 0 | Z101: =Z71*Z42*D8 -> 0 | AA101: =AA71*AA42*E8 -> 0 | AB101: =AB71*AB42*F8 -> 0 | AC101: =AC71*AC42*G8 -> 0 | AD101: =AD71*AD42*H8 -> 0 | AE101: =AE71*AE42*I8 -> 0 | AF101: =AF71*AF42*J8 -> 0 | ... AH101: =AH71*AH42*L8 -> 0 | AI101: =SUM(Y101:AH101) -> 0 | AJ101: =C101+N101+Y101 -> 0 | AK101: =D101+O101+Z101 -> 0 | AL101: =E101+P101+AA101 -> 0 | AM101: =F101+Q101+AB101 -> 0 | AN101: =G101+R101+AC101 -> 0 | AO101: =H101+S101+AD101 -> 0 | AP101: =I101+T101+AE101 -> 0 | AQ101: =J101+U101+AF101 -> 0 | ... AS101: =L101+W101+AH101 -> 0 | AT101: =SUM(AJ101:AS101) -> 0
A102: 5 | B102: Nabeul | C102: =C72*C43*C9 -> 0 | D102: =D72*D43*D9 -> 0 | E102: =E72*E43*E9 -> 0 | F102: =F72*F43*F9 -> 0 | G102: =G72*G43*G9 -> 0 | H102: =H72*H43*H9 -> 0 | I102: =I72*I43*I9 -> 0 | J102: =J72*J43*J9 -> 0 | ... L102: =L72*L43*L9 -> 0 | M102: =SUM(C102:L102) -> 0 | N102: =N72*N43*C9 -> 0 | O102: =O72*O43*D9 -> 0 | P102: =P72*P43*E9 -> 0 | Q102: =Q72*Q43*F9 -> 0 | R102: =R72*R43*G9 -> 0 | S102: =S72*S43*H9 -> 0 | T102: =T72*T43*I9 -> 0 | U102: =U72*U43*J9 -> 0 | ... W102: =W72*W43*L9 -> 0 | X102: =SUM(N102:W102) -> 0 | Y102: =Y72*Y43*C9 -> 0 | Z102: =Z72*Z43*D9 -> 0 | AA102: =AA72*AA43*E9 -> 0 | AB102: =AB72*AB43*F9 -> 0 | AC102: =AC72*AC43*G9 -> 0 | AD102: =AD72*AD43*H9 -> 0 | AE102: =AE72*AE43*I9 -> 0 | AF102: =AF72*AF43*J9 -> 0 | ... AH102: =AH72*AH43*L9 -> 0 | AI102: =SUM(Y102:AH102) -> 0 | AJ102: =C102+N102+Y102 -> 0 | AK102: =D102+O102+Z102 -> 0 | AL102: =E102+P102+AA102 -> 0 | AM102: =F102+Q102+AB102 -> 0 | AN102: =G102+R102+AC102 -> 0 | AO102: =H102+S102+AD102 -> 0 | AP102: =I102+T102+AE102 -> 0 | AQ102: =J102+U102+AF102 -> 0 | ... AS102: =L102+W102+AH102 -> 0 | AT102: =SUM(AJ102:AS102) -> 0
A103: 6 | B103: Bizerte | C103: =C73*C44*C10 -> 0 | D103: =D73*D44*D10 -> 0 | E103: =E73*E44*E10 -> 0 | F103: =F73*F44*F10 -> 0 | G103: =G73*G44*G10 -> 0 | H103: =H73*H44*H10 -> 0 | I103: =I73*I44*I10 -> 0 | J103: =J73*J44*J10 -> 0 | ... L103: =L73*L44*L10 -> 0 | M103: =SUM(C103:L103) -> 0 | N103: =N73*N44*C10 -> 0 | O103: =O73*O44*D10 -> 0 | P103: =P73*P44*E10 -> 0 | Q103: =Q73*Q44*F10 -> 0 | R103: =R73*R44*G10 -> 0 | S103: =S73*S44*H10 -> 0 | T103: =T73*T44*I10 -> 0 | U103: =U73*U44*J10 -> 0 | ... W103: =W73*W44*L10 -> 0 | X103: =SUM(N103:W103) -> 0 | Y103: =Y73*Y44*C10 -> 0 | Z103: =Z73*Z44*D10 -> 0 | AA103: =AA73*AA44*E10 -> 0 | AB103: =AB73*AB44*F10 -> 0 | AC103: =AC73*AC44*G10 -> 0 | AD103: =AD73*AD44*H10 -> 0 | AE103: =AE73*AE44*I10 -> 0 | AF103: =AF73*AF44*J10 -> 0 | ... AH103: =AH73*AH44*L10 -> 0 | AI103: =SUM(Y103:AH103) -> 0 | AJ103: =C103+N103+Y103 -> 0 | AK103: =D103+O103+Z103 -> 0 | AL103: =E103+P103+AA103 -> 0 | AM103: =F103+Q103+AB103 -> 0 | AN103: =G103+R103+AC103 -> 0 | AO103: =H103+S103+AD103 -> 0 | AP103: =I103+T103+AE103 -> 0 | AQ103: =J103+U103+AF103 -> 0 | ... AS103: =L103+W103+AH103 -> 0 | AT103: =SUM(AJ103:AS103) -> 0
A104: 7 | B104: Zaghouan | C104: =C74*C45*C11 -> 0 | D104: =D74*D45*D11 -> 0 | E104: =E74*E45*E11 -> 0 | F104: =F74*F45*F11 -> 0 | G104: =G74*G45*G11 -> 0 | H104: =H74*H45*H11 -> 0 | I104: =I74*I45*I11 -> 0 | J104: =J74*J45*J11 -> 0 | ... L104: =L74*L45*L11 -> 0 | M104: =SUM(C104:L104) -> 0 | N104: =N74*N45*C11 -> 0 | O104: =O74*O45*D11 -> 0 | P104: =P74*P45*E11 -> 0 | Q104: =Q74*Q45*F11 -> 0 | R104: =R74*R45*G11 -> 0 | S104: =S74*S45*H11 -> 0 | T104: =T74*T45*I11 -> 0 | U104: =U74*U45*J11 -> 0 | ... W104: =W74*W45*L11 -> 0 | X104: =SUM(N104:W104) -> 0 | Y104: =Y74*Y45*C11 -> 0 | Z104: =Z74*Z45*D11 -> 0 | AA104: =AA74*AA45*E11 -> 0 | AB104: =AB74*AB45*F11 -> 0 | AC104: =AC74*AC45*G11 -> 0 | AD104: =AD74*AD45*H11 -> 0 | AE104: =AE74*AE45*I11 -> 0 | AF104: =AF74*AF45*J11 -> 0 | ... AH104: =AH74*AH45*L11 -> 0 | AI104: =SUM(Y104:AH104) -> 0 | AJ104: =C104+N104+Y104 -> 0 | AK104: =D104+O104+Z104 -> 0 | AL104: =E104+P104+AA104 -> 0 | AM104: =F104+Q104+AB104 -> 0 | AN104: =G104+R104+AC104 -> 0 | AO104: =H104+S104+AD104 -> 0 | AP104: =I104+T104+AE104 -> 0 | AQ104: =J104+U104+AF104 -> 0 | ... AS104: =L104+W104+AH104 -> 0 | AT104: =SUM(AJ104:AS104) -> 0
A105: 8 | B105: Béja | C105: =C75*C46*C12 -> 0 | D105: =D75*D46*D12 -> 0 | E105: =E75*E46*E12 -> 0 | F105: =F75*F46*F12 -> 0 | G105: =G75*G46*G12 -> 0 | H105: =H75*H46*H12 -> 0 | I105: =I75*I46*I12 -> 0 | J105: =J75*J46*J12 -> 0 | ... L105: =L75*L46*L12 -> 0 | M105: =SUM(C105:L105) -> 0 | N105: =N75*N46*C12 -> 0 | O105: =O75*O46*D12 -> 0 | P105: =P75*P46*E12 -> 0 | Q105: =Q75*Q46*F12 -> 0 | R105: =R75*R46*G12 -> 0 | S105: =S75*S46*H12 -> 0 | T105: =T75*T46*I12 -> 0 | U105: =U75*U46*J12 -> 0 | ... W105: =W75*W46*L12 -> 0 | X105: =SUM(N105:W105) -> 0 | Y105: =Y75*Y46*C12 -> 0 | Z105: =Z75*Z46*D12 -> 0 | AA105: =AA75*AA46*E12 -> 0 | AB105: =AB75*AB46*F12 -> 0 | AC105: =AC75*AC46*G12 -> 0 | AD105: =AD75*AD46*H12 -> 0 | AE105: =AE75*AE46*I12 -> 0 | AF105: =AF75*AF46*J12 -> 0 | ... AH105: =AH75*AH46*L12 -> 0 | AI105: =SUM(Y105:AH105) -> 0 | AJ105: =C105+N105+Y105 -> 0 | AK105: =D105+O105+Z105 -> 0 | AL105: =E105+P105+AA105 -> 0 | AM105: =F105+Q105+AB105 -> 0 | AN105: =G105+R105+AC105 -> 0 | AO105: =H105+S105+AD105 -> 0 | AP105: =I105+T105+AE105 -> 0 | AQ105: =J105+U105+AF105 -> 0 | ... AS105: =L105+W105+AH105 -> 0 | AT105: =SUM(AJ105:AS105) -> 0
A106: 9 | B106: Jendouba | C106: =C76*C47*C13 -> 0 | D106: =D76*D47*D13 -> 0 | E106: =E76*E47*E13 -> 0 | F106: =F76*F47*F13 -> 0 | G106: =G76*G47*G13 -> 0 | H106: =H76*H47*H13 -> 0 | I106: =I76*I47*I13 -> 0 | J106: =J76*J47*J13 -> 0 | ... L106: =L76*L47*L13 -> 0 | M106: =SUM(C106:L106) -> 0 | N106: =N76*N47*C13 -> 0 | O106: =O76*O47*D13 -> 0 | P106: =P76*P47*E13 -> 0 | Q106: =Q76*Q47*F13 -> 0 | R106: =R76*R47*G13 -> 0 | S106: =S76*S47*H13 -> 0 | T106: =T76*T47*I13 -> 0 | U106: =U76*U47*J13 -> 0 | ... W106: =W76*W47*L13 -> 0 | X106: =SUM(N106:W106) -> 0 | Y106: =Y76*Y47*C13 -> 0 | Z106: =Z76*Z47*D13 -> 0 | AA106: =AA76*AA47*E13 -> 0 | AB106: =AB76*AB47*F13 -> 0 | AC106: =AC76*AC47*G13 -> 0 | AD106: =AD76*AD47*H13 -> 0 | AE106: =AE76*AE47*I13 -> 0 | AF106: =AF76*AF47*J13 -> 0 | ... AH106: =AH76*AH47*L13 -> 0 | AI106: =SUM(Y106:AH106) -> 0 | AJ106: =C106+N106+Y106 -> 0 | AK106: =D106+O106+Z106 -> 0 | AL106: =E106+P106+AA106 -> 0 | AM106: =F106+Q106+AB106 -> 0 | AN106: =G106+R106+AC106 -> 0 | AO106: =H106+S106+AD106 -> 0 | AP106: =I106+T106+AE106 -> 0 | AQ106: =J106+U106+AF106 -> 0 | ... AS106: =L106+W106+AH106 -> 0 | AT106: =SUM(AJ106:AS106) -> 0
A107: 10 | B107: Le Kef | C107: =C77*C48*C14 -> 0 | D107: =D77*D48*D14 -> 0 | E107: =E77*E48*E14 -> 0 | F107: =F77*F48*F14 -> 0 | G107: =G77*G48*G14 -> 0 | H107: =H77*H48*H14 -> 0 | I107: =I77*I48*I14 -> 0 | J107: =J77*J48*J14 -> 0 | ... L107: =L77*L48*L14 -> 0 | M107: =SUM(C107:L107) -> 0 | N107: =N77*N48*C14 -> 0 | O107: =O77*O48*D14 -> 0 | P107: =P77*P48*E14 -> 0 | Q107: =Q77*Q48*F14 -> 0 | R107: =R77*R48*G14 -> 0 | S107: =S77*S48*H14 -> 0 | T107: =T77*T48*I14 -> 0 | U107: =U77*U48*J14 -> 0 | ... W107: =W77*W48*L14 -> 0 | X107: =SUM(N107:W107) -> 0 | Y107: =Y77*Y48*C14 -> 0 | Z107: =Z77*Z48*D14 -> 0 | AA107: =AA77*AA48*E14 -> 0 | AB107: =AB77*AB48*F14 -> 0 | AC107: =AC77*AC48*G14 -> 0 | AD107: =AD77*AD48*H14 -> 0 | AE107: =AE77*AE48*I14 -> 0 | AF107: =AF77*AF48*J14 -> 0 | ... AH107: =AH77*AH48*L14 -> 0 | AI107: =SUM(Y107:AH107) -> 0 | AJ107: =C107+N107+Y107 -> 0 | AK107: =D107+O107+Z107 -> 0 | AL107: =E107+P107+AA107 -> 0 | AM107: =F107+Q107+AB107 -> 0 | AN107: =G107+R107+AC107 -> 0 | AO107: =H107+S107+AD107 -> 0 | AP107: =I107+T107+AE107 -> 0 | AQ107: =J107+U107+AF107 -> 0 | ... AS107: =L107+W107+AH107 -> 0 | AT107: =SUM(AJ107:AS107) -> 0
A108: 11 | B108: Siliana | C108: =C78*C49*C15 -> 0 | D108: =D78*D49*D15 -> 0 | E108: =E78*E49*E15 -> 0 | F108: =F78*F49*F15 -> 0 | G108: =G78*G49*G15 -> 0 | H108: =H78*H49*H15 -> 0 | I108: =I78*I49*I15 -> 0 | J108: =J78*J49*J15 -> 0 | ... L108: =L78*L49*L15 -> 0 | M108: =SUM(C108:L108) -> 0 | N108: =N78*N49*C15 -> 0 | O108: =O78*O49*D15 -> 0 | P108: =P78*P49*E15 -> 0 | Q108: =Q78*Q49*F15 -> 0 | R108: =R78*R49*G15 -> 0 | S108: =S78*S49*H15 -> 0 | T108: =T78*T49*I15 -> 0 | U108: =U78*U49*J15 -> 0 | ... W108: =W78*W49*L15 -> 0 | X108: =SUM(N108:W108) -> 0 | Y108: =Y78*Y49*C15 -> 0 | Z108: =Z78*Z49*D15 -> 0 | AA108: =AA78*AA49*E15 -> 0 | AB108: =AB78*AB49*F15 -> 0 | AC108: =AC78*AC49*G15 -> 0 | AD108: =AD78*AD49*H15 -> 0 | AE108: =AE78*AE49*I15 -> 0 | AF108: =AF78*AF49*J15 -> 0 | ... AH108: =AH78*AH49*L15 -> 0 | AI108: =SUM(Y108:AH108) -> 0 | AJ108: =C108+N108+Y108 -> 0 | AK108: =D108+O108+Z108 -> 0 | AL108: =E108+P108+AA108 -> 0 | AM108: =F108+Q108+AB108 -> 0 | AN108: =G108+R108+AC108 -> 0 | AO108: =H108+S108+AD108 -> 0 | AP108: =I108+T108+AE108 -> 0 | AQ108: =J108+U108+AF108 -> 0 | ... AS108: =L108+W108+AH108 -> 0 | AT108: =SUM(AJ108:AS108) -> 0
A109: 12 | B109: Sousse | C109: =C79*C50*C16 -> 0 | D109: =D79*D50*D16 -> 0 | E109: =E79*E50*E16 -> 0 | F109: =F79*F50*F16 -> 0 | G109: =G79*G50*G16 -> 0 | H109: =H79*H50*H16 -> 0 | I109: =I79*I50*I16 -> 0 | J109: =J79*J50*J16 -> 0 | ... L109: =L79*L50*L16 -> 0 | M109: =SUM(C109:L109) -> 0 | N109: =N79*N50*C16 -> 0 | O109: =O79*O50*D16 -> 0 | P109: =P79*P50*E16 -> 0 | Q109: =Q79*Q50*F16 -> 0 | R109: =R79*R50*G16 -> 0 | S109: =S79*S50*H16 -> 0 | T109: =T79*T50*I16 -> 0 | U109: =U79*U50*J16 -> 0 | ... W109: =W79*W50*L16 -> 0 | X109: =SUM(N109:W109) -> 0 | Y109: =Y79*Y50*C16 -> 0 | Z109: =Z79*Z50*D16 -> 0 | AA109: =AA79*AA50*E16 -> 0 | AB109: =AB79*AB50*F16 -> 0 | AC109: =AC79*AC50*G16 -> 0 | AD109: =AD79*AD50*H16 -> 0 | AE109: =AE79*AE50*I16 -> 0 | AF109: =AF79*AF50*J16 -> 0 | ... AH109: =AH79*AH50*L16 -> 0 | AI109: =SUM(Y109:AH109) -> 0 | AJ109: =C109+N109+Y109 -> 0 | AK109: =D109+O109+Z109 -> 0 | AL109: =E109+P109+AA109 -> 0 | AM109: =F109+Q109+AB109 -> 0 | AN109: =G109+R109+AC109 -> 0 | AO109: =H109+S109+AD109 -> 0 | AP109: =I109+T109+AE109 -> 0 | AQ109: =J109+U109+AF109 -> 0 | ... AS109: =L109+W109+AH109 -> 0 | AT109: =SUM(AJ109:AS109) -> 0
... A121: 24 | B121: Kébili | C121: =C91*C62*C28 -> 0 | D121: =D91*D62*D28 -> 0 | E121: =E91*E62*E28 -> 0 | F121: =F91*F62*F28 -> 0 | G121: =G91*G62*G28 -> 0 | H121: =H91*H62*H28 -> 0 | I121: =I91*I62*I28 -> 0 | J121: =J91*J62*J28 -> 0 | ... L121: =L91*L62*L28 -> 0 | M121: =SUM(C121:L121) -> 0 | N121: =N91*N62*C28 -> 0 | O121: =O91*O62*D28 -> 0 | P121: =P91*P62*E28 -> 0 | Q121: =Q91*Q62*F28 -> 0 | R121: =R91*R62*G28 -> 0 | S121: =S91*S62*H28 -> 0 | T121: =T91*T62*I28 -> 0 | U121: =U91*U62*J28 -> 0 | ... W121: =W91*W62*L28 -> 0 | X121: =SUM(N121:W121) -> 0 | Y121: =Y91*Y62*C28 -> 0 | Z121: =Z91*Z62*D28 -> 0 | AA121: =AA91*AA62*E28 -> 0 | AB121: =AB91*AB62*F28 -> 0 | AC121: =AC91*AC62*G28 -> 0 | AD121: =AD91*AD62*H28 -> 0 | AE121: =AE91*AE62*I28 -> 0 | AF121: =AF91*AF62*J28 -> 0 | ... AH121: =AH91*AH62*L28 -> 0 | AI121: =SUM(Y121:AH121) -> 0 | AJ121: =C121+N121+Y121 -> 0 | AK121: =D121+O121+Z121 -> 0 | AL121: =E121+P121+AA121 -> 0 | AM121: =F121+Q121+AB121 -> 0 | AN121: =G121+R121+AC121 -> 0 | AO121: =H121+S121+AD121 -> 0 | AP121: =I121+T121+AE121 -> 0 | AQ121: =J121+U121+AF121 -> 0 | ... AS121: =L121+W121+AH121 -> 0 | AT121: =SUM(AJ121:AS121) -> 0
